Workbook

Sheet LEGENDA
A1: CONCEITOS DA MATRIZ DE MONITORIA
A6: Planejamento das ações Devem ser inseridos os dados da Matriz de Planejameno do PAN, informando o objetivo específico, a ação, o produto, os resultados esperados, o período (data de início e data de término), o articulador, o custo estimado, os colaboradores, a localização (localidades e área de relevância) e as observações da ação.
A7: Ação | B7: Representa o que deve ser feito para alcançar o Objetivo Específico, buscando reverter as ameaças a ele associadas. As ações devem ser específicas, mensuráveis, relevantes, exequíveis e ter efeito dentro do tempo determinado para o ciclo de gestão do PAN, e estar situadas dentro da esfera de atribuições e competências dos participantes da Oficina de Planejamento.
A8: Produto | B8: Aquilo que é obtido pela realização da ação. Deve ser mensurável, tangível, comprovar a execução da ação e estar situado dentro da esfera de atribuições e competências dos participantes da Oficina de Planejamento.
A9: Resultados esperados | B9: Indica qual resultado pretende-se alcançar com a execução da ação. Diferente do produto, este item pode estar fora da esfera de atribuições e competências dos participantes da oficina e não é de preenchimento obrigatório.
A10: Período | B10: Datas de início e término da implementação da ação, sendo que o término deve estar dentro do tempo determinado para o ciclo de gestão do PAN.
A11: Articulador | B11: Pessoa responsável por articular a implementação da ação e apresentar o produto obtido. No entanto, ele não é o único responsável pela execução da ação.
A12: Colaboradores | B12: Pessoas ou instituições corresponsáveis pela execução da ação, que auxiliam nas diferentes etapas de sua implementação.
A13: Custo estimado (R$) | B13: É um campo numérico com a estimativa dos recursos financeiros necessários para a implementação da ação.
A14: Localização (Localidade) | B14: Localização geográfica onde será executada a ação durante o ciclo de gestão vigente. Geralmente, a localidade possui menor escala e está relacionada com a área de atuação do articulador e colaboradores da ação, sendo a unidade geográfica mínima o município ou a bacia/tributário onde a ação será realizada.
A15: Localização (Área de Relevância) | B15: Localização geográfica de todas as áreas importantes para a execução da ação, independente da área de atuação do articulador e colaboradores. Assim, a Área de Relevância é aquela onde a execução da ação é necessária, ainda que não seja viável no atual ciclo de gestão.
A16: Observações | B16: Informações relevantes para a execução da ação.
A17: Linha Temática | B17: É um campo para a classificação temática da ação, a partir de uma lista suspensa pré-definida. (Definição de cada linha temática abaixo)
A18: Situação atual das ações Sinaliza a situação da ação no período relativo à monitoria informando se a ação está em andamento, concluída no prazo previsto ou com problemas de realização. Descreve o andamento da ação, o produto obtido (parcial ou final), os problemas enfrentados e a(s) pessoa(s) responsável(is) pela informação sobre o andamento da ação.
A19: Ação cujo início planejado é posterior ao período monitorado | B19: São ações que estão planejadas para iniciar em uma data futura à da monitoria, e que portanto não precisam ser analisadas detalhadamente. Elas são indicadas para permitir a visualização da situação do PAN como um todo.
A20: Ação não iniciada ou não concluída | B20: Gerencialmente, significa um alerta para compreender a razão do atraso e estabelecer medidas que favoreçam a boa execução do PAN. Tanto a situação da ação cujo prazo de conclusão expirou sem que tenha sido finalizada, quanto à ação que não foi iniciada na data planejada, devem ser tratadas com atenção, indicando a necessidade de uma reformulação ou reprogramação.
A21: Ação em andamento com problemas de realização | B21: É a ação que foi iniciada e cujo prazo de conclusão ainda não expirou, mas que, de acordo com o andamento de sua execução, provavelmente não será possível concluir no prazo estipulado. Em termos de cronograma, o GAT deve compreender os problemas e propor uma reprogramação de período, maior engajamento do articulador e colaboradores, ou outras soluções que possam melhorar a execução da ação.
A22: Ação em andamento no período previsto | B22: Ação iniciada cujo prazo de conclusão ainda não expirou e, considerando o grau de execução, provavelmente será finalizada dentro do prazo estipulado. Este tipo de ação não necessita de reprogramação significativa.
A23: Ação concluída | B23: Ação finalizada, com os produtos entregues. Mostra o quanto do PAN já está concluído. Neste caso, não importará, no gráfico, se a ação atrasou ou não para ser concluída, lembrando que a memória da execução nos anos anteriores
A24: Ação excluída ou agrupada | B24: Ações que foram excluídas do PAN ou agrupadas em outras ações cujo escopo é semelhante ou mais abrangente. As ações que se enquadram nesta categoria devem indicar, na aba da matriz de monitoria, a situação que se encontravam no momento da monitoria com as cores anteriormente citadas, além de serem marcadas no campo de agrupada ou excluída. No campo de observação da reprogramação deve ser informado o motivo da exclusão/agrupamento e em qual ação ela foi agrupada (no caso de agrupamento).
A25: Ação iniciada e não concluída no período previsto | B25: Essa categoria foi criada para diferenciar, na última monitoria, as ações não iniciadas (vermelhas) das iniciadas mas não concluídas (roxas). É utilizada para ações que foram iniciadas e tiveram bom andamento durante o PAN, com a entrega de produtos intermediários, mas que não foram totalmente concluídas (o produto final não foi obtido).
A26: Novas ações | B26: Ação que foi inserida no plano de ação no momento da monitoria. Essa ação deve ser analisada e validada com o GAT e ter todas as informações previtas na matriz de planejamento (produto, resultado esperado, período, articulador, custo estimado, colaboradores, localização, área de abrangência, observações)
A27: Descrição do andamento da ação | B27: Colocar as informações de andamento da ação, como foi feito, destaques da implementação, informações relevantes do andamento da ação. Observação: lembre-se que esse campo é importante para a análise das ações e servirá como um histórico de andamento da ação
A28: Produto obtido | B28: Citar os produtos que foram obtidos durante a execução da ação. Se o produto não for o planejado, justificar a integração ou ajustar o produto no campo de reprogramação. Observação: aqui não é para descrever o produto, somente citá-lo. Os produtos devem ser inseridos no SEI.
A29: Problemas enfrentados que justificam a não execução, a execução parcial da ação, a exclusão ou o agrupamento | B29: Registrar quais foram os problemas enfrentados para execução da ação. Caso já tenha alguma sugestão para soluciona-lo, colocar no campo Recomendações ou Observações.
A30: Responsável pela informação sobre o andamento da ação | B30: Inserir quem registrou as informações de descrição, produto, problemas e recomendações.
A31: Recomendações ou Observações | B31: Informações ou sugestões relevantes para a execução da ação.
A32: Reprogramação das ações Indica as reprogramações das ações relativas à revisão de: texto da ação, produto, resultado esperado, período (data de início e data de término), articulador, estimativa de custo, colaboradores, localização (localidades e área de relevância) e recomendações gerais/observações.
A33: Revisão do texto da ação | B33: Ajuste das informações referente ao texto da ação
A34: Revisão do produto da ação | B34: Ajuste das informações referente ao produto da ação
A35: Revisão do resultado esperado | B35: Ajuste das informações referente ao resultado esperado
A36: Revisão da data de início | B36: Ajuste referente a data de início da ação
A37: Revisão da data de término | B37: Ajuste referente a data final da ação
A38: Revisão do articulador da ação | B38: Ajuste referente ao articulador da ação
A39: Revisão do custo estimado | B39: Ajuste referente ao custo estimado da ação
A40: Revisão dos colaboradores | B40: Ajustes referente aos colaboradores da ação
A41: Revisão das localidades | B41: Ajuste referente a localidade da ação
A42: Revisão Área de Relevância | B42: Ajuste referente a área de abrangência da ação
A43: Revisão das Observações | B43: Ajuste referente às observações da ação
A44: Revisão da Linha Temática | B44: Ajuste referente à classificação temática da ação
A45: LINHAS TEMÁTICAS
A46: Capacitação e EA | B46: Capacitação: Processo de aprendizagem, que visa contribuir para o desenvolvimento de competências. (Adaptado do PNDP, 2006); Educação ambiental: práticas voltadas à sensibilização da coletividade sobre as questões ambientais, formação de multiplicadores e engajamento em prol do meio ambiente (PNEA - Lei nº 9795/1999)
A47: Comunicação e Divulgação | B47: Ações voltadas para difundir, promover ou publicar assuntos relacionados ao PAN, tornando-os acessíveis para o público em geral.
A48: Espécies Exóticas Invasoras | B48: Atividades que envolvem prevenção, detecção, controle ou erradicação de espécie exótica cuja introdução ou dispersão ameaça a diversidade biológica. Como espécie exótica entende-se espécie, subespécie ou táxon de hierarquia inferior ocorrendo fora de sua área de distribuição natural, incluindo qualquer parte do indivíduo que possa sobreviver e reproduzir-se, como gametas, sementes, ovos ou propágulos (IN ICMBio Nº 6/2019).
A49: Financiamento | B49: Identificação de fontes de captação de recursos financeiros para execução das ações.
A50: Fiscalização | B50: Controle e vigilância destinados a impedir estabelecimento ou continuidade de atividades consideradas lesivas ao meio ambiente ou em desconformidade com que foi autorizado. (IAP – Instituto Ambiental do Paraná).
A51: Gestão da Informação | B51: Geração, organização, disponibilização e análise de dados sobre biodiversidade.
A52: Licenciamento | B52: Proposição de medidas facilitadoras, mitigadoras ou compensatórias relacionadas ao processo de licenciamento ambiental.
A53: Manejo de Habitat | B53: Atividades relacionadas à recuperação, manutenção, restauração ou conectividade de ambientes naturais.
A54: Manejo ex situ | B54: Intervenção sobre espécimes da fauna em ambiente controlado sob interferência e cuidado humano com a finalidade de manter e/ou reproduzir tais espécimes em cativeiro (IN ICMBio Nº 5/2021).
A55: Manejo in situ | B55: Intervenção sobre espécimes da fauna em seu habitat natural visando à manutenção e recuperação de populações viáveis (IN ICMBio Nº 5/2021).
A56: Manejo integrado | B56: Toda ação planejada visando à conservação de um táxon, que inclua a movimentação de espécimes em condição in situ e ex situ, considerando-os como uma população integrada (IN ICMBio Nº 5/2021).
A57: Normativas | B57: Proposição de elaboração, revisão ou alteração de diretrizes, regras ou normas e articulação com outros órgãos nas diferentes esferas para sua efetiva incorporação e implementação em seus instrumentos legais.
... A61: Uso Sustentável | B61: Utilização racional de componentes da biodiversidade, mantendo seu potencial para atender às necessidades das gerações presentes e futuras (Adaptado da CDB - Decreto Legislativo nº 2, de 1994) - Mitigação e melhoria em equipamentos e estrutura.

Sheet Monitoria Anual - 1
A1: PLANO DE AÇÃO NACIONAL DE CONSERVAÇÃO DE ESPÉCIES AMEAÇADAS DE EXTINÇÃO - PAN
A2: Plano de Ação Nacional para a Conservação dos Insetos Polinizadores Ameaçados de Extinção - PAN Insetos Polinizadores
A4: Objetivo geral do PAN | B4: Reduzir o risco de extinção dos insetos polinizadores, com ações integradas da sociedade civil e instituições governamentais, promovendo a conservação de seus habitats e a manutenção das funções e serviços ecossistêmicos de polinização
A6: Data da monitoria | B6: 04/03/2024 - 12/03/2024 (virtual) | AQ6: Agrupada
AQ7: Excluída
A8: PLANEJAMENTO DO PAN | O8: SITUAÇÃO ATUAL | Z8: REPROGRAMAÇÃO DO PAN
A9: OBJETIVOS ESPECÍFICOS | B9: Nº | C9: Ação | D9: Produto | E9: Resultados esperados | F9: Período | H9: Articulador | I9: Custo estimado (R$) | J9: Colaboradores | K9: Localização | M9: Observações | N9: Linha Temática | O9: Ação cujo início planejado é posterior ao período monitorado | P9: Ação não iniciada ou não concluída no prazo previsto | Q9: Ação em andamento com problemas de realização | R9: Ação em andamento no período previsto | S9: Ação concluída | T9: Ação excluída ou agrupada | U9: Descrição do andamento da ação | V9: Produto obtido | W9: Problemas enfrentados que justificam a não execução, a execução parcial da ação, a exclusão ou o agrupamento | X9: Responsável pela informação sobre o andamento da ação | Y9: Recomendações ou Observações | Z9: Revisão do texto da ação | AA9: Revisão do produto da ação | AB9: Revisão do resultado esperado | AC9: Revisão da data de início | AD9: Revisão da data de término | AE9: Revisão do articulador da ação | AF9: Revisão do custo estimado | AG9: Revisão dos colaboradores | AH9: Revisão das localidades | AI9: Revisão Área de Relevância | AJ9: Revisão das observações | AK9: Revisão da Linha Temática
F10: Início | G10: Fim | K10: Localidades | L10: Área de Relevância
A11: 1. Redução do uso e dos efeitos nocivos, diretos e indiretos, de agrotóxicos e de outras substâncias tóxicas sobre os insetos polinizadores e suas plantas associadas | B11: 1.1 | C11: Propor a inserção curricular de temas relacionados à proteção e manejo de insetos polinizadores, sua importância, melhores práticas agroambientais e uso sustentável nos cursos técnicos e superiores relacionados às ciências agrárias, da natureza, ambientais, medicina veterinária e de formação de professores | D11: Proposta encaminhada aos órgãos competentes | E11: As instituições incorporarem as temáticas relacionadas aos insetos polinizadores nos cursos técnicos e superiores | F11: 45292 | G11: 45809 | H11: André Rech (UFVJM) | I11: 0 | J11: Ponto focal NG4-Paula Calaça (FUNED); Maria Cristina Lorenzon (UFRRJ) | K11: Em todo país | L11: Todos os NGs | P11: x | AA11: Material formativo online / Módulo interdisciplinar de formação (disciplinas multiuniversidade) | AG11: Yasmine Antonini (UFOP) | AJ11: Roberta vai verificar a possibilidade de hospedar o curso na UFSCar; módulo online da A.B.E.L.H.A.?
B12: 1.2 | C12: Produzir e divulgar materiais sobre o papel dos polinizadores silvestres na agricultura, da diversificação de cultivos e a transição agroecológica, com foco na conservação dos polinizadores e na manutenção do serviço de polinização nos agroecossistemas | D12: Manual de boas práticas agroecológicas e produção orgânica; Materiais educativos, metodologias e conhecimento disponibilizados para as instituições e órgãos de ATER | E12: Maior disponibilização de informações que propiciem a conservação de polinizadores e o serviço de polinização na agricultura | F12: 44927 | G12: 45689 | H12: Kátia Braga (Embrapa Meio Ambiente) | I12: 70.000.00 | J12: Ana Luiza Bovoy (LERF-USP), Maria Cristina Lorenzon (UFRRJ) | K12: Áreas estratégicas para a conservação das espécies-alvo do PAN; SP, MG, RJ | L12: Todos os NGs | M12: Focar nas áreas prioritárias para conservação dos polinizadores (Priscilla); Auxilia a ação 1.3; O levantamento será realizado com agricultores familiares, na presença e participação de agentes de ATER, em oficinas-piloto presenciais, das quais também sairão propostas (protótipos) de materiais para sensibilização e capacitação de outros agentes das redes de ATER. Assim, a partir de demandas concretas de conhecimento sobre a temática, esses outros agentes uma vez sensibilizados e capacitados estarão aptos a sensibilizar e capacitar outros agricultores. De acordo com a natureza do conhecimento demandado, será possível definir as metodologias mais adequadas a serem empregadas para o uso dos materiais propostos pelos próprios agricultores, juntamente com os agentes de ATER. | R12: x | U12: Foram submetidos dois projeto (um em outubro de 2023 e outro em janeiro de 2024) visando a implementação desta ação. | X12: Kátia Braga | Y12: Caso nenhum dos dois projetos submetidos sejam aprovados, entendemos que não será possível a execução da ação 1.2 conforme planejada e definida inicialmente; contudo, talvez seja possível incluí-la, com alguns ajustes, junto a execução da ação 1.3, caso esta disponha de recursos que possam viabilizar pelo menos parte das "oficinas-piloto" (conforme descrito nas observações da ação 1.2). Sobre o auxilio desta ação à 1.3: o levantamento será realizado com agricultores familiares, na presença e participação de agentes de ATER, em oficinas-piloto presenciais, das quais também sairão propostas (protótipos) de materiais para sensibilização e capacitação de outros agentes das redes de ATER. Assim, a partir de demandas concretas de conhecimento sobre a temática, esses outros agentes uma vez sensibilizados e capacitados estarão aptos a sensibilizar e capacitar outros agricultores. De acordo com a natureza do conhecimento demandado, será possível definir as metodologias mais adequadas a serem empregadas para o uso dos materiais propostos pelos próprios agricultores, juntamente com os agentes de ATER. Focar nas áreas prioritárias para conservação dos polinizadores (Priscilla); O levantamento será realizado com agricultores familiares, na presença e participação de agentes de ATER, em oficinas-piloto presenciais, das quais também sairão propostas (protótipos) de materiais para sensibilização e capacitação de outros agentes das redes de ATER. Assim, a partir de demandas concretas de conhecimento sobre a temática, esses outros agentes uma vez sensibilizados e capacitados estarão aptos a sensibilizar e capacitar outros agricultores. De acordo com a natureza do conhecimento demandado, será possível definir as metodologias mais adequadas a serem empregadas para o uso dos materiais propostos pelos próprios agricultores, juntamente com os agentes de ATER. | AA12: Manual de boas práticas agroecológicas e produção orgânica associadas a conservação de polinizadores; Materiais educativos, metodologias e conhecimentos disponibilizados para as instituições e órgãos de ATER | AG12: Roberta Nocelli, Bruno Aranda (SEMIL - bharanda@sp.gov.br) | AJ12: IPESP
B13: 1.3 | C13: Apoiar a assistência técnica para capacitar os agricultores para manutenção do serviço de polinização e diminuição do uso de agrotóxicos incluindo: manejo integrado de pragas e doenças, diversificação de cultivos e a transição agroecológica | D13: Projetos de qualificação, sensibilização e capacitação de agentes de ATER; Curso de capacitação para pequenos produtores; Divulgação sobre a adoção de técnicas alternativas ao uso de agrotóxicos nos empreendimentos produtivos de larga escala, especialmente naqueles dependentes de polinizadores | E13: Diminuição do uso de agrotóxicos e utilização de práticas amigáveis aos polinizadores | F13: 45139 | G13: 46539 | H13: José Luis (Emater/MG) | I13: 150.000.00 | J13: Ponto focal NG5-Silvia Pizzol; Osmar Mosca (CATI/APAER-SP), Carolina Matos (CATI-CDRS/SAA-SP), Ana Assad (Associação A.B.E.L.H.A.), Carlos Morais (EMATER-DF) | K13: MG | L13: Todos os NGs | M13: Ver ação 1.2. Visar o aumento da rentabilidade; Colaborar com a elaboração da Política Nacional de Uso e Conservação dos Serviços de Polinização e dos Polinizadores; Capacitar também os técnicos das empresas de agrotóxicos, pois muitas vezes eles são os responsáveis pela assistência técnica aos chamados "produtores parceiros". APAER (Associação Paulista de Extensão Rural), faz parte da FASER (Federação Nacional dos Trabalhadores da Assistência Técnica, Extensão Rural e da Pesquisa do Setor Público Agrícola do Brasil); | P13: x | AG13: Trocar Osmar Mosca por Aline Bernardes Cândido dos Santos - alinebc@sp.gov.br | AJ13: Conversar com Ana Assad (projeto Observatório da Abelhas)
B14: 1.4 | C14: Incentivar estudos para proposição de zonas livres de agrotóxicos em áreas de ocorrência de insetos polinizadores ameaçados | D14: Projeto de pesquisas para definição de zonas de exclusão de agrotóxico; Editais e Chamadas para Pesquisa de zonas de exclusão de agrotóxico; | E14: Redução dos impactos causados pelos agrotóxicos | F14: 45078 | G14: 45505 | H14: Onildo Marini (CBC/ICMBio) | I14: 90.000.00 | J14: Ingrid Gruber (MAPA/SDI/CGPA) | K14: Áreas estratégicas para a conservação das espécies-alvo do PAN; Mosaicos de Unidades de Conservação da Serra do Cipó, do Quadrilátero Ferrífero e do Alto Jequitinhonha - Serra do Cabral | L14: Todos os NGs | M14: Incluir no texto da PL 6670/2016 que institui a Política Nacional de Redução de Agrotóxicos (PNARA) (prevê a criação de zonas de uso restrito e zonas livres de agrotóxicos, sobretudo perto de moradias, escolas, recursos hídricos e áreas ambientalmente protegidas), as áreas de ocorrência de insetos polinizadores ameaçados ou buscar formas para que as áreas de ocorrência de insetos polinizadores ameaçados fossem incluídas na(s) legislação(ões) pertinentes, como áreas ambientalmente protegidas; focar esforços nas classes de agrotóxicos comprovadamente danosas aos insetos polinizadores, como neonicotinóides (imidaclopride, thiametoxan, clotianidina e pirazóis (fipronil) | Q14: x | U14: A ação está sendo planejada e em breve começara execução apoiada pela bolsista do PAN, Priscilla | X14: Hannah | AD14: jan./2025 | AG14: Roberta Nocelli | AJ14: indicação de colaboração: Lídia Barreto (UNITAU); Ações envolvendo educação ambiental e comunicação, sugiro incluir o Bruno Aranda da Coordenadoria de Fauna Silvestre de SP (bharanda@sp.gob.br)
B15: 1.5 | C15: Propor e colaborar com a construção da Política Nacional de Uso e Conservação dos Serviços de Polinização e dos Polinizadores | D15: Proposta de projeto de lei com os dispositivos que foram feitos neste PAN | E15: Legilsação de proteção aos polinizadores implementada | F15: 45292 | G15: 45809 | H15: Kayna Agostini (REBIPP; UFSCAR) | I15: 0 | J15: Ponto focal NG4-André Rech (UFVJM); Ingrid Gruber (MAPA/SDI/CGPA), Marcella Teixeira (MAPA), Carolina Matos (SAA-SP), Leandro Freitas (JBRJ), Ana Assad (Associação A.B.E.L.H.A.), José Eustáquio dos Santos Júnior (AMPLO/UFMG), Tereza Cristina Giannini (Instituto Tecnológico Vale), Ana Luiza Bovoy (LERF-USP), Juliana Hipólito (UFBA) | K15: Em todo país | L15: Todos os NGs | M15: Ação transversal | R15: x | U15: Em contato com o MMA e MAPA para assinatura da Coalização do Promote Pollinators e tentando articular para marcar reuniões para tentar iniciar a articulação de uma Política Pública. Membros da REBIPP estão envolvidos nesta ação: Juliana Hipólito, Luisa Carvalheiro, Marcia Maues, Marina Wolowski e eu. | V15: Elaboração de uma carta para contato com MMA e MAPA para apresentar a importância da assinatura da Coalização do Promote Pollinator e de pensar em uma política pública | X15: Kayna Agostini | AA15: Workshop para discussão de PSA de polinização; Iniciativas oficiais direcionadas ao uso e conservação dos polinizadores (relatórios) | AG15: Silvana Back (SIMA-SP) | AJ15: Essa ação estaria "Em andamento"; a proposta já existe (REBIPP)
B16: 1.6 | C16: Incentivar estudos para proposição de parâmetros de toxicidade de metais pesados para polinizadores | D16: Relatórios com parâmetros de toxicidade de metais pesados para polinizadores definidos e encaminhados aos órgãos competentes | E16: Redução de substâncias tóxicas sobre os polinizadores | F16: 45139 | G16: 45474 | H16: Yasmine Antonini (UFOP) | I16: 0 | J16: José Eustáquio dos Santos Júnior (AMPLO/UFMG) | K16: Em todo país | L16: Todos os NGs | M16: https://br.boell.org/sites/default/files/agrotoxicos-no-brasil-mobile.pdf | R16: x | U16: Desenvolvimento de meta análises para avaliar as concentrações de metais pesados a que as abelhas estão sendo submetidas. Fase inicial, mas deverá ser desenvolvida uma primeira versão do manuscrito até setembro/2024. | X16: Yasmine Antonini | AJ16: Manuscrito esperado para setembro/outubro
B17: 1.7 | C17: Propor aos órgãos competentes um programa de monitoramento de resíduos de agrotóxicos em diferentes matrizes (solo, água, plantas) nas áreas de ocorrência das espécies focais do PAN | D17: Proposta de programa nacional de monitoramento dos acidentes de mortalidade de abelhas com análise de resíduos de agrotóxicos | E17: Programa de monitoramento implementado | F17: 44927 | G17: 45444 | H17: Roberta Nocelli (UFSCar) | I17: 0 | J17: José Eustáquio dos Santos Júnior (AMPLO/UFMG), Ana Assad (Associação A.B.E.L.H.A.), Andrigo Monroe Pereira (Eurofins), Roberto Araujo (CROPLIFE Brasil) | K17: Áreas estratégicas para a conservação das espécies-alvo do PAN | L17: Todos os NGs | M17: Colaborar com a elaboração da Política Nacional de Uso e Conservação dos Serviços de Polinização e dos Polinizadores | R17: x | X17: Roberta Nocelli | AA17: Levantamento de laboratórios para análise nos estados; elaboração de método simples de análise em campo nos estados | AD17: dez./2024 | AJ17: Roberta acredita que não consegue entregar o relatório até junho; "Em andamento". Problemas de fiscalização afeta as ações​. Para monitorar qualidade de água e ar, sugiro convidar técnicos da CETESB, pois eles já fazem esse monitoramento de rotina em algumas áreas. ​
B18: 1.8 | C18: Articular com órgãos e instituições de fomento o estímulo a editais/fontes para pesquisas científicas no campo de avaliação de impacto dos agrotóxicos e outras substâncias tóxicas sobre as populações de insetos polinizadores alvos do PAN e os recursos por eles explorados | D18: Proposta de editais de pesquisas sobre a avaliação de risco e padrões de segurança no uso de agrotóxicos, utilizando como parâmetro os efeitos letais e subletais em abelhas nativas em diversas fases de seu desenvolvimento | E18: Redução do impacto de agrotóxico sobre os insetos polinizadores | F18: 44958 | G18: 46539 | H18: Roberta Nocelli (UFSCar) | I18: 0 | J18: Pontos focais: NG3-Favízia Freitas de Oliveira (UFBA), NG4-André Rech (UFVJM), NG5-Leandro Freitas (JBRJ); Patricia Tavares (CPRH-PE), Ana Assad (Associação A.B.E.L.H.A.) | K18: Todos os NGs | L18: Todos os NGs | M18: Possíveis estudos a serem desenvolvidos: Lista dos produtos químicos mais agressivos para os insetos polinizadores para propor restrições nas áreas de ocorrência das espécies do PAN; Indicação das áreas de maior uso de agrotóxicos para propor restrições nas áreas de ocorrência das espécies do PAN; Articular o fomento a pesquisas para mapeamento da dinâmica da paisagem e do uso de agrotóxicos nas áreas de ocorrência dos insetos polinizadores alvo do PAN | Q18: x | X18: Roberta Nocelli | AA18: Levantamento e divulgação de editais abertos para proteção de insetos polinizadores; portifólio de produtos de controles biológicos e produtos menos tóxicos para controle da praga em questão | AJ18: "Em andamento"
B19: 1.9 | C19: Sistematizar as evidências de mortalidade de abelhas por agrotóxicos visando a proposição de ações de conservação | D19: Relatório com os efeitos dos agrotóxicos sobre os polinizadores | E19: Redução do uso de agrotóxicos | F19: 44927 | G19: 46054 | H19: Roberta Nocelli (UFSCar) | I19: 100.000.00 | J19: Ponto focal NG2-Favízia Freitas de Oliveira (UFBA); José Eustáquio dos Santos Júnior (AMPLO/UFMG), Alexandre Krob (Instituto Curicaca), Betina Blochtein (PUC-RS), Andrigo Monroe Pereira (Eurofins), Roberto Araujo (CROPLIFE Brasil), Carlos Morais (EMATER-DF) | K19: Em todo país | L19: Todos os NGs | M19: Produtos podem subsidiar a Política Nacional de Uso e Conservação dos Serviços de Polinização e dos Polinizadores; Compilação dos conhecimentos sobre o uso de medidas mitigadoras como o barreiramento efetivo para redução da deriva aérea de agrotóxicos (ver a lei estadual José Maria do Tomé - nº 16.820/19); Focar esforços nas classes de agrotóxicos comprovadamente danosas aos insetos polinizadores, como neonicotinóides (imidaclopride, thiametoxan, clotianidina e pirazóis (fipronil); Auxilia a ação 1.11; Subsídios para elaboração de normas para mitigação dos efeitos, a proibição ou a restrição da pulverização com agrotóxicos em áreas de interesse para a conservação e outras normas de restrição para produtos comprovados como danosos aos insetos polinizadores | Q19: x | X19: Roberta Nocelli | AA19: Observatório das abelhas do Brasil | AJ19: "Em andamento"
B20: 1.10 | C20: Avaliar as políticas atualmente existentes sobre polinizadores, serviço ecossistêmico de polinização e agrotóxicos | D20: Relatórios sobre a avaliação de eficácia das políticas existentes | F20: 44958 | G20: 45292 | H20: Ana Assad (Associação A.B.E.L.H.A.) | I20: 45.000.00 | J20: Ingrid Gruber (MAPA), Roberta Nocelli (UFSCar) | K20: Em todo país | L20: Todos os NGs | M20: Análise de impacto regulatório ex post (OCDE); análise posterior; Manual da Casa Civil | Q20: x | U20: Implantação do projeto “Observatório das Abelhas do Rio Grande do Sul”, uma parceria do Ministério Público com a ABELHA, Embrapa Meio Ambiente e empresas, por meio da assinatura de Termo de Cooperação, com o objetivo de adotar a Plataforma Oficial de Dados Agrotag-Abelhas/Embrapa como ferramenta para a mitigação de mortandades de abelhas no Estado do Rio Grande do Sul; proporcionar treinamento e apoio com infraestrutura aos órgãos de defesa agropecuária e ambiental do Estado do Rio Grande do Sul para o atendimento das ocorrências com abelhas, e o registro harmonizado das informações na Plataforma Agrotag-Abelhas; prospectar resíduos de agrotóxico (exclusivamente de Fipronil) em laboratório certificado, em casos de mortandades de abelhas no Estado do Rio Grande do Su; implementar ações de capacitação, treinamento, divulgação sobre boas práticas agrícolas e apícolas, e facilitar o diálogo entre os setores envolvidos no tema; subsidiar a formulação e ampliação de políticas públicas para conservação de abelhas no Estado do Rio Grande do Sul, a partir dos dados da Plataforma Oficial de Dados do Observatório; e fomentar e mediar a discussão com os setores envolvidos na temática, em prol da redução de mortandades de abelhas. Projeto em fase inicial de implantação. | X20: Ana Assad
B21: 1.11 | C21: Subsidiar os órgãos competentes com informações obtidas a partir das ações de pesquisa que contribuam na delimitação das áreas prioritárias e produtos para fiscalização do uso de agrotóxicos | D21: Cartilhas elaboradas; Relatórios elaborados e encaminhados aos órgãos competentes | E21: Maior proteção aos insetos polinizadores | F21: 45047 | G21: 45444 | H21: Roberta Nocelli (UFSCar) | I21: 60.000.00 | J21: Pontos focais: NG3-Favízia Freitas de Oliveira (UFBA), NG5-Leandro Freitas (JBRJ); Ingrid Gruber (MAPA), Maria Cristina Lorenzon (UFRRJ), Ana Assad (Associação A.B.E.L.H.A.) | K21: Áreas estratégicas para a conservação das espécies-alvo do PAN | L21: Todos os NGs | M21: Ver Ação 1.9; Observar que sejam atendidas as especificidades dos produtos conforme rótulo dos produtos, especialmente aquelas relacionadas ao tipo de lavoura, tipo de praga, período de aplicação (de preferência fora do período de floração da cultura), quantidade, horário e formas de aplicação | P21: x | AA21: Excluir Cartilhas elaboradas | AC21: mar./2024 | AD21: fev./2025 | AG21: Priscilla | AJ21: Articular com ação 1.4
A22: 2. Promoção da conectividade, melhoria da qualidade e restauração dos habitats, visando o aumento de populações de polinizadores e sua diversidade genética | B22: 2.1 | C22: Promover ações de educação ambiental sobre a importância da conservação dos insetos polinizadores, destacando sua função social, ambiental e econômica | D22: Relatório de Atividades de sensibilização desenvolvidas pelas Instituições proponentes da atividade; Vídeos educomunicativos; Catálogo de Conscientização sobre a importância dos polinizadores e indicação de atividades individuais: do setor produtivo e dos agentes de estado; Atividades educativas realizadas em escolas e com agentes do setor produtivo, e à distância; Documento elaborado e divulgado a respeito dos efeitos dos agrotóxicos sobre os polinizadores para quem utiliza, comercializa, prescreve e para agentes de órgãos regulatórios, fiscalizadores e conselhos profissionais); Cartilha e outros materiais técnicos pedagógicos elaborado em conjunto com as Instituições de cada Bioma de cada estado; | E22: População sensibilizada sobre a importância da conservação dos insetos polinizadores | F22: 44927 | G22: 46722 | H22: Alessandra Azevedo (SEMAS-PA) | I22: 230.000.00 | J22: Pontos focais: NG1-Marlúcia Martins (MPEG), NG4-Alexsander Azevedo (Instituto Biotrópicos), NG5-Cynira da Silva Gabriel (Consultora Independente), NG6-Kleber Del Claro (UFU); Gilson Miranda (Associação Caatinga), Aline Andrade (CEMAFAUNA/UNIVASF), Maria Cristina Vieira (Associação de RPPNs), Bruno Martins (IAT-PR), Nivia Pereira (IDEFLOR-Bio), Gustavo Feliciano (FF-SP), Carolina Matos (CATI-CDRS/SAA-SP), Alistair Campbell (Embrapa), Andressa Lima (JBRJ), Marianna Pinho (INEMA-BA), Augusto Ventura (FJPO-Campinas), Alexandre Krob (Instituto Curicaca), Amabílio Camargo (Embrapa Cerrados), Ana Claudia Silva (MPEG), Ana Luiza Bovoy (LERF-USP), Maíra Figueiredo Goulart (UFVJM), Ana Assad (Associação A.B.E.L.H.A.), Laura Braga (UFOP), Eliana Fontes (Embrapa), Carlos Morais (EMATER-DF), Felipe Saldanha (ABPEducom), Amabílio Camargo (Embrapa Cerrados), Helena Maura Torezan Silingardi (UFU), Márcia Ribeiro (Embrapa Semiárido), Karina Schmidt Furieri (UFES), Cristiano Krepsky (FJPO), Maristela Zamoner (ICTBIO/Museu Botânico Municipal de Curitiba), Carmem Pires (Embrapa) | K22: Áreas estratégicas para a conservação das espécies-alvo do PAN; PA; MG (municípios do planalto de Diamantina), Mosaico de Áreas Protegidas do Espinhaço: Alto Jequitinhonha-Serra do Cabral | L22: Todos os NGs | M22: Iniciativa Educação Ambiental; Campanhas por rádio (podcast) e redes sociais; Público alvo: produtores rurais e populações locais; considerar os PRADs e projetos de adequação ambiental das propriedades rurais; Trabalhar mídias gráficas com desenhos que facilitem a transmissão da mensagem; Catálogos digitais; campanhas no Dia mundial das abelhas; Projeto "Polinizadores do Brasil" produziu muitas informações, verificar o que pode ser divulgado; Considerar a necessidade de manter áreas livres de contaminantes nas áreas de ocorrência das espécies-alvo do PAN; Indicar o papel dos polinizadores e esclacecer sobre os estressores associados ao processo de ameaça às espécies. Discutir um canal de divulgação das leis num formato acessível e técnicas gerais, denúncias; Campanha de divulgação e integração de informações sobre práticas agroecológicas, enfatizando os benefícios da agricultura orgânica e de boas práticas agrícolas; Curso de educação ambiental, abordando a importância dos insetos polinizadores para a conservação ambiental e produção de alimentos; Campanha de reconhecimento do valor intrínseco dos polinizadores e da proteção dos serviços de polinização como um componente permanente do processo de produção agrícola; Divulgação de pesquisas sobre ganho de rendimento de culturas por insetos polinizadores na agricultura orgânica, de forma a viabilizar a produção e o consumo de seus produtos; Elaborar campanhas de informação sobre a fragilidade de restingas e manguezais e a importância desses ambientes para a qualidade de vida em cidades (NG3); Divulgação sobre a importância e o valor dos serviços ambientais associados aos insetos polinizadores e boas práticas de conservação (NG6); | R22: x | U22: 1) ações pontuais de educação ambiental, com a utilização de abordagens diversas (feira, seminário, instalação de meliponário na ARIE Mata Santa Genebra e outros abrigos individuais em diferentes áreas do município de Campinas). As ações buscam abordar sobre a importância da conservação dos insetos polinizadores, destacando sua função social, ambiental e econômica. (Augusto) 2) ações de educação ambiental sobre a importância da conservação dos insetos polinizadores (Laura) 3) apoio a clubes de ciências sobre polinizadores em escolas da rede pública (Maria Gaglianone). As ações que realizei estão ligadas diretamente às minhas atividades de pesquisa e extensão, que convergem com algumas ações do PAN (Maria G.) 4) a Secretaria de Estado onde atuo possui o programa chamado Poliniza Paraná, que visa sensibilizar e chamar a atenção da população para a importância dos insetos polinizadores (em especial das abelhas nativas sem ferrão), por meio da instalação de meliponários e jardins de mel ao redor do estado. Além disso, durante o verão são realizadas atividades educativo-ambientais com os veranistas que visitam o litoral paranaense. Parte dessas atividades envolvia a abordagem pontual de se falar sobre a importância da polinização e dos polinizadores. Esses dois exemplos podem, talvez, contribuir com o atendimento da ação 2.1 (Bruno) 5) Desenvolvemos ação de extensão através de um programa: Programa de Extensão “Nossa riqueza Natural com Ciência para Todos” envolvendo a comunidade do entorno do Pico do Jabre onde se encontra a espécie alvo do PAN no NG2, Heraclides himeros baia. Palestras, encontros para ouvir a comunidade e troca de saberes sobre polinizadores. Elaboração de cartazes de espécies polinizadoras importantes que foi afixado na casa de apoio do Pico do Jabre (Solange) | V22: 1) Educação ambiental - Heraclides himeros baia (Solange) | W22: Não consegui me envolver nas ações e também saber o que estavam sendo feitos! Posso ajudar na sensibilização sobre a importância dos insetos! Temos muitas pessoas que acompanham nosso trabalho nas redes (Gilson); As ações implementadas vieram de projetos "secundários" (não diretamente relacionados ao PAN) que conversam com as ações do PAN (Laura); Não há projeto institucional sério e nem recursos específicos para realização das ações (Augusto); Participei das reuniões iniciais, entretanto não recebi contato nem informações dos articuladores ou outros colaboradores sobre o andamento das ações e da articulação entre os atores do PAN. Coloco-me à disposição para colaborar (Maria G.) Não desenvolvi atividades diretamente relacionadas atividades relacionadas à este PAN (Bruno) A maior dificuldade é financeira. As ações que planejamos quer na área da extensão como na pesquisa esbarram na falta de dinheiro. Contamos com o transporte da universidade, o qual nem sempre é efetivo e com a parceria das prefeituras dentro de suas limitações. Mesmo assim, obtivemos ótimos resultados e resposta das comunidades. Temos a intenção de continuar com o Programa de Extensão, com a popularização da ciência e os projetos de pesquisa que nos dão subsídios para a conservação (Solange) | X22: Augusto Ventura; Gilson Miranda; Laura Braga; Maria Gaglianone; Bruno Martins; Solange Kerpel | AG22: Inserir Fabiana e Maria Gaglianone, | AJ22: Criar Formulário Online para inserção em tempo real de todas as atividades relaizadas pelos diversos colaboradores do PAN; Gustavo da APA do Carmo pediu para inserir os produtos na ação (cartilhas das espécies e outros); convidar Bruno Aranda (indicação Silvana Back)
B23: 2.2 | C23: Realizar levantamentos da ocorrência das espécies-alvo nas áreas de distribuição potencial visando sanar lacunas geográficas (identificação de novas populações) e identificar seus habitats e plantas associadas | D23: Expedições de busca de populações remanescentes de espécies ameaçadas; Relatórios sobre as expedições; Incorporação de dados obtidos pelo PAN à rede SpLink e à base de dados do PAN; Modelagem de habitat das espécies alvo do PAN | E23: Projetos de pesquisa em desenvolvimento; catálogos com mapas de distribuição das espécies | F23: 44927 | G23: 45992 | H23: Onildo Marini (CBC/ICMBio) | I23: 1.000.000.00 | J23: Pontos focais: NG1-Patricia Drumond (Embrapa); NG2-Solange Kerpel (UFCG); NG3-Helder Canto (UFV); NG4-Yasmine Antonini (UFOP); Cynira da Silva Gabriel (Consultora Independente), Fernando Dias (UEL), Fernando Silveira (UFMG), Cristiano Menezes (Embrapa), José Eustáquio (AMPLO/UFMG), Favízia Oliveira (UFBA), Bruno Martins (IAT-PR), Marlúcia Martins (MPEG), Eduarda Menezes (BOMA;UFRJ), Augusto Ventura (FJPO-Campinas), Adalberto Medeiros Dantas (LEIIC-UFCG), Jairo Lizandro Schmitt (Feevsle/Cesmac), Jessé Marques da Silva Junior Pavão (Cesmac), Aldenir Feitosa dos Santos (Cesmac), Clauton Fonseca Sampaio (IFMA), Rosileudo Guedes (UFCG), Dora Canhos (CRIA), Laura Braga (UFOP), Ana Assad (Associação A.B.E.L.H.A.), Debora Pires Paula (Embrapa Recursos Genéticos e Biotecnologia), Isabel Alencar (IFES) | K23: Áreas estratégicas para a conservação das espécies-alvo do PAN | L23: Todos os NGs | M23: Incorporação de dados obtidos pelo PAN à rede speciesLink (verificar interface API, https://api.splink.org.br) | R23: x | U23: Visita a diferentes Coleções Entomológicas da América Latina para atualização das listagens de espécies de abelhas do Brasil e atualização das informações sobre a faixa de distribuição geográfica das espécies, incluindo aquelas alvo do PAN (quais?) (Favízia); expedições em busca de espécies alvo do PAN (Joiceya praeclarus, Parides burchellanus) (Hannah); Fizemos monitoramento da população de borboletas de forma contínua em 2022, 2023 e continuamos 2024, monitorando inclusive H. himeros baia, no Pico do Jabre e em uma nova área. | W23: A maior dificuldade é financeira. As ações que planejamos quer na área da extensão como na pesquisa esbarram na falta de dinheiro. Contamos com o transporte da universidade, o qual nem sempre é efetivo e com a parceria das prefeituras dentro de suas limitações. Mesmo assim, obtivemos ótimos resultados e resposta das comunidades. Temos a intenção de continuar com o Programa de Extensão, com a popularização da ciência e os projetos de pesquisa que nos dão subsídios para a conservação (Solange) | X23: Favízia Oliveira; Hannah Cascelli; Solange Kerpel | AG23: Yasmine se propôs a colaborar com a triagem dos materiais; [Cintia Lepesqueur (ICMBio/COPAN); Neuza Silva (ICMBio/CGCON) - NG1 (DF)] | AJ23: Estamos disponíveis para apoiar pesquisadores que queriam fazer levantamentos de espécies na RPPN Reserva Natural Serra das Almas e região em Crateús CE. Disponibilizo alimentação e estadia na UC ou outras atividades que possam contribuir na região ( Gilson Miranda).
B24: 2.3 | C24: Estudar a dinâmica populacional, tamanho efetivo e genética de populações de espécies alvo do PAN visando a sua conservação | D24: Estudos de ecologia de populações de polinizadores nativos; Relatórios; Artigos | E24: Conhecimento das populações de polinizadores ameaçados | F24: 44927 | G24: 46539 | H24: José Eustáquio dos Santos Júnior (AMPLO/UFMG) | I24: 500.000.00 | J24: Fernando Dias (UEL), Aline Andrade (CEMAFAUNA/UNIVASF), Bruno Martins (IAT-PR), Andressa Lima (JBRJ) | K24: Áreas estratégicas para a conservação das espécies-alvo do PAN | L24: Todos os NGs | M24: Considerar UCs; incentivar estudos de história natural de lepidópteros para registros florais | R24: x | U24: Projeto com Parides burchellanus: amostragem do rio Maranhão. Projeto submetido e aprovado via GBB com as populações da Serra da Canastra e de Brumadinho. | X24: Onildo Marini
B25: 2.4 | C25: Identificar e mapear áreas estratégicas e monitorar a perda e alteração da qualidade de habitats para promoção da conectividade visando a manutenção de populações de insetos polinizadores | D25: Mapa com as áreas estratégicas para a conservação das espécies-alvo do PAN; Localização de áreas estratégicas para restauração ecológica objetivando a conservação das espécies alvo do PAN; Detalhamento dos mapeamentos existentes de áreas degradadas para priorização da restauração de habitats importantes para o aumento da conectividade da paisagem para as espécies de polinizadores; Relatório com as áreas importantes para monitoramento da perda e alteração da qualidade de habitats | E25: Incorporação das áreas priorizadas em políticas públicas para conservação das espécies do PAN | F25: 44927 | G25: 45261 | H25: Onildo Marini (CBC/ICMBio) | I25: 52.800.00 | J25: Aline Andrade (CEMAFAUNA/UNIVASF), Alexandre Krob (Instituto Curicaca), Kleber Del Claro (UFU), Milton Cesar Ribeiro (UNESP/Rio Claro), Fabiano Farah (Viveiro Bioflora), Marlúcia Martins (Aliança pela Restauração na Amazônia), Leandro Freitas (JBRJ;REBIPP;SPIN), Alexandre Sampaio (CBC/ICMBio), Rachel Prado (Embrapa), Julia Shimbo e Magaly Oliveira (MapBiomas) | K25: Áreas estratégicas para a conservação das espécies-alvo do PAN; região noroeste do RS; PA; PE; MG; SP | L25: Todos os NGs | M25: Considerar levantamentos florísticos de espécies melitófilas e que sejam usadas para nidificação de polinizadores nativos; Verificar MapBiomas - uso da terra e MapBiomas - Alerta | R25: x | U25: 1) Foram desenvolvidas atividades que envolveram uma oficina no Cemafauna - Universidade Federal do Vale do São Francisco, Petrolina - PE, para apresentação das ações que serão implementadas regionalmente. A oficina contou com a participação de pesquisadores nas áreas de abrangência dos estados da Bahia e Pernambuco, membros da academia científica das seguintes instituições: UNIVASF, UPE, UFRPE, UFBA e UNEB, produtores agrícolas das grandes empresas exportadoras de frutas, criadores de abelhas, gestores de unidades de conservação, analistas do ICMBio e integrantes de órgãos governamentais estaduais voltados a Fiscalização e Planos de Trabalho de Conservação. A oficina contou com a presença do coordenador do PAN Insetos Polinizadores, Dr. Onildo Marini do ICMBio. Discutidas as Unidades de Conservação que seriam contempladas e quais metodologias seriam utilizadas para o monitoramento das abelhas nestas áreas, iniciou-se a montagem do cronograma já previsto nos planos de trabalho para as ações 2.4 que versa sobre "Identificar e mapear áreas estratégicas e monitorar a perda e alteração da qualidade de habitats para promoção da conectividade visando à manutenção de populações de insetos polinizadores" e 8.5 "Estimular projetos para controle populacional das abelhas exóticas em áreas estratégicas para conservação das espécies alvo do PAN"; em que estou como articuladora regional. Entre as estratégias para execução dos trabalhos, foram solicitadas e acatadas duas bolsas de alunos PIBIC e quatro alunos como estagiários voluntários. A atividade começou a ser desenvolvida em novembro de 2023, com a presença dos alunos nas atividades realizadas em laboratório. Tais atividades envolveram a organização da coleção das abelhas do Museu de Fauna da Caatinga, tombamento do material, estudos de chaves taxonômicas, discussão de artigos sobre a Ecologia, Comportamento Animal, Efeitos da fragmentação de habitat, Morfologia e Morfofisiologia das abelhas. Neste mês vindouro, entre os dias 18 e 22 de dezembro/2023 estaremos realizando a nossa primeira expedição de campo que irá se estender até novembro de 2024. Para esta atividade contaremos com a presença de um dos integrantes do GAT e taxonomista de Abelhas, o Dr. José Eustáquio (Aline) 2) Mapas das áreas estratégicas para conservação dos insetos ameaçados de extinção foram elaborados a partir de modelos de distribuição de espécie e dados de uso do solo. Os mapas foram gerados a partir da priorização de áreas para conservação no software Zonation e os resultados foram apresentados na Oficina do GAT em maio de 2023 em Brasília. A partir das análises e discussões do grupo, os modelos e mapas foram ajustados dando origem ao resultado final. Também foram gerados mapas de áreas estratégicas para os estados parceiros do PAN: Bahia, Minas Gerais, Pará e São Paulo (Priscilla) | V25: 1) Relatório (Aline) 2) Relatório e mapas de áreas estratégicas para conservação de insetos polinizadores ameaçados de extinção - nacional e dos estados parceiros BA, MG, PA e SP (Priscilla) | W25: Alinhamento dos pedidos de materiais e diárias para início das atividades (Aline) | X25: Aline Andrade; Priscilla Barbosa | Y25: O mapa de áreas estratégicas deve ser revisado com alguma frequência (bianual), a fim de incorporar novos dados disponíveis no Salve ou nas bases de dados utilizadas nos modelos e refinar os resultados obtidos (Priscilla)
B26: 2.5 | C26: Propor a incorporação de estratégias para manutenção da conectividade de remanescentes de vegetação nativa nas paisagens agrícolas e urbanas no processo de licenciamento ambiental | D26: Proposta encaminhada aos órgãos competentes (CAR) | E26: Maior conectividade | F26: 45505 | G26: 45809 | H26: Onildo Marini (CBC/ICMBio) | I26: 0 | J26: Patrik de Oliveira Aprigio (FJPO), Marlúcia Martins (Aliança pela Restauração na Amazônia) | K26: Áreas estratégicas para a conservação das espécies-alvo do PAN; PA; SP | L26: Todos os NGs | O26: x
B27: 2.6 | C27: Propor aos órgãos competentes a adoção de medidas que possibilitem maior conectividade e diversidade de habitats para os polinizadores e a conservação de habitats nativos no licenciamento de novos empreendimentos agrícolas e na elaboração dos Zoneamentos Ecológicos Econômicos. | D27: Relatório com as áreas importantes para a manutenção da diversidade de habitats para os polinizadores alvo do PAN; Proposta encaminhada aos órgãos competentes | E27: Maior conectividade e qualidade de habitat | F27: 45292 | G27: 45627 | H27: Onildo Marini (CBC/ICMBio) | I27: 0 | J27: Marlúcia Martins (Aliança pela Restauração na Amazônia; MPEG) | K27: Áreas estratégicas para a conservação das espécies-alvo do PAN; PA; MA | L27: Todos os NGs | M27: Transversal; Essa ação depende dos produtos da 2.4; Produtos: Elaborar, articular e divulgar diretrizes para orientar o ZEE visando aumentar a conectividade entre áreas importantes para a conservação das espécies alvo; 1) Guia de Boas Práticas para planejamento territorial (orientações técnicas para o planejamento territoral) 2) Reuniões, adesões ao guia | R27: x | AC27: mar./2024 | AD27: dez./2024 | AG27: Priscilla | AJ27: Produto da ação 2.4 como base para indicação de áreas
B28: 2.7 | C28: Elaborar um programa de monitoramento populacional para espécies-alvo do PAN | D28: Programa de monitoramento elaborado (e.g. Nyceryx mielkei) | E28: Definição dos parâmetros populacionais das espécies alvo do PAN: distribuição, abundância, variação espaço/temporal nas áreas sugeridas para execução desta ação | F28: 44927 | G28: 46539 | H28: Onildo Marini (CBC/ICMBio) | I28: 1.200.000.00 | J28: Ponto focal NG2-Aline Andrade (CEMAFAUNA/UNIVASF); Fernando Dias (UEL), Fabiano Farah (Bioflora), Marlúcia Martins (MPEG) | K28: Áreas estratégicas para a conservação das espécies-alvo do PAN; NG2; Cerrado: sul do MA e sudoeste de MT. UCs: PN da Chapada das Mesas (MA), PN Iguaçú (PR), ESEC da Serra das Araras (MT); PA; PE; BA; PB; CE (Regiões do submédio São Francisco) | L28: Todos os NGs | M28: A questão da implementação deve ser reavaliada na primeira monitoria do PAN e sua forma (centralizada, descentralizada); Posteriormente, o monitoramento poderia ser realizado em áreas regeneradas | Q28: x | U28: Foram feitas duas propostas para editais de fomento para a ação. Em uma das propostas, foi sugerido um programas de monitoramento para ser executado por bolsistas e a população local, essa proposta não foi executada. Na segunda proposta, o monitoramento a ser feito seria através de técnicas moleculares de eDNA (proposta submetida, ainda não aprovada) | X28: Hannah
B29: 2.8 | C29: Desenvolver estudos para avaliar a necessidade de reintrodução nas áreas de ocupação de insetos polinizadores ameaçados | D29: Estudos realizados; Relatórios; Artigos publicados | F29: 45292 | G29: 45992 | H29: José Eustáquio dos Santos Júnior (AMPLO | UFMG) | I29: 100.000.00 | J29: Aline Andrade (CEMAFAUNA/UNIVASF) | K29: Áreas estratégicas para a conservação das espécies-alvo do PAN | L29: Todos os NGs | M29: IN. 05/2021/ - GABIN/ICMBio: Programas de Manejo Populacional de Espécies Ameaçadas da Fauna Brasileira; Melipona fuliginosa teve redução de extensão de ocorrência, com extinções locais em SP e MG, tornando-a uma potencial candidata a reintrodução nestes estados; | P29: x | AJ29: Foi indicado que essa ação comece a se desenvolver a partir da Borboleta ribeirinha (Parides burchellanus); avaliar com a Marina Beirão e o IEF-MG/Vale/ área brumadinho.
B30: 2.9 | C30: Articular o fomento para restauração de habitats das espécies alvo e beneficiadas do PAN nas áreas identificadas como importantes para sua conservação | D30: Proposta de fomento para restauração encaminhada | E30: Mais recursos disponíveis para a conservação das espécies do PAN | F30: 44927 | G30: 46478 | H30: Ana Assad (Associação A.B.E.L.H.A.) | I30: 0 | J30: Maria Cristina Vieira (Associação de RPPNs), Cynira da Silva Gabriel (Consultora Independente), Carolina Matos (CATI-CDRS/SAA-SP), Desireé SilvaKatia Torres e Alexandre Sampaio (CBC/ICMBio), Marlúcia Martins (Aliança pela Restauração na Amazônia; MPEG), Angela Podolsky e José Eduardo Testa (APAVIVA), SAA/DSMM | K30: Áreas estratégicas para a conservação das espécies-alvo do PAN; PA; SP; MG; | L30: Todos os NGs | M30: Associar ao processo de licenciamento/ compensação ambiental; ver ações 2.25 e 2.26; Utilizar na restauração espécies que forneçam recursos para os polinizadores | Q30: x | U30: Podemos iniciar a ação submetendo proposta para o banco de projetos PCMA | X30: Hannah | AC30: jan./2024 | AJ30: Ação em andamento com problemas de execução; tem projeto aceito da Patrícia em PE
B31: 2.10 | C31: Adequar os protocolos de recuperação de ambientes visando a conservação das espécies alvo do PAN | D31: Recomendações aos protocolos de restauração considerando os insetos polinizadores | E31: Melhoria da qualidade dos fragmentos de vegetação existentes | F31: 44927 | G31: 45261 | H31: Desireé Silva Katia Torres (CBC/ICMBio) | I31: 20.000.00 | J31: Maria Cristina Vieira (Associação de RPPNs), Cynira da Silva Gabriel (Consultora Independente), Carolina Matos (CATI-CDRS/SAA-SP), Ana Luiza Bovoy (LERF-USP), Patrik de Oliveira Aprigio (FJPO), Onildo Marini (CBC/ICMBio), Hannah Farinasso (CBC/ICMBio), Alexandre Sampaio (CBC/ICMBio) | K31: Áreas estratégicas para a conservação das espécies-alvo do PAN | L31: Todos os NGs | M31: Enriquecimento com espécies melitófilas/polinizadores e manejo do solo; ver Ação 2.12; Verificar diretrizes e o grupo que deve ser chamado; Avaliação da necessidade de manejo de habitat para a conservação adequada de solos, protegendo locais de nidificação de abelhas e plantas melitófilas | S31: x | U31: Ação concluída, com elaboração de calendário de floração e cartilha para conservação de insetos polinizadores. | V31: 1) Calendário de floração <https://www.gov.br/icmbio/pt-br/assuntos/biodiversidade/pan/pan-insetos-polinizadores/1-ciclo/produtos/20240327-pan-insetos-polinizadores-acao-2-10-calendario-de-floracao-cbc.pdf> 2) Cartilha de Recomendações para Conservação dos Insetos Polinizadores na Restauração do Cerrado <https://www.gov.br/icmbio/pt-br/assuntos/biodiversidade/pan/pan-insetos-polinizadores/1-ciclo/produtos/20240327-pan-insetos-polinizadores-acao-2-10-recomendacoes-conservacao-insetos-polinizadores-na-restauracao-do-cerrado.pdf>
B32: 2.11 | C32: Articular a restauração de áreas degradadas propiciando o aumento da conectividade ambiental em áreas estratégicas para conservação das espécies alvo do PAN, considerando os cenários climáticos atuais e futuros | D32: Oficina para articulação de ações de restauração ecológica com órgãos financiadores, setor produtivo atuante na conservação, pontos focais dos Estados/Municípios identificados, ONGs, Sociedade Civil; Ações de restauração promovidas nas áreas estratégicas para a conservação das espécies-alvo do PAN | E32: Ações de restauração implementadas | F32: 44927 | G32: 46539 | H32: Aline Andrade (CEMAFAUNA/UNIVASF) | I32: 8.000.000.00 | J32: Pontos focais: NG5 e NG6-Carolina Matos (SAA-SP), NG1-Marlúcia Martins (Aliança para Restauração); Josy Zarur Matos (SEMA-RS), Alexandre Krob (Instituto Curicaca), Guilherme Faganello (Embira Ambiental), Eduarda Menezes (BOMA/UFRJ), Laís Santos de Assis (FJPO), Rosana Singer (JB-SEMA/RS), Ana Luiza Bovoy (LERF-USP), Luiz Fernando Duarte de Moraes (Embrapa Agrobiologia), Gudryan Barônio (UFVJM), Leonardo Vieira (IEF-MG), Ana Rovedder (UFSM), Ana Assad (Associação A.B.E.L.H.A.), Desireé SilvaKatia Torres e Alexandre Sampaio (CBC/ICMBio) | K32: Áreas estratégicas para a conservação das espécies-alvo do PAN; PA; PE; BA; PB; CE (Regiões do submédio São Francisco); RJ; SP; MG; RS | L32: Todos os NGs | M32: Depende da ação 7.3; Ver Ações 2.4, 2.10, 2.12 e 3.3; Priorizar a utilização das espécies de flora nativa utilizadas pelos polinizadores; Colaborar com a elaboração da Política Nacional de Uso e Conservação dos Serviços de Polinização e dos Polinizadores; Incentivar práticas de restauração de ecossistemas que auxiliem na mitigação dos impactos causados pelas mudanças climáticas nos polinizadores e serviços ecossistêmicos associados (NG1, NG6); Considerar o PRA e os PRADAS ao longo do processo de adequação ambiental e o uso de espécies benéficas aos polinizadores | Q32: x | U32: Trazer o CBC para essa ação | X32: Hannah | AJ32: Ação em andamento com problemas de execução; tem projeto aceito da Patrícia em PE
B33: 2.12 | C33: Divulgar listas com as espécies nativas da flora associadas aos polinizadores e incentivar a produção destas espécies em viveiros, assim como a rede de coleta de sementes, para plantio nos projetos de restauração ecológica, formação de corredores ecológicos e uso em Sistemas Agroflorestais biodiversos | D33: Listas de espécies nativa da flora regionais recomendadas encaminhadas; Relatórios | E33: Melhoria da qualidade e restauração dos habitats; Viveiros produzindo espécies nativas; Espécies nativas sendo utilizadas em projeto de restauração ecológica, formação de corredores ecológicos e uso em sistemas agroflorestais biodiversos; | F33: 44927 | G33: 45444 | H33: Cynira da Silva Gabriel (Consultora Independente) | I33: 42.000.00 | J33: Thais de Faria e Sousa (IEF-MG), Rosana Singer (SEMA-RS), Kátia Braga (Embrapa Meio Ambiente), Laís Santos de Assis (FJPO), Fabiano Farah (Viveiro Bioflora), APAVIVA (Angela Podolsky e José Eduardo Testa), Ana Luiza Bovoy (LERF-USP), Marlúcia Martins (Aliança pela Restauração na Amazônia; MPEG) | K33: Áreas estratégicas para a conservação das espécies-alvo do PAN; NG5, NG6 | L33: Todos os NGs | M33: Ver Ação 2.10; Ver exemplo da listas de espécies regionais de SP, que permite filtros para seleção do mix de espécies mais adequado para a região; APAVIVA possui sistema de coleta de sementes a partir da matriz de FES Mata Ribeirão Cahoeira /Campinas/SP; Sistemas Agroflorestais biodiversos podem ser utilizados na Reserva Legal e na APP e que também são adotados em áreas comuns por agricultores familiares e que tem enorme potencial para manter a diversidade de polinizadores pela oferta diversificada de recursos ao longo do tempo; o plantio de muvuca de sementes também deve ser estimulado. | Q33: x | U33: A Ação 2.12 está em andamento. Ainda estamos dentro do prazo, sendo possível nos reunir virtualmente nesse ano de 2024 para traçar a melhor estratégia para elaborar a lista de espécies nativa da flora regionais recomendadas. Também seria importante buscar junto com os colaboradores para identificar e conversar com os viveiros dentro dos respectivos biomas para abraçar a ideia (Cynira); Encaminhei as demandas das ações para os gerentes do setor para que pudessem incluir as ações nas atividades do setor do IEF (Thais); tenho trabalhado em outros projetos com levantamento de espécies nativas da flora brasileira associadas aos polinizadores nativos (particularmente abelhas) e pretendo, ainda este ano, compilar e divulgar, pelo menos, parte desses dados (Kátia Braga) | W33: A Ação 2.12 está em andamento, mas não sei até onde caminhou, pois não consegui propor nenhuma reunião para o planejamento da ação para que os pontos focais e colaboradores pudessem informar o melhor caminho dentro das suas competências. Ainda estamos dentro do prazo, sendo possível nos reunir virtualmente nesse ano de 2024 para traçar a melhor estratégia para elaborar a lista de espécies nativa da flora regionais recomendadas. Também seria importante buscar junto com os colaboradores para identificar e conversar com os viveiros dentro dos respectivos biomas para abraçar a ideia. Na minha visão a ideia é que seja nacional e não apenas um ou outro estado, que cada bioma possa produzir as espécies para os projetos de restaurações, formação de corredores ecológicos e uso em sistemas agroflorestais biodiversos. (Cynira); preciso entrar em contato com os setores do IEF que poderiam me apoiar nas ações. Pois trabalho regionalmente, não estou centralizada na sede do órgão (Thais); Colocar em contato articuladores de ações que possam estão relacionadas ou podem se complementar ou possam resultar em um mesmo produto (Kátia) | X33: Cynira Gabriel; Thais Sousa; Kátia Braga | Y33: Outro produto importante e possível para esta ação seria um manual com informações sobre tais plantas (impresso e/ou virtual - compatível com o uso no celular) para agricultores e agentes de ATER que também pode ser um dos produtos da ação 1.2 da qual sou articuladora (Kátia) | AD33: mar./2025 | AG33: Ana Luiza Bovoy (mestrado); Rosana Faria Singer; Carolina Matos | AJ33: Betina e Sidia possuem a lista dos polinizadores do RS; falar com Decio Gazzoni (coordenador do livro da Embrapa de plantas escolhidas por polinizadores)
B34: 2.13 | C34: Incentivar o uso de áreas de domínio público para aumentar a conectividade de paisagens amigáveis para polinizadores | D34: Indicação de áreas para implantação de paisagens lineares amigáveis para polinizadores, incluindo UCs, APAs, e rodovias que cruzam UCs em áreas de domínio público; Programa de capacitação em ações de proteção aos polinizadores destinado às concessionárias/órgãos que gerenciam áreas urbanas, rodovias e ferrovias para aumentar a conectividade e minimizar os impactos do uso de agrotóxicos | E34: Corredores de vegetação nativa implementados em áreas de domínio público das rodovias, proporcionando aumento das conectividade de paisagens amigáveis para polinizadores | F34: 45292 | G34: 45992 | H34: Fernanda Bucci (IBAMA) | I34: 70.000.00 | J34: Maria Cristina Vieira (Associação de RPPNs), Cynira da Silva Gabriel (Consultora Independente), Carolina Matos (CATI-CDRS/SAA-SP), Patrik de Oliveira Aprigio (FJPO) | K34: Áreas estratégicas para a conservação das espécies-alvo do PAN; | L34: Todos os NGs | M34: Utilização das faixas de domínio; "...nas áreas laterais é possível o uso, o qual obedecerá às condições de segurança do trânsito estabelecidas pelo DNIT"; ver ANTT | P34: x | T34: Excluída | U34: Conflito com outros PANs; problema para mortalidade de animais em rodovias. Problemas com árvores (batidas, avifauna), proibido cultivos (perigos de batidas)​. Consenso em excluir a ação. | AJ34: Excluir
B35: 2.14 | C35: Identificar áreas para aumento da conectividade em uma escala regional nas áreas de ocorrência de espécies ameaçadas para implementação de agregados de reservas legais | D35: Relatório com áreas identificadas; mapas | E35: Identificar áreas para aumentar conectividade de habitats | F35: 44927 | G35: 45261 | H35: Leandro Tambosi (UFABC/SPIN) | I35: 52.800.00 | J35: Maria Cristina Vieira (Associação de RPPNs), Cynira da Silva Gabriel (Consultora Independente), Alexandre Krob (Instituto Curicaca), Marlúcia Martins (Aliança pela Restauração na Amazônia; MPEG), Angela Podolsky e José Eduardo Testa (APAVIVA), Bárbara Barros (Fundação Biodiversitas), Julia Shimbo e Magaly Oliveira (MapBiomas) | K35: Áreas estratégicas para a conservação das espécies-alvo do PAN; Região noroeste do RS; PA; MG; SP | L35: Todos os NGs | M35: Pode ser adotada por todos os NGs; relacionada a ação 2.4 | P35: x | U35: Verificar troca de articulador | AC35: mar./2024 | AE35: Onildo | AG35: Priscilla
B36: 2.15 | C36: Articular para que no processo de validação dos cadastros ambientais rurais, seus passivos sejam implementados visando a recomposição da vegetação e aumento da conectividade de fragmentos através de APPs nas áreas estratégicas para a conservação das espécies-alvo do PAN | D36: Relatórios de reuniões, Atas | F36: 45352 | G36: 45689 | H36: Onildo Marini (CBC/ICMBio) | I36: 0 | J36: Pontos focais: NG1-Alessandra de Azevedo (SEMAS-PA), NG4-Thais de Faria e Sousa (IEF-MG), NG5-Carolina Matos (SAA-SP); Cynira Gabriel (Consultora Independente), Alexandre Krob (Instituto Curicaca), Marlúcia Martins (Aliança pela Restauração na Amazônia; MPEG) | K36: Áreas estratégicas para a conservação das espécies-alvo do PAN; Região noroeste do RS (fronteira com SC e Argentina); PA; MG; SP | L36: Todos os NGs | M36: Ver ações 2.4 e 2.14 ; Articular o cadastramento de Reserva Legal no CAR/PRA ou cadastros estaduais equivalentes; Ação semelhante sendo articulada no PAN Lagoas do Sul. | O36: x | U36: Encaminhei as demandas das ações para os gerentes do setor para que pudessem incluir as ações nas atividades do setor do IEF. | W36: Preciso entrar em contato com os setores do IEF que poderiam me apoiar nas ações. Pois trabalho regionalmente, não estou centralizada na sede do órgão. | X36: Thais Sousa
B37: 2.16 | C37: Subsidiar a criação ou ampliação de UCs em áreas estratégicas para a manutenção de habitats naturais dos insetos polinizadores ameaçados de extinção | D37: Propostas de criação ou ampliação de UCs elaboradas e encaminhadas aos órgãos competentes | E37: UCs criadas ou ampliadas | F37: 45078 | G37: 46508 | H37: Onildo Marini (CBC/ICMBio) | I37: 200.000.00 | J37: Maria Cristina Vieira (Associação de RPPNs), Alexandre Krob (Instituto Curicaca), Rosinalva da Cunha dos Santos (IEF-MG), Marlúcia Martins (MPEG) | K37: Áreas estratégicas para a conservação das espécies-alvo do PAN; Cerrado: sul do MA e sudoeste de MT; PA; MG; Campos Sulinos | L37: Todos os NGs | M37: O produto da ação 2.4 é um subsídio importante para melhor definição e acurácia das ações de criação de UC; Proposta para criação/ampliação de áreas protegidas utilizando como base a meta 11 de Aichi para os Campos Sulinos | S37: x | U37: Propostas de criação/ampliação de Unidades de Conservação de interesse do PAN Insetos Polinizadores foram apresentadas na Oficina de Trabalho "Critérios e priorização para a criação de UCs Federais", sob coordenação da COCUC/DIMAN em janeiro de 2024 em Brasília. As propostas tiveram foco nos biomas Caatinga, Cerrado, Mata Atlântica e Pampa (Priscilla) | V37: Propostas apresentadas a COCUC e relatório (Priscilla) | W37: As propostas enviadas pelo CBC para incorporação no banco de dados da COCUC não foram incluídas a tempo da realização da Oficina e houveram problemas quanto a inclusão das informações provenientes dos PANs. As falhas foram pontuadas durante o evento para posterior ajuste e inclusão (Priscilla) | X37: Priscilla Barbosa | Y37: Foram apontadas UCs como prioridade para conclusão até 2026 e outras até 2030, portanto o resultado da ação pode passar o tempo previsto na matriz (Priscilla)
B38: 2.17 | C38: Estimular a criação ou ampliação de RPPNs para incluir os fragmentos onde ocorrem as populações de espécies-alvo protegendo áreas insubstituíveis ou integradas aos corredores ecológicos | D38: Propostas de criação e/ou ampliação de RPPNs elaboradas e encaminhadas aos órgãos competentes | E38: RPPNs criadas e/ou ampliadas | F38: 45078 | G38: 46508 | H38: Maria Cristina Vieira (Associação de RPPNs) | I38: 100.000.00 | J38: Marlúcia Martins (MPEG) | K38: Áreas estratégicas para a conservação das espécies-alvo do PAN; PA; MG | L38: Todos os NGs | P38: x
B39: 2.18 | C39: Identificar ações prioritárias do PAN e compor um cardápio para auxiliar as UCs na elaboração e revisão de Planos de Manejo, a fim de incluir medidas para conservação das espécies alvo do PAN. Produto: Cardápio de ações prioritárias do PAN distribuído para as UCs | D39: Cardápio de ações prioritárias do PAN distribuído para as UCs | E39: Planos de manejo implementados | F39: 44927 | G39: 45627 | H39: Rosinalva da Cunha dos Santos (IEF-MG) | I39: 0 | J39: Maria Cristina Vieira (Associação de RPPNs), APAVIVA (Angela Podolsky e José Eduardo Testa) | K39: Áreas estratégicas para a conservação das espécies-alvo do PAN; NG4 | L39: Todos os NGs | R39: x | AD39: mar./2025 | AJ39: "Em andamento"
B40: 2.19 | C40: Propor incentivos fiscais para empresas, propriedades rurais, produtores, associações e afins que executem ações de conservação de insetos polinizadores | D40: Proposta elaborada e encaminhada às instituições competentes | E40: Aumento no número de produtores que adotam ações de conservação de insetos polinizadores; conservação de ambiente favorável à manutenção dos insetos polinizadores; e maior contribuição dos insetos polinizadores nos serviços de polinização, melhorando a produtividade de lavouras | F40: 44927 | G40: 44958 | H40: Ingrid Gruber (MAPA/SDI/CGPA) | I40: 0 | J40: Ana Assad (Associação A.B.E.L.H.A.), Felipe Deodato da Silva e Silva (IFMT) | K40: União, Estados e Municípios | L40: Todos os NGs | M40: Previsão de manter áreas de vegetação nativa; Posteriormente poderia englobar outros mecanismos de incentivo, como linhas de crédito especiais, etc, e também incluir ações de proteção; Exemplo: redução de ITR (Imposto sobre a Propriedade Territorial Rural)?; Posteriormente, propor a criação do mecanismo de benefícios fiscais (caso o legislativo se interesse, o PAN poderá colaborá com a criação); Apoiar elaboração de projetos de lei (estaduais e municipais) para implantação de política estadual ou municipal que gere benefícios fiscais para agroecologia e produção orgânica | O40: x | U40: Verificar troca de articulador
B41: 2.20 | C41: Criar um selo de reconhecimento da adoção de práticas de proteção aos insetos polinizadores nativos | D41: Proposta elaborada e encaminhada às instituições competentes | E41: Agregar valor aos agricultores, empreendimentos e instituições, bem como aos seus produtos e serviços, pelo reconhecimento da adoção de práticas de proteção aos insetos polinizadores, demonstrando alinhamento institucional ao princípio da sustentabilidade | F41: 44927 | G41: 45323 | H41: Ingrid Gruber (MAPA/SDI/CGPA) | I41: 0 | J41: Ana Assad (Associação A.B.E.L.H.A.), Carolina Matos (CATI-CDRS/SAA-SP) | K41: Em todo o território nacional | L41: Todos os NGs | M41: Colaborar com a elaboração da Política Nacional de Uso e Conservação dos Serviços de Polinização e dos Polinizadores; Incluir concessionárias/órgãos que gerenciam áreas urbanas, rodovias e ferrovias; Articular com o DNIT; Incluir capina química; | O41: x | U41: Verificar troca de articulador | AC41: mar./2025 | AJ41: Terceirizar ação para os "Municípios amigos dos Polinizadores" - ação 4.4? Apio do Senai/MAPA?
B42: 2.21 | C42: Articular a revisão dos Planos Diretores Municipais e planejamento das UCs municipais na área de ocorrência das espécies do PAN e o seu cumprimento efetivo para a preservação de remanescentes vegetacionais nativos | D42: Relatórios elaborados; Proposta de revisão encaminhada, como inserir as ações do PAN nos processos de elaboração dos Termos de Referência de Planos Municipais | E42: Preservação de remanescentes vegetacionais nativos | F42: 45078 | G42: 45413 | H42: Onildo Marini (CBC/ICMBio) | I42: 22.500.00 | J42: Ponto focal: NG5-Paulina Arce (Borboletário de Osasco); Cynira da Silva Gabriel (Consultora Independente), Angela Podolsky e José Eduardo Testa (APAVIVA), Vânia Plaza Nunes (Fundação Serra do Japi), Luís Gustavo Perugini (UEM) | K42: Áreas estratégicas para a conservação das espécies-alvo do PAN; Cerrado: Buriti, Nobres, Porto Estrela (MT); Balsas e Feira Nova (MA) | L42: Todos os NGs | M42: Ver Ação 2.14, ordenamento do uso do território dos municípios; Ver ação 4.4; Educação Ambiental, Sensibilização; Criação de meliponários educativos e hortas orgânicas em cidades. Estimular a incorporação de ações/medidas/diretrizes para conservação das áreas nativas e/ou importantes para os insetos polinizadores nos Planos Diretores municipais | Q42: x | T42: Agrupada | U42: contribuição no Plano Diretor de Osasco (Paulina); ocorreu uma reunião entre o CBC/ICMBio e a articuladora da ação para o planejamento da execução da ação | X42: Paulina Arce | AG42: Marlúcia
B43: 2.22 | C43: Articular junto ao MP e órgãos licenciadores a adoção de medidas para mitigação, prevenção e redução dos impactos dos empreendimentos nas áreas estratégicas para a conservação das espécies-alvo do PAN | D43: Banco de projetos de medidas para mitigação; Documento com orientações técnicas encaminhadas aos órgãos licenciadores; Relatório de articulação | F43: 45078 | G43: 46539 | H43: Marianna Pinho (INEMA-BA) | I43: 0 | J43: CPRH-PE, Márcia Ribeiro (Embrapa Semiárido), Marina Beirão (UFMG) | K43: Áreas estratégicas para a conservação das espécies-alvo do PAN | L43: Todos os NGs | M43: Subsidiar com informações técnicas os órgãos licenciadores e gestores das unidades de conservação visando o estabelecimento de condicionantes, medidas mitigatórias e compensação ambiental que visem a proteção das espécies contempladas no PAN e seus habita; Considerar também os municípios e os órgãos licenciadores municipais; Obrigatoriedade de inventário e resgate de borboletas e abelhas nos processos de Licenciamento, criação de áreas de compensação para habitat de polinizadores no caso de grandes empreendimentos; https://quercus.pt/images/GuiaCidadesAmigasPolinizadores.pdf | R43: x | U43: Foi elaborado um Termo de Referência para salvamento de Abelhas Nativas sem Ferrão - ANSF, no âmbito do licenciamento ambiental de empreendimentos potencialmente degradadores ou utilizadores de recursos ambientais e nas autorizações de supressão de vegetação (Marianna P.) | V43: Termo de Referência para salvamento de Abelhas Nativas sem Ferrão - ANSF (Marianna P.) | X43: Marianna Pinho | Y43: Gostaria de indicar Adriana Casto (INEMA) e Rarison da Silva Lima e Ana Paula Santos Silva (Pólen Dourado), como colaboradora de algumas ações | AA43: Elaborar uma proposta nacional relacionada a ação 2.23 para apresentar ao CONAMA​ | AJ43: Foi elaborado um Termo de Referência para salvamento de Abelhas Nativas sem Ferrão - ANSF, no âmbito do licenciamento ambiental de empreendimentos potencialmente degradadores ou utilizadores de recursos ambientais e nas autorizações de supressão de vegetação (Marianna P.) O produto descrito pela Marianna parece mais associado a ação 2.23 (mover produto)
B44: 2.23 | C44: Propor a obrigatoriedade de levantamento e monitoramento de insetos polinizadores e de resgate de colônias de ANSF (Abelhas Nativas Sem Ferrão) nos processos de licenciamento ambiental de empreendimentos que resultem em supressão de vegetação nativa | D44: Proposta encaminhada aos órgãos competentes | F44: 45139 | G44: 45901 | H44: Silvana Back (SIMA-SP) | I44: 0 | J44: Carolina Roberta Alves de Matos (SAA/CDRS-SP) | K44: Nas áreas de ocorrência das espécies; NG5, NG6 | L44: Todos os NGs | M44: Subsidiar a translocação e soltura de polinizadores para áreas com características similares e próximas ao local do impacto; Incluir a obrigatoriedade dos municípios promoverem o resgate de enxames em árvores urbanas que caíram ou em supressões de indivíduos que o município autorizar; | Q44: x | U44: 1) A emissão de autorização de manejo de fauna no âmbito do licenciamento ambiental, está sendo repassada do Departamento de Fauna para a CETESB, desta forma, estou perdendo a governabilidade pelo tema. Entretanto, foi proposta uma portaria da Coordenadoria de Fauna Silvestre, onde prevê a possibilidade de levantamento e monitoramento da melissofauna e lepdópteros, mas exige o resgate das colmeias melissofauna. A Portaria esta em analise no gabinete da SMA/SEMIL (Silvana); 2) No aguardo do documento para encaminhamento. Sugiro que todos documentos similares tenham a assinatura do PAN/ICMBio (Patricia) | V44: Portaria submetida | W44: Estou perdendo a governabilidade pelo tema (SIlvana B.) | X44: Silvana Back; Patricia Tavares | Y44: Sugiro que seja pedida a participação da Cetesb nas ações. Atualmente o Departamento de Fauna está dentro da Coordenadoria de Fauna Silvestre, gostaria de apresentar a Matriz para outros técnicos, que teriam interesse em participar das ações (Silvana B.) | AJ44: O licenciamento ambiental estadual em SP está sendo repassado para a CETESB, assim sugestão de convidá-los para articular a ação, a fim de sensibilizá-los para a falta de ações para o grupo no âmbito do licenciamento ambiental.
B45: 2.24 | C45: Subsidiar tecnicamente ações de fiscalização ambiental em municípios chave para a conservação das espécies-alvo do PAN particularmente relacionadas à degradação de vegetação nativa | D45: Relatórios técnicos orientadores e retornos dos órgãos fiscalizadores | E45: Maior proteção aos remanescentes de vegetação nativa nas áreas estratégicas para a conservação dos polinizadores | F45: 44927 | G45: 46539 | H45: Marcelo Sauwen Cruz (IBAMA) | I45: 0 | J45: Carlos Henrique Jung Dias (IBAMA), Patricia Tavares (CPRH-PE), Marianna Pinho (INEMA-BA), Janaína Aguiar (IEF/ABEMA) | L45: Todos os NGs | M45: Usar as áreas importantes identificadas na ação 4.1; Ver o Plano Diretor de Ordenamento Territorial (PDOT) | R45: x | U45: Foi submetida uma propostas para o PLANAF relacionada a degradação de áreas provocada pela Apis mellifera | V45: Proposta de fiscalização encaminhada | X45: Hannah
B46: 2.25 | C46: Subsidiar o processo decisório para direcionar recursos da conversão de multas para conservação de áreas de ocorrência das espécies alvo do PAN e restauração de seus habitats visando o aumento da conectividade | D46: Documentos enviados; Atas de reuniões | E46: Mais recursos disponíveis para a conservação das espécies do PAN | F46: 44927 | G46: 46478 | H46: Onildo Marini (CBC/ICMBio) | I46: 0 | J46: Thais de Faria e Sousa (IEF-MG), COGEP/ICMBio (André Barbosa) | K46: Nas áreas de ocorrência das espécies | L46: Todos os NGs | M46: Articular com as OEMAs e Câmaras de Conversão de Multas | R46: x | U46: Duas propostas submetidas para o Programa Nacional de Multas Ambientais relativas as ações 2.12, 6.1, 6.2 e 6.3 (Hannah) Encaminhei as demandas das ações para os gerentes do setor para que pudessem incluir as ações nas atividades do setor do IEF (Thais) | V46: Duas propostas aprovadas na carteira de projetos do ICMBio (Hannah) | W46: preciso entrar em contato com os setores do IEF que poderiam me apoiar nas ações. Pois trabalho regionalmente, não estou centralizada na sede do órgão (Thais) | X46: Thais Sousa; Hannah
B47: 2.26 | C47: Subsidiar o processo de compensação ambiental na adoção de ações que beneficiem espécies alvo do PAN e seus habitats para redução da fragmentação e degradação de habitat | D47: Ofícios enviados; Atas de reuniões | E47: Redução da fragmentação e degradação de habitat | F47: 44927 | G47: 46478 | H47: Onildo Marini (CBC/ICMBio) | I47: 0 | J47: Thais de Faria e Sousa (IEF-MG), Júlia Zapata (DIMAN/ICMBio) | K47: Nas áreas de ocorrência das espécies | L47: Todos os NGs | M47: Ação transversal; Articular com as câmaras de compensação ambiental e conversão de multas; Proposta de ações ligadas à restauração ambiental para melhoria dos habitats dos polinizadores; criação de UCs; licenciamento | R47: x | U47: Encaminhei as demandas das ações para os gerentes do setor para que pudessem incluir as ações nas atividades do setor do IEF (Thais) | W47: preciso entrar em contato com os setores do IEF que poderiam me apoiar nas ações. Pois trabalho regionalmente, não estou centralizada na sede do órgão (Thais) | X47: Thais Sousa
A48: 3. Redução da perda e degradação de habitat relacionadas à conversão de áreas naturais para agricultura e silvicultura, especialmente monoculturas, pecuária e indústria carvoeira | B48: 3.1 | C48: Estimular a recuperação das áreas de vegetação nativa e o fomento de práticas amigáveis aos polinizadores, com ênfase em práticas agroecológicas, que propiciem a manutenção da fauna polinizadora | D48: Cartilhas, manuais encaminhados as associações de produtores rurais e órgãos de extensão rural; Seminários junto a associações e movimentos no âmbito da agroecologia e junto a sociedades científicas para a aproximação do tema; Seminários e Capacitações sobre Sistemas Agroflorestais e Agroecologia | E48: Redução da degradação de habitat | F48: 44927 | G48: 45992 | H48: Leandro Freitas (REBIPP; JBRJ) | I48: 190.000.00 | J48: Pontos focais: NG1-Marlúcia Martins (Aliança pela Restauração na Amazônia), NG2-Fabiana Oliveira da Silva (UFS), NG5-Ana Rosa de Oliveira (UFRJ); Maria Cristina Gaglianone (UENF), Eduarda Menezes (BOMA/UFRJ), Carolina Matos (CATI-CDRS/SAA-SP), Marina Castro (UEFS), Ana Luiza Bovoy (LERF-USP), Joel Leandro de Queiroga (Embrapa Meio Ambiente), André Rodrigo Rech (UFVJM) | K48: Áreas estratégicas para a conservação das espécies-alvo do PAN; PA; BA; RJ; SP; MG | L48: Todos os NGs | M48: Sistematização e identificação de lacunas de conhecimento a respeito dos temas da ação; compilação de listas de spp de plantas fornecedoras de alimento para os polinizadores; encaminhamentos das publicações encaminhadas aos órgãos de gestão; desenvolvimento de Uso de práticas de manejo de polinizadores nativos; | Q48: x | U48: As ações e produtos relatados abordam diversos componentes da biodiversidade e não apenas polinizadores, mas têm impacto direto ou indireto na conservação dos polinizadores em áreas rurais e urbanas do semiárido. (Fabiana) As ações que realizei estão ligadas diretamente às minhas atividades de pesquisa e extensão, que convergem com algumas ações do PAN. (Maria G.) | V48: 1) Elaboração de cartilhas (praticas amigáveis e biodiversidade em fazendas); (Fabiana) 2)e-books (ambiente urbano), artigo cientifico co-produção de práticas amigáveis em fazendas (no prelo) e sobre a diversidde de abelhas em cultivo de goiaba (Fabiana) 3) levantamento das interações visitantes e plantas (via ciência cidadã) (Fabiana) 4) seminários e workshops sobre a importância da biodiversidade e conservação em areas agricolas. (Fabiana) 5) promoção de cursos de extensão para agricultores sobre o papel dos polinizadores na agricultura (Maria G.) | W48: As ações e produtos relatados abordam diversos componentes da biodiversidade e não apenas polinizadores, mas têm impacto direto ou indireto na conservação dos polinizadores em áreas rurais e urbanas do semiárido (Fabiana); Participei das reuniões iniciais, entretanto não recebi contato nem informações dos articuladores ou outros colaboradores sobre o andamento das ações e da articulação entre os atores do PAN. Coloco-me à disposição para colaborar. (Maria G.) | X48: Fabiana Oliveira; Maria Gaglianone | AG48: Patrícia Tavares (projeto de reflorestamento com agrofloresta em PE) | AJ48: Ações de pesquisa - FAPERJ - e parceria com agricultores - Maria G; email para tentar articular a ação (Hannah); aproximar mais os produtos do PAN; vídeos projeto SPIN com Leandro
B49: 3.2 | C49: Promover políticas públicas que visam a adoção de sistemas agrobiodiversos como forma de aumentar a diversificação vegetal e manutenção da vegetação nativa nas áreas de produção agrícola e pecuária | D49: Relatório de articulação com CONSEMAS para adequação de instrumentos legais; Documento com uma proposta de certificação agroflorestal (obs ref: SEMA/RS); Relatório com mapeamento de experiências de agroflorestas/agroecologia apontando as iniciativas bem-sucedidas | E49: Implementação de sistemas agrobiodiversos | F49: 45139 | G49: 45901 | H49: Walter Steenbock (ICMBio/CEPSUL) | I49: 90.000.00 | J49: Ponto focal: NG3-Juliana Hipólito (UFBA); Marlúcia Martins (Aliança pela Restauração na Amazônia; MPEG), Ana Luiza Bovoy (LERF-USP), Leonardo Urruth (SEMA/RS) | K49: Áreas estratégicas para a conservação das espécies-alvo do PAN; NG1; NG2; NG5; N6; NG7 | L49: Todos os NGs | M49: Exemplo: cabrucas; Mapeamento de experiências de agroflorestas/agroecologia em possível articulação com ABA | P49: x | U49: Verificar troca de articulador | Z49: Contribuir com políticas públicas que visam a adoção de sistemas agrobiodiversos como forma de aumentar a diversificação vegetal e manutenção da vegetação nativa nas áreas de produção agrícola e pecuária | AG49: Mariana Vidal (indicação do Joel); Joel Queiroga (Embrapa)
B50: 3.3 | C50: Articular com as instituições responsáveis o ordenamento de cultivos agrícolas, pecuária e silvicultura para a manutenção da conectividade dos habitats das espécies alvo do PAN | D50: Indicação de áreas e atores para restauração de habitats degradados visando o manejo ambientalmente sustentável | F50: 44927 | G50: 45627 | H50: Carolina Matos (SAA-SP) | I50: 52.800.00 | J50: Ana Assad (A.B.E.L.H.A.) | K50: Áreas estratégicas para a conservação das espécies-alvo do PAN; NG5, NG6 | L50: Todos os NGs | M50: Articular ações com o futuro PRIM Agropecuária; articular com SRB, MAPA e SFB; Considerar o PRA e os PRADAS para a promoção dessa conectividade; Agricultores organizarem suas áreas de cultivo para não interromper a conectividade das áreas de vegetação nativa e juntas elas serem melhor aproveitadas pelos insetos polinizadores; relacionada a ação 2.6 e 2.11; considerar a pequena propriedade ou posse rural familiar | P50: x | U50: foram coletadas sugestões para o desenvolvimento da ação na oficina de instalação do GAT
A51: 4. Redução da perda e degradação de habitat relacionadas à conversão de áreas naturais para atividades urbanas, industriais e empreendimentos | B51: 4.1 | C51: Promover ações de ciência cidadã para mapear e estudar os insetos polinizadores nos remanescentes de vegetação nativa, nas áreas urbanas e no seu entorno | D51: Mapas elaborados; Relatórios; Inventários realizados; Mapeamento e monitoramento de insetos polinizadores | E51: Criação de Áreas Protegidas; Subsidiar ações de fiscalização; Promover conhecimento dos polinizadores e envolver a comunidade estudantil do local | F51: 44927 | G51: 45627 | H51: Marina Beirão (UFMG) | I51: 240.000.00 | J51: Pontos focais: NG5-Kayna Agostini (UFSCAR), NG5-Paulina Arce (Borboletário de Osasco); Cintia Lepesqueur (ICMBio/COPAN); Maria Cristina Gaglianone (UENF); Cynira Any J. S. Gabriel (Consultora Independente), Márcia Ribeiro (Embrapa Semiárido), Maristela Zamoner (ICTBIO/Museu Botânico Municipal de Curitiba), Thomaz Henrique Barrella (FJPO), Ariadna Valentina Lopes (UFPE), Marlúcia Martins (MPEG), Luis Gustavo Perugini (UEM), Fundação José Pedro de Oliveira, Marlúcia Martins (MPEG), Luís Gustavo Perugini (UEM) | K51: Áreas estratégicas para a conservação das espécies-alvo do PAN (NG1-PA, NG2, NG4, NG5, NG6, NG7) | L51: Todos os NGs | M51: Mapear e estudar os insetos polinizadores alvos do PAN nos remanescentes de vegetação nativa, nas áreas urbanas e no seu entorno; Abrangência nacional; Fazer um levantamento sistemático de informações; utilizar dados de ciência cidadã (iNaturalist, SISBIO, SpeciesLink, etc). Caso tenha recurso disponível mais pra frente, poderia fazer monitoramente de algumas áreas. Apoiar as coleções biológicas para aumento do conhecimento das espécies de polinizadores em áreas urbanas (NG5); Identificar quais espécies de polinizadores ocorrem ambientes sensíveis como as restingas (NG5); utilizar dados de ciência cidadã (iNaturalist, SISBIO, SpeciesLink, etc). | R51: x | U51: 1) Com a finalização do projeto SURPASS conseguimos desenvolver um aplicativo (Fit Count) para auxiliar nas ações de Ciência Cidadã. É necessário a elaboração das Bio Blitz para implementar a técnica (Kayna) 2) Mapas de áreas urbanas de interesse estão sendo elaborados para os NGs 3, 5 e 6. As áreas estão sendo selecionadas a partir da verificação de expansão da mancha urbana e redução das manchas de vegetação remanescente (Priscilla) 3) Fizemos palestras, exposição de animais polinizadores, oficina de observação de insetos na natureza (Solange) | V51: 1) Elaboração de uma proposta para participar do Edital de Bolsa Produtividade em Inovação e Extensão do CNPq (Kayna) 2) Mapas em fase de elaboração (Priscilla) 3) Curso de extensão universitária sobre ciência cidadã com práticas em insetos (Maria G.) 4) Práticas sobre biologia de abelhas e uso de hotéis de abelhas solitárias no Horto municipal e outras áreas da cidade (Maria G.) 5) Palestras/oficinas (Solange) | W51: 1) A proposta foi qualificada, mas não atingiu pontuação para financiamento. Entrei com recurso e estou esperando a resposta. (Kayna) 2) Dificuldades em definir critérios para mapeamento (Priscilla) 3) As ações que realizei estão ligadas diretamente às minhas atividades de pesquisa e extensão, que convergem com algumas ações do PAN. Participei das reuniões iniciais, entretanto não recebi contato nem informações dos articuladores ou outros colaboradores sobre o andamento das ações e da articulação entre os atores do PAN. Coloco-me à disposição para colaborar. (Maria G.) 4) A maior dificuldade é financeira. As ações que planejamos quer na área da extensão como na pesquisa esbarram na falta de dinheiro. Contamos com o transporte da universidade, o qual nem sempre é efetivo e com a parceria das prefeituras dentro de suas limitações. Mesmo assim, obtivemos ótimos resultados e resposta das comunidades. Temos a intenção de continuar com o Programa de Extensão, com a popularização da ciência e os projetos de pesquisa que nos dão subsídios para a conservação (Solange) | X51: Kayna Agostini; Onildo; Priscilla Barbosa; Maria Gaglianone; Solange Kerpel | Y51: Tentar envolver a Blande | AG51: Laura Braga (INMA), Bruno Aranda (SEMIL), Silvana Back (SIMA-SP) | AJ51: Kayna quer iniciar os trabalhos a partir de uma reunião; Laura Braga está trabalhando com ciência cidadã no ES
B52: 4.2 | C52: Estimular o paisagismo urbano compatível com a conservação dos polinizadores, incentivando a diversificação com plantas nativas e/ou amigáveis e evitando plantas nocivas | D52: Documento com orientações técnicas elaborado e encaminhado às prefeituras e Conselhos de Classe Profissional | E52: Manutenção ou criação de maior diversidade de habitats para os polinizadores em paisagens urbanas | F52: 45292 | G52: 45627 | H52: Kayna Agostini (REBIPP; UFSCAR) | I52: 0 | J52: Ponto focal: NG7-Luís Gustavo Perugini (UEM); Marina Beirão (UFMG); Pietro Maruyama (UFMG); Helder Consolaro (UFCAT); Cintia Lepesqueur (ICMBio/COPAN); Paulina Arce (Borboletário de Osasco); Márcia Ribeiro (Embrapa Semiárido), Carolina Matos (CATI-CDRS/SAA-SP), Dênio Pimenta Nacle (SMMA/PBH), Eduarda Menezes (BOMA/UFRJ), Ana Rosa de Oliveira (UFRJ), Fábia de Mello Pereira (Embrapa Meio-Norte), Yasmine Antonini (UFOP), Ana Luiza Bovoy (LERF-USP), Solange Kerpel (UFCG), Maria do Carmo Learth Cunha (UFCG), Rosileudo Guedes (UFCG), Maria de Fátima Araújo (UFCG), Jarcilene Silva de Almeida (UFPE), Maria Cristina Lorenzon (UFRRJ), Ana Assad (Associação A.B.E.L.H.A.), Nélia Nishihata (Arquiteta/Paisagista Autônoma), Cynira da Silva Gabriel (Consultora Independente) | L52: Todos os NGs | M52: https://quempoliniza.blog/category/polinizacao/paisagismo-amigavel-aos-polinizadores/ | R52: x | U52: 1) Eu apresentei uma proposta sobre esta temática para o edital de bolsista produtividade em inovação para o CNPq (Kayna) 2) Fizemos palestra falando das consequências das plantas exóticas e doação de mudas de espécies nativas para o público e plantio de mudas para produção de flores nas escolas, dando o título de ESCOLA AMIGA DOS POLINIZADORES” | V52: 1) Elaboração de uma proposta para participar do Edital de Bolsa Produtividade em Inovação e Extensão do CNPq (Kayna) 2) Palestras (Solange) | W52: A proposta foi qualificada, mas não atingiu pontuação para financiamento. Entrei com recurso e estou esperando a resposta (Kayna) A maior dificuldade é financeira. As ações que planejamos quer na área da extensão como na pesquisa esbarram na falta de dinheiro. Contamos com o transporte da universidade, o qual nem sempre é efetivo e com a parceria das prefeituras dentro de suas limitações. Mesmo assim, obtivemos ótimos resultados e resposta das comunidades. Temos a intenção de continuar com o Programa de Extensão, com a popularização da ciência e os projetos de pesquisa que nos dão subsídios para a conservação (Solange) | X52: Kayna Agostini; Solange Kerpel
B53: 4.3 | C53: Articular o apoio à implantação dos Planos Municipais de Mata Atlântica, subsidiando ações de conservação de insetos polinizadores | D53: Planos municipais dos municípios prioritários do PAN elaborados; Relatório de implementação dos planos | F53: 45078 | G53: 46508 | H53: Paulina Arce (Borboletário de Osasco) | I53: 260.000.00 | J53: Janaína Aguia (IEF-MG), Manuela Stein (IEF-MG), Kátia Braga (Embrapa Meio Ambiente), Ana Luiza Bovoy (LERF-USP), Maristela Zamoner (ICTBIO/Museu Botânico Municipal de Curitiba) | K53: Áreas estratégicas para a conservação das espécies-alvo do PAN (NG5, NG6, NG7) | L53: NG2; NG3; NG5; NG6; NG7 | M53: PAT do Capixaba Gerais tem uma ação semelhante, verificar interface para colaboração; https://pmma.etc.br/sobre-o-portal/ | Q53: x | AA53: Relatório de apoio à implantação dos Planos Municipais de Mata Atlântica, subsidiando ações de conservação de insetos polinizadores]​ | AJ53: Agrupar com 2.21 e transformar num produto específico - A ação permanece no OE 4; ver exemplo de Belém (Marlucia/Márcia)
B54: 4.4 | C54: Incentivar a implementação de redes de municípios amigos dos polinizadores | D54: Redes estabelecidas | E54: Maior proteção aos polinizadores | F54: 45292 | G54: 45992 | H54: Kayna Agostini (REBIPP; UFSCAR) | I54: 0 | J54: Solange Maria Kerpel (UFCG), Maria de Fátima Araújo (UFCG), Maria do Carmo Learth Cunha (UFCG), Jarcilene da Silva Almeida (UFPE), Cynira Any Jovilhana Da Silva Gabriel (Consultora Independente), Augusto Ventura (FJPO), Maria Cristina Lorenzon (UFRRJ), Ricardo Camargo (Embrapa;Amesampa) | K54: Áreas estratégicas para a conservação das espécies-alvo do PAN (NG2, NG5, NG6) | L54: Todos os NGs | M54: https://quercus.pt/images/GuiaCidadesAmigasPolinizadores.pdf (Avaliar se esse documento pode ser útil); Buscar recursos destinados de fundos ambientais para a implementação de ações destinadas à proteção dos polinizadores, como jardins educativos, corredores verdes com espécies melitófilas, substituição de espécies danosas aos polinizadores, etc (Ver ação 2.25 e 2.26) | Q54: x | U54: 1) Eu apresentei uma proposta sobre esta temática para o edital de bolsista produtividade em inovação para o CNPq (Kayna) 2) Até o momento envolvemos as escolas municipais de Matureia e Mãe d’Água dando o título de Escolas amigas dos polinizadores. Nestas escolas foram plantados jardins onde não havia nada de vegetação (Solange) | V54: 1) Elaboração de uma proposta para participar do Edital de Bolsa Produtividade em Inovação e Extensão do CNPq (Kayna) 2) " Escolas amigas dos polinizadores" (Solange) | W54: A proposta foi qualificada, mas não atingiu pontuação para financiamento. Entrei com recurso e estou esperando a resposta (Kayna); A maior dificuldade é financeira. As ações que planejamos quer na área da extensão como na pesquisa esbarram na falta de dinheiro. Contamos com o transporte da universidade, o qual nem sempre é efetivo e com a parceria das prefeituras dentro de suas limitações. Mesmo assim, obtivemos ótimos resultados e resposta das comunidades. Temos a intenção de continuar com o Programa de Extensão, com a popularização da ciência e os projetos de pesquisa que nos dão subsídios para a conservação (Solange) | X54: Kayna Agostini; Solange Kerpel | AA54: Selo "Município amigo dos Polinizadores" concedido pelo PAN através de formulários | AG54: Carol Matos; Fábia de Mello | AJ54: Participação numa reunião da ANAMA (Cynira)
A55: 5. Redução dos incêndios, controle das queimadas antrópicas e manejo adequado do fogo, a fim de minimizar os impactos negativos sobre as espécies-alvo | B55: 5.1 | C55: Mapear áreas com maiores recorrências, frequência e extensão de incêndios em áreas com ocorrência de espécies do PAN a fim de priorizar ações de prevenção e combate | D55: Mapas de áreas prioritárias para prevenção e combate a incêndios | E55: Conhecer áreas com maiores incidências de queimadas em interface com espécies do PAN | F55: 44927 | G55: 46539 | H55: Cynira Any J. S. Gabriel (Consultora Independente) | I55: 15.000.00 | J55: Ponto focal: NG4-Luiz Loureiro (ICMBio-Serra do Cipó); Sidnei Furtado (Defesa Civil - Campinas/SP), Ubirajara Oliveira (UFMG), João Paulo Morita (COIN/ICMBio), Rossano Ramos (Prevfogo/Ibama) | K55: Áreas estratégicas para a conservação das espécies-alvo do PAN; NG4 - Serra do Espinhaço | L55: NG2; NG4 | M55: MapBiomas - Fogo; SEDEC - Secretaria Nacional de Defesa Civil; SINDEC - Sistema Nacional de Defesa Civil; CONDEC- Conselho Nacional de Defesa Civil; A Defesa Civil realiza mapeamento das áreas atingidas pelo incêndios e diversas outras ações relacionadas a incêndios; Sugestão da Defesa Civil (Campinas): Incluir as áreas com ocorrência de espécies do PAN, no aplicativo SISS-GEO (referencia para quem trabalha no campo fazendo vistorias). Sendo possível a utilização do tema na próxima Operação Estiagem. Esse aplicativo é utilizado por todas as Defesas Civis. | R55: x | U55: 1) Foram desenvolvidos mapas de focos de incêndio para o município de Campinas e entorno, a fim de apresentar propostas de atuação a Defesa Civil no programa de prevenção e combate a incêndios – Operação Estiagem (Priscilla) | V55: 2) Mapa de focos de incêndio de Campinas/SP (Priscilla) | W55: Ação 5.1 a ação se manteve onde parou, não avançando mais do que já foi apresentado. Tive dificuldades por não estar em nenhuma instituição, apesar do apoio da Defesa Civil de Campinas, mesmo assim não tive colaboração das defesas civis dos outros munícipios dentro da região metropolitana. Gostaria muito de poder contar com outros órgãos que estão envolvidos na questão dos incêndios e assim abrir mais frentes para poder fazer a ação uma ação com resultados e não apenas o mapa. Outro ponto que faltou era juntar os colaboradores para que pudéssemos em conjunto montar uma estratégia para que os envolvidos com os incêndios respondessem o questionário que foi criado e talvez até melhorar e facilitar o entendimento do questionário. | X55: Cynira Gabriel
B56: 5.2 | C56: Implementar o Manejo Integrado do Fogo (MIF) nas áreas de ocorrência de insetos polinizadores ameaçados visando reduzir os impactos negativos sobre as espécies-alvo | D56: Planos de Manejo Integrado do Fogo implementados nas areas de ocorrência das espécies | E56: Redução do impacto dos incêndios sobre as espécies alvo do PAN | F56: 44927 | G56: 46539 | H56: Luiz Loureiro (ICMBio-Serra do Cipó) | I56: 1.000.000.00 | J56: Paula Leão (PARNA Sempre Vivas/PAT Espinhaço), João Paulo Morita (COIN/ICMBio) | K56: UCs em interface com espécies-alvo; NG4 | L56: NG1; NG2; NG4; NG6 | P56: x | W56: Avaliar pertinência das ações pelo GAT | X56: Luiz Fernando | AJ56: Já tem pessoas fazendo esse trabalho, falta buscar de forma mais focalizada; Marianna Pinho vai buscar informações sobre a BA
B57: 5.3 | C57: Articular junto aos órgãos de fomento recursos para o desenvolvimento de pesquisas que visem compreender o impacto dos incêndios florestais sobre espécies de polinizadores | D57: Editais de Financiamento e Linhas de pesquisa sobre o impacto das queimadas sobre espécies de polinizadores, incluindo as espécies ameaçadas de extinção. | E57: Mais recursos disponíveis para a conservação das espécies do PAN | F57: 44927 | G57: 46722 | H57: Gudryan Baronio (UFVJM) | I57: 0 | K57: Não espacializável | L57: NG1; NG2; NG4; NG5; NG6 | M57: Ver ação 2.9 (fomento) | P57: x
B58: 5.4 | C58: Desenvolver pesquisas que visem compreender o impacto de diferentes regimes de queima sobre espécies de polinizadores ameaçados de extinção | D58: Relatórios e ou Publicações | E58: Maior conhecimento sobre a efeito do fogo nas espécies | F58: 45292 | G58: 46722 | H58: Gudryan Baronio (UFVJM) | I58: 150.000.00 | J58: Marlúcia Martins (MPEG) | K58: Áreas estratégicas para a conservação das espécies-alvo do PAN; NG4 | L58: NG1; NG2; NG4; NG6 | R58: x | Z58: Desenvolver pesquisas que visem compreender o impacto de diferentes regimes de queima sobre espécies de insetos polinizadores | AJ58: "Em andamento"
B59: 5.5 | C59: Realizar ações educativas sobre a importância de se realizar queimas controladas devidamente autorizadas especialmente nas áreas de ocorrência de espécies de polinizadores ameaçadas de extinção | D59: Eventos de sensibilização sobre queimas controladas para populações do entorno de UCs selecionadas e em áreas estratégicas para a conservação das espécies-alvo do PAN | E59: Conscientização sobre uso do fogo nas comunidades, aumento de solicitações oficiais de queimas controladas (prescritas) | F59: 45078 | G59: 46508 | H59: Carlos Henrique Félix da Silva (PMDG/UFPE) | I59: 100.000.00 | J59: Felipe Saldanha (ABPEducom), Ana Claudia Silva (MPEG), Solange Kerpel (UFCG), Luiz Loureiro (ICMBio-Serra do Cipó), Laís Santos de Assis (FJPO), Sidnei Furtado (Defesa Civil - Campinas/SP), Paula Leão (PARNA Sempre Vivas/PAT Espinhaço) | K59: Áreas estratégicas para a conservação das espécies-alvo do PAN; NG2 | L59: Todos NGs | M59: Abordar o papel da vegetação, dos polinizadores e do uso correto do solo, promovendo a valoração dos serviços ambientais no semiárido, manejo do fogo e formas de prevenção e controle de queimadas e manejo integrado do fogo - MIF; Ação transversal de comunicação pode ser planejada em conjunto com outras relacionadas (1.1, 2.1, 4.2, 5.5, 6.1, 6.2, 8.1) | Q59: x | U59: Foi submetida uma proposta para financiamento das ações de educação ambiental em áreas de prioridade para o OE5 no ano 2022 | W59: Avaliar pertinência das ações pelo GAT (Luiz); proposta de financiamento não aprovada (falta de recursos e não foi dado prioridade para as ações de educação no edital) (Hannah) | X59: Luiz Fernando; Hannah | AG59: Conferir interesse da Thais Zannata (UFMT)
B60: 5.6 | C60: Incentivar a formação e estruturação de brigadas de combate a incêndios ambientais (associadas ao MIF) junto aos órgãos ambientais das esferas atuantes nas áreas de ocorrência das espécies alvo PAN | D60: Curso de formação de brigadas voluntárias; Compras de EPI em UCs selecionadas | E60: Brigadas contratadas nos âmbitos federal e estadual; fomentar formação de brigadas municipais / empresas | F60: 45078 | G60: 46569 | H60: Paula Leão (PARNA Sempre Vivas; PAT Espinhaço) | I60: 400.000.00 | J60: Pontos focais: NG1-Carolina Pauliquevis (Consultor independente), NG4-Alexsander Azevedo (Instituto Biotrópicos); João Paulo Morita (COIN/ICMBio), Cynira Any J. S. Gabriel (Consultora Independente), Rossano Ramos (Prevfogo/Ibama), Luiz Loureiro (ICMBio-Serra do Cipó) | K60: Áreas estratégicas para a conservação das espécies-alvo do PAN; NG4; Municípios do Mosaico de Áreas de Áreas Protegidas do Espinhaço: Alto Jequitinhonha-Serra do Cabral | L60: NG1; NG2; NG4; NG5; NG6 | M60: Envolver os setores produtivos; | P60: x | W60: Avaliar pertinência das ações pelo GAT | X60: Luiz Fernando | Z60: Incentivar a formação e estruturação de brigadas de combate a incêndios [ambientais - substituir por: em vegetação nativa] (associadas ao MIF) junto aos órgãos ambientais das esferas atuantes nas áreas de ocorrência das espécies alvo PAN | AJ60: Articular com outros PANs
A61: 6. Promoção do manejo conservacionista de abelhas nativas e interrupção da extração irregular, do transporte e do comércio ilegais de colônias ou suas partes | B61: 6.1 | C61: Promover ações de educação ambiental para o uso sustentável das abelhas nativas sem ferrão (ANSF), com ênfase na cadeia produtiva da meliponicultura | D61: Especificação de um Programa de Educação Ambiental para uso sustentável das espécies-alvo do PAN; Material educativo sobre conservação de polinizadores integrada a práticas de manejo sustentável na meliponicultura; Matéria sobre a aquisição de matrizes produzidas em meliponários; Exposição itinerante (virtual/interativa); Manual de boas práticas, cartilhas; Projeto de extensão e educação ambiental, alertando sobre os problemas da introdução de espécies exóticas invasoras e alóctones para as espécies nativas | E61: Maior conscientização sobre a importância dos polinizadores e da meliponicultura sustentável | F61: 44927 | G61: 46722 | H61: Carolina Matos (SAA-SP) | I61: 350.000.00 | J61: Pontos focais: NG1-Ana Claudia Silva (MPEG), NG2-Solange Kerpel (UFCG), NG5-Gustavo Feliciano Alexandre (FF-SP); Vinicius Maggioni (SEDEST-PR), Guilherme Casoni (FF-SP), Guilherme da Silva Lopes (Parque do Carmo), Carina Abreu (Zumzum Verde Socioambiental), Marina Castro (UEFS), Ana Luiza Bovoy (LERF-USP), Ana Claudia Silva (MPEG), Nathália Portero da Silva (Parque Nacional das Sempre-Vivas - MG), Maria Cristina Lorenzon (UFRRJ), Ana Assad (Associação A.B.E.L.H.A), Carlos Morais (EMATER-DF), Helder Canto (UFV), Maria Cristina Lorenzon (UFRRJ), Adriana Oliveira (UFRRJ), Wagner Tassinari (UFRRJ), Fabia de Mello (Embrapa-Meio Norte), Helena Silingardi (UFU), Kleber Del Claro (UFU), Cynira Any J. S. Gabriel (Consultora Independente), José Eustáquio dos Santos Júnior (AMPLO/UFMG), Maria de Fátima Araújo (UFCG), Maria do Carmo Learth Cunha (UFCG), Rosileudo Guedes (UFCG), Jarcilene de Almeida (UFPE), Jairo Lizandro Schmitt (Feevsle/Cesmac), Jessé Marques da Silva Junior Pavão (Cesmac), Aldenir Feitosa dos Santos (Cesmac), Clauton Fonseca Sampaio (IFMA) | K61: Áreas estratégicas para a conservação das espécies-alvo do PAN; NG1-PA; NG2; NG4-região do Parque Nacional das Sempre-vivas; NG5; NG6; NG7 | L61: Todos os NGs | M61: Especificação do Programa de Educação ambiental contendo informações sobre insetos polinizadores, incluindo a importância ambiental e econômica, práticas de manejo sustentável e conceitos ecológicos para valorização as abelhas nativas, riscos relativos ao manejo inadequado, introdução/ translocação e impactos da coleta e captura em áreas estratégicas do PAN; Material educativo sobre conservação de polinizadores integrada a práticas de manejo sustentável na meliponicultura; Matéria sobre a aquisição de matrizes produzidas em meliponários de forma a evitar a captura na natureza e favorecer a manutenção das populações naturais; Melipona seminigra está se estabelecendo em Campo Bom/RS; (sendo que a espécie é nativa do norte), é uma espécie com dinâmica de invasora; Scaptotrigona postica é uma espécie invasora, muito comercializada. Desloca outras espécies, inclusive Apis mellifera. Hibridiza frequentemente com Scaptotrigona depilis | R61: x | U61: Ações de educação ambiental com público adulto e infantil promovendo a concientização da importância das abelhas e ações para conservação destes polinizadores (ações do programa Embrapa Escola, Save the Bees Run e plantio de mudas apícolas com escola) e ações de capacitação de meliponicultores em eventos regionais (Bela Vista do Piauí) e nacionais (durante o XXVIII Congresso Brasileiro de Apicultura e IX Congresso Brasileiro de Meliponicultura realizado entre 24 a 26 de novembro de 2023) | V61: Relatório | X61: Fábia Mello | AJ61: Articular com a ação 2.1
B62: 6.2 | C62: Promover programas de capacitação, assistência técnica e extensão rural sobre criação racional ex situ regularizada de abelhas nativas sem ferrão e conservação de insetos polinizadores | D62: Material para capacitação de produtores rurais, fiscais de defesa agropecuária, técnicos agrícolas e servidores de órgãos ambientais e de extensão rural na identificação e manejo de insetos polinizadores alvos | E62: Programas de capacitação realizados | F62: 44927 | G62: 45627 | H62: Carolina Matos (SAA-SP) | I62: 140.000.00 | J62: Ponto focal: NG5-Maria Lorenzon (UFRRJ); Ricardo Camargo (AMESAMPA;Embrapa), Tatiana Rehder (COPROD/ICMBio), Marcos Aparecido (MAPA), Ricardo Penteado (IMA-SC), Carina Abreu (Zumzum Verde Socioambiental), Ana Luiza Bovoy (LERF-USP), Ana Assad (Associação A.B.E.L.H.A.), Helder Canto (UFV), Rozileudo Guedes (UFCG), Ana Alice Fragoso Andrade (FIOCRUZ-RJ), Ana Luiza de Oliveira Nascimento (independente), Ana Aparecida de Souza Garbin (Empresa Alimenteia), Adriana Oliveira Andrade (UFRRJ/ICE), Claudio Nona Morado (UFRRJ/IB), Eduarda Maria Lopes Alves Pereira Telles de Menezes (AME-RJ), Geraldo Pereira Junior (IFF/RJ), Mariella Camardelli Uzêda (Embrapa Agrobiologia), Regina Cohen Barros (UFRRJ/CTUR), Richieri Antonio Sartori (Pontificia Universidade Católica-RJ), Wagner de Souza Tassinari (UFRRJ/ICE), Washington Oliveira (INEA-RJ), Tiago Böer Breier (UFRRJ/IF) | K62: Áreas estratégicas para a conservação das espécies-alvo do PAN; NG5; NG7 | L62: Todos os NGs | M62: Extensão rural em meliponicultura (de acordo com a legislação vigente) e as melhores práticas destinadas à conservação e uso responsável dos polinizadores e seus serviços; Incluir no público-alvo os servidores de órgãos ambientais, de defesa agropecuária e extensão rural; Documento-base para o programa de capacitação, assistência técnica e extensão rural tratando da criação legal de abelhas sem ferrão, das melhores práticas produtivas na meliponicultura e do manejo para a conservação, alertando-se sobre as práticas inadequadas para as espécies de polinizadores (NG5) | P62: x | AG62: Fábia de Mello, Silvana Back (SIMA-SP), incluir Osmar CATI?
B63: 6.3 | C63: Estabelecer programa integrado com ações in situ e ex situ para conservação de espécies de abelhas nativas ameaçadas de extinção | D63: Programa Integrado para conservação de abelhas nativas estabelecido | E63: Recuperação de populações de abelhas ameaçadas | F63: 44927 | G63: 45992 | H63: José Eustáquio dos Santos Júnior (AMPLO/UFMG) | I63: 100.000.00 | J63: Augusto Ventura (FJPO), Carolina Matos (CATI-CDRS/SAA-SP), Fabia de Mello (Embrapa Meio-Norte), Maria Cristina Lorenzon (UFRRJ), Carlos Morais (EMATER-DF) | K63: Áreas estratégicas para a conservação das espécies-alvo do PAN; NG1; NG4; NG5; NG6 | L63: Todos os NGs | M63: Estabelecer as bases do programa integrado de meliponicultura sustentável considerando aspectos ecológicos, genéticos, alimentares e geográficos, visando a viabilidade populacional das espécies em longo prazo; recomendações técnico-científicas sobre criação, manejo e conservação de abelhas nativas, controle de qualidade dos produtos e subprodutos oriundos dessas abelhas, rastreabilidade dos criatórios e restrições/cuidados na translocação de espécies; Promover capacitações sobre criação ex situ e manejo genético-reprodutivo de espécies ameaçadas; Estabelecer a colaboração com meliponicultores para destinação de espécies ameaçadas, considerando critérios para soltura e reforço populacional para selecionar espécies e áreas para soltura na natureza (Ver IN no. 23/2014, IBAMA); Para o termo ex situ, considerar a área de distribuição natural das espécies | Q63: x | U63: Foram lançadas via Youtube 5 mini cursos com participação da equipe (seis). Outras atividades foram planejadas mas não houve recurso para lançamento. Foi realizada 1a EXPO Abelhas como Sentinelas da Natureza com seis oficinas aberto ao público em geral.. Apoio de três instituições de ensino (UENF, UFRRJ e IFRJ Bom Jesus) e uma técnica (INEA). Foi oferecido mini curso para guarda-parque (Unidade em Araras, Petropolis, RJ) para Unidade de conservação Estadual (Lorenzon) | V63: 1) Relatório (verificar com a Lorenzon) | W63: Nossas apresentações pecaram em criatividade por deficiência de um professional da área de programação (ver UTubes e Instagram). Temos muitas dificuldades de interagir com as Unidades Federais que ressaltaram que convivem com excesso de atividades propostas pelo ICMBio, igualmente as Estaduais, que recebem via IBAMA. Assim, o nosso grupo se reduz e torna nossa equipe sub aproveitada. Há necessidade que o PAN nos remeta indicações de setores e profissionais que atendam ao PAN e possam realmente dar o devido apoio . É imperiosa a disponibilidade de recurso financeiro e um staff pronto para esclarecer sobre as rubricas, exigências de orçamento, submissão e tempo hábil. (lembro que os orçamentos demandam mínimo de 30 dias e a maioria são apenas duas entidades). | X63: Maria Lorenzon | AG63: Silvana Back (SIMA-SP)
B64: 6.4 | C64: Promover estudos de genética de populações naturais e de criações ex-situ de abelhas ameaçadas | D64: Bibliotecas de marcadores moleculares; Painéis de genotipagem de alta cobertura; Base de dados de genótipos de colônias nativas e manejadas em criações ex-situ | E64: Melhorar o conhecimento sobre: a genética de colônias em criações ex-situ e suas contribuições para a conservação de espécies ameaçadas; a genética de populações naturais, dinâmica populacional e os impactos de criações ex-situ sobre a genética das populações naturais; a estruturação genética das populações naturais de espécies ameaçadas para subsidiar planos de reintrodução e repatriação de abelhas | F64: 44927 | G64: 46539 | H64: Helder Canto (UFV) | I64: 1.000.000.00 | J64: Ponto focal: NG1-Debora Pires Paula (Embrapa Recursos Genéticos e Biotecnologia); Fabia de Mello (Embrapa Meio-Norte), Patricia Drumond (Embrapa Meio-Norte), Anete Lourenço (UFVJM), Ana Assad (Associação A.B.E.L.H.A.), Isabel Alencar (IFES) | K64: Localidades de ocorrências das espécies-alvo, incluindo áreas de interesse para melhorar o conhecimento e resolução de dúvidas taxonômicas: AL, BA, DF, ES, GO, MG, PB, PE, PI, RN, SE, SP, TO | L64: Todos os NGs | M64: As abelhas ameaçadas de extinção com interesse de criação são Melipona capixaba, Melipona rufiventris e Melipona scutellaris; Criação de Grupo de estudos em aplicativo multiplataforma de mensagens instantâneas e chamadas de voz para smartphones: Identificação e divulgação de oportunidades de apoio financeiro à pesquisas sobre criação, manejo e conservação de abelhas nativas; Publicações técnico-científicas sobre criação, manejo, conservação, distribuição geográfica, taxonomia e genética de populações de abelhas manejadas em criatórios (criação ex situ) | R64: x | U64: Proposta elaborada(?) Confirmar com Helder Canto | X64: Patrícia Drummond
B65: 6.5 | C65: Promover estudos sobre a identidade e caracterização dos produtos meliponícolas de forma a contribuir para a regulamentação do combate ao transporte e comércio ilegais de colônias ou suas partes | D65: Publicações técnico-científicas sobre identidade e caracterização dos produtos meliponícolas; Banco de dados com a caracterização dos produtos meliponículas das espécies de abelhas nativas selecionadas pela equipe | F65: 44927 | G65: 46722 | H65: Fábia de Mello (Embrapa Meio-Norte) | I65: 40.000.00 | J65: Ponto focal: NG5-Cristiano Menezes (Embrapa Meio Ambriente); Bruno de Almeida Souza (Embrapa Meio-Norte), Ricardo Camargo (AMESAMPA;Embrapa), Rogério Marcos de Oliveira Alves (CBA), Gislene Almeida Carvalho-Zilse (INPA), Rafael Narciso Meirelles (UERGS), Betina Blochtein (PUC-RS), Mardiore Tanara Pinheiro dos Santos (UFFS), Sidia Witter (SEAPDR-DDPA), Carlos Alfredo de Carvalho (UFRB), Rubem Samuel de Avila Junior (UNIPAMPA) | K65: Área de ocorrência das espécies selecionadas | L65: Todos os NGs | R65: x | U65: Em 2023 foram realizadas algumas análises de mel no "Laboratório de COntrole da Qualidade dos Produtos Apícolas" da Embrapa Meio-Norte e elaborado um projeto para edital interno da Embrapa no qual um dos objetivos especificos contempla a caracterização de geoprópolis de ASF | V65: elaboração de proposta de projeto enviado a edital interno da Embrapa com colaboradores da Embrapa; análises de mel no "Laboratório de COntrole da Qualidade dos Produtos Apícolas" da Embrapa Meio-Norte | X65: Fábia Mello | AJ65: "Em andamento"
B66: 6.6 | C66: Subsidiar tecnicamente a regulamentação das legislações, Federal e Estaduais, referente à identidade e caracterização dos produtos das abelhas, incluindo a necessidade de os entrepostos exigirem comprovação da regularidade dos meliponários de origem dos produtos. | D66: Proposta de regulamento técnico; Proposta de padronização do regulamento técnico de identidade, caracterização dos produtos meliponícolas em nível federal, em comum acordo com os estados e municípios | F66: 44927 | G66: 46539 | H66: Fábia de Mello (Embrapa Meio-Norte) | I66: 20.000.00 | J66: Rogério Marcos de Oliveira Alves (CBA), Gislene Almeida Carvalho-Zilse (INPA), Rafael Narciso Meirelles (UERGS), Betina Blochtein (PUC-RS), Mardiore Tanara Pinheiro dos Santos (UFFS), Sidia Witter (SEAPDR-DDPA), Carlos Alfredo de Carvalho (UFRB), Rubem Samuel de Avila Junior (UNIPAMPA), Bruno de Almeida Souza (Embrapa Meio-Norte), Marcelo de Andrade Mota (MAPA) | K66: Todos os NGs | L66: Todos os NGs | M66: A questão de "qualidade dos produtos das abelhas" desta ação foge do escopo do PAN. Essa questão deve ser discutida no âmbito da Câmara Setorial da Cadeia Produtiva do Mel e Produtos Apícolas no Ministério da Agricultura, Pecuária e Abastecimento, SGCAM - Sistema de Gestão de Câmaras Setoriais e Temáticas, Gabinete da Ministra, ACST - Assessoria de Apoio às Câmaras Setoriais e Temáticas. | R66: x | U66: Foram realizadas 3 reuniões com equipe da Embrapa e o Ministério da Agricultura e Pecuária para plnejamento da atividade. Essa é uma demanda forte do setor o que facilita o andamento da ação. Em 2023 a Confederação brasileira de Apicultura enviou uma sugestão de regulamentação para o Ministério da Agricultura e Pecuária e após essa demanda do próprio setor produtivo, já foram realizadas duas reuniões entre o MAPA e equipe de pesquisadores da Embrapa. A expectativa é de que em 2024 a regulmaentação seja coloca em consulta pública. | V66: Elaboração de proposta de RTIQ, para produtos derivados de abelhas sem ferrão, provenientes de produção sustentável, com critérios higiênico sanitários. | X66: Fábia Mello; Marcelo Mota
B67: 6.7 | C67: Colaborar na inteligência da fiscalização para o controle da extração irregular de colônias de abelhas nativas sem ferrão | D67: Documento técnico subsidiando as ações de fiscalização; Divulgação realizada sobre os canais de denúncia para atendimento a crimes de coleta, captura ou uso não autorizado; Eventos realizados sobre a legislação que rege o manejo das abelhas-nativas-sem ferrão, bem como a comercialização de seus produtos e subprodutos; Proposta de integração das ações de fiscalização entre os órgãos ambientais e de defesa agropecuária; Proposta de contemplar a repatriação de colônias traficadas após essas serem apreendidas em ações de fiscalização | E67: Diminuição da captura ilegal e tráfico nas áreas de ocorrência dos táxons do PAN | F67: 44927 | G67: 46539 | H67: José Eustáquio dos Santos Júnior (AMPLO/UFMG) | I67: 500.000.00 | J67: Augusto Ventura (FJPO), Janaína Aguiar (ABEMA/IEF-MG) | K67: Áreas estratégicas para a conservação das espécies-alvo do PAN; Unidades de Conservação, suas proximidades e vias de acesso (NG2 - RB Guaribas; NG3 - PE de Pedra Azul, RB Augusto Ruschi; NG4 - PN da Chapada Diamantina; NG6 - EE de Jataí, PE de Vassunga) | L67: Todos os NGs | M67: Sugestões: Criação de grupo de taxonomistas para auxiliar na identificação de espécies; Guia para identificação de abelhas nativas sem ferrão e sua biologia; Fiscalização: IBAMA / Ouvidoria / Linha Verde · Telefone: 0800 061 8080; Subsidiar ações para neutralização do comércio ilegal online; Promover a integração das ações de fiscalização entre os órgãos ambientais e de defesa agropecuária para controle de transporte irregular de colônias de abelhas nativas sem ferrão e eventual destinação quando necessário de colônias apreendidas | R67: x | U67: Foi submetida uma propostas para o PLANAF relacionada com a criação ilegal de abelhas ameaçadas | V67: Proposta de fiscalização encaminhada | X67: Hannah
B68: 6.8 | C68: Propor normas e/ou orientações acerca do aluguel de colmeias para polinização de cultivos agrícolas considerando as normas específicas de conservação de abelhas nativas | D68: Propostas de normas encaminhadas aos órgãos competentes | E68: Normas e orientações publicadas; Uso de colméias alugadas para polinização de cultivos agrícolas seguindo normas publicadas. | F68: 45292 | G68: 45809 | H68: Favízia Oliveira (UFBA) | I68: 0 | J68: Dênio Pimenta (SMMA-MG), Carolina Matos (SAA-SP) | K68: Em todo país | L68: Todos os NGs | M68: Colaborar com a elaboração da Política Nacional de Uso e Conservação dos Serviços de Polinização e dos Polinizadores (NG1, NG3, NG4, NG6) | R68: x | U68: Está sendo encaminhada uma proposta de substitutivo ao PL 4429/20 (PL Meliponicultura) com dispositivos acerda da regulamentação da meliponicultura migratória | X68: Hannah | AG68: Silvana Back (SIMA-SP)
A69: 7. Redução das causas e mitigação dos efeitos negativos das mudanças climáticas sobre os insetos polinizadores | B69: 7.1 | C69: Sistematizar informações e metodologias de trabalhos (já publicados) de história natural, bionomia, ecologia básica e distribuição de polinizadores ameaçados e suas plantas visando identificar as lacunas de conhecimento sobre a mitigação dos efeitos das mudanças climáticas | D69: Banco de dados das espécies-alvo e mudanças climáticas | E69: Maior conhecimento sobre as espécies disponibilizado e identificação de lacunas de conhecimento | F69: 44927 | G69: 45444 | H69: Carlos Henrique Félix da Silva (PMDG;UFPE) | I69: 45.000.00 | J69: Ponto focal: NG1-Suelma Silva (CBC/ICMBio); Ariadna Valentina Lopes e Márcia Emanuelle Madruga Fortunato (UFPE), André Rech e Lucas Benicio de Castro (UFVJM), Ana Luiza Bovoy (LERF-USP), Marlúcia Martins (MPEG), Márcia Maués (Embrapa Amazônia Oriental), Solange Kerpel (UFCG), Dora Canhos (CRIA) | K69: todos NGs | L69: Todos NGs | Q69: x | U69: Duas tentativas de contratar bolsista para implementar a ação. Nas observações da matriz a ação 7.3 depende da 7.1, porém a ação 7.3 já está em andamento. A articuladora optou por manter a ação e tentar implementar novamente.
B70: 7.2 | C70: Articular mais oportunidades de pesquisa sobre os impactos das mudanças climáticas sobre os polinizadores e formas de minimizar seus efeitos | D70: Editais de financiamento e linhas de pesquisa sobre a vulnerabilidade dos polinizadores e plantas hospedeiras aos impactos de alteração climática | E70: Mais recursos disponíveis para a conservação das espécies | F70: 44927 | G70: 46174 | H70: Isabela Varassin (UFPR) | I70: 0 | J70: Carlos Henrique Félix da Silva (PMDG/UFPE/Alagoas), Helena Silingardi (UFU), Kleber Del Claro (UFU) | K70: todos NGs | L70: Todos NGs | M70: Depende da ação 7.1. Detalhamento: Avaliar a vulnerabilidade dos polinizadores e plantas hospedeiras aos impactos de alteração climática, tendo em conta potenciais efeitos sinergísticos com outras alterações ambientais (NG1) | R70: x | U70: Agreguei mais uma pesquisadora docente da UMT | X70: Isabela Varassin (UFPR) | AJ70: "Em andamento"
B71: 7.3 | C71: Modelar cenários de impacto de mudanças climáticas sobre a distribuição conhecida e potencial das espécies alvo, propondo medidas mitigadoras | D71: Mapas de adequabilidade ambiental para espécies-alvo, em cenários futuros frente a mudanças climáticas, associados a relatório ou publicação | F71: 45078 | G71: 45413 | H71: Isabela Varassin (UFPR) | I71: 45.000.00 | J71: Ponto focal: NG1-Tereza Cristina Giannini (Instituto Tecnológico da Vale – ITV); Rafael Loyola (FBDS) | K71: todos NGs | L71: Todos NGs | M71: depende da ação 7.1 | R71: x | U71: Selecionei um aluno de Mestrado para executar a ação. Reunião ou diálogos com parceiros para discussão do planejamento das atividades (discente Mestrado UFPR), e pesquisadora (docente UFMT). | X71: Isabela Varassin (UFPR) | AD71: dez./2025 | AG71: Thais Zanata (UFMT) | AJ71: "Em andamento"; os modelos dos lepidopteros está atrasado
B72: 7.4 | C72: Avaliar a viabilidade de implementação do Programa Monitora nas áreas de ocorrência das espécies alvo do PAN em UCs, visando subsidiar a avaliação de impactos das mudanças climáticas sobre os polinizadores e seus habitats | D72: Identificação de UCs prioritárias para implementação do Monitora, considerando a distribuição das populações das espécies-alvo e seus habitats, e a estratégia de implementação do Programa | E72: Programa Monitora implementado nas UCs prioritárias | F72: 45078 | G72: 45413 | H72: Danilo do Carmo Vieira Corrêa (CBC/ICMBio) | I72: 0 | J72: Ponto focal: NG7-Viviane Daufemback (ICMBio PN Serra do Itajaí); Marlúcia Martins (MPEG) | K72: Áreas estratégicas para a conservação das espécies-alvo do PAN; NG1; NG7 | L72: Todos NGs | M72: ver ação 7.3 e ação 2.7; envolver CGPEQ (ICMBio) | O72: x | Z72: Identificar áreas baseadas nos modelos de distribuição de mudanças climáticas para futura implementação do programa de monitoramento | AC72: jun./2025 | AE72: Onildo | AG72: Isabela Varassin, Marlúcia, Priscilla, Hannah
B73: 7.5 | C73: Estabelecer medidas para mitigar a falta de plantas associadas às espécies-alvo do PAN ao longo de sua distribuição em cenários de mudanças climáticas | D73: Documento Oficial com indicacões de ações de restauração nas lacunas de distribuição de espécies de plantas associadas (indicadas na ação 7.1 e 7.3) enviado aos pontos focais dos Estados/Municipios identificados, ONGs, Sociedade Civil | E73: Ações de mitigação iniciadas | F73: 45444 | G73: 46143 | H73: Suelma Silva (CBC/ICMBio) | I73: 0 | J73: Ponto focal: NG7-Rosana Singer (JB-SEMA/RS); Carolina Pauliquevis (ECOA), Lucas Benicio de Castro (UFVJM), Ana Luiza Bovoy (LERF-USP) | K73: todos NGs | L73: Todos NGs | M73: depende da ação 7.1; Considerar o PRA e os PRADAS ao longo do processo de adequação ambiental e o uso de espécies benéficas aos polinizadores | O73: x
B74: 7.6 | C74: Propor a criação de unidades de conservação considerando cenários futuros de mudanças climáticas, visando promover a conexão por fragmentos, corredores ecológicos e paisagens mais permeáveis que possibilitem a dispersão de polinizadores para ambientes favoráveis | D74: Relatório com mapeamento de áreas prioritárias para criação de novas UCs encaminhado aos órgãos estaduais e ICMBio | E74: UCs criadas | F74: 45809 | G74: 46143 | H74: Josy Zarur de Matos (SEMA-RS) | I74: 0 | J74: Pontos focais: NG2-Solange Kerpel (UFCG), NG4-Luiz Loureiro (ICMBio-Serra do Cipó); Rafael Loyola (FBDS), Angela Podolsky e José Eduardo Testa (APAVIVA) | K74: Áreas estratégicas para a conservação das espécies-alvo do PAN | L74: Todos NGs | M74: ver ação 7.3 e 2.16 | O74: x
B75: 7.7 | C75: Identificar e articular a implementação das recomendações dos acordos internacionais para combate às mudanças climáticas e apoio às medidas de restauração de habitats nas áreas de ocorrência de insetos polinizadores ameaçados de extinção | D75: Workshop com representantes dos acordos internacionais e especialistas em restauração e em polinizadores para a identificação de medidas; Guia de recomendações internacionais para restauração e mudanças climáticas; Relatório com de recomendações dos acordos internacionais para restauração e mitigação de mudanças climáticas | E75: Implementação de acordos internacionais para combate às mudanças climáticas; Ações de restauração implementadas | F75: 45078 | G75: 46508 | H75: Carolina Pauliquevis (Consultor independente) | I75: 160.000.00 | K75: NG1 | L75: Todos NGs | P75: x | AA75: Inserir o tema nas discussões que precedem a COP Biodiversidade e Clima | AG75: Ceres (MMA), Suelma, Bráulio, Vanessa (OTCA) | AJ75: Marlúcia vai tentar incluir o tema nas discussões da COP / Incluir na PoliLAC e PlanaVEG
B76: 7.8 | C76: Monitorar a disponibilidade hídrica em ecossistemas importantes para as espécies-alvo | D76: Painel de crise hídrica em áreas prioritárias para a conservação das espécies alvo do PAN | E76: Mitigação dos efeitos negativos das mudanças climáticas | F76: 45078 | G76: 46508 | H76: Danilo do Carmo Vieira Corrêa (CBC/ICMBio) | I76: 90.000.00 | J76: Angela Podolsky e José Eduardo Testa (APAVIVA) | K76: Áreas estratégicas para a conservação das espécies-alvo do PAN | L76: Todos NGs | M76: Verificar se existem estações da ANA nas áreas de ocorrência das spp. e acompanhar os dados da base; envolver a ANA | O76: x | T76: Excluída | U76: Não estamos conseguindo implementar. Articulador não está ativo​. Houve um consenso durante a reunião em excluir a ação. | AJ76: Excluir
A77: 8. Manejo das espécies exóticas invasoras ou nocivas para as populações de insetos polinizadores nativos | B77: 8.1 | C77: Promover pesquisa aplicada como forma de incentivar o uso de polinizadores nativos autóctones em culturas atrativas, visando a substituição dos polinizadores exóticos | D77: Documentos técnicos, Relatórios e ou Publicações | F77: 44927 | G77: 46722 | H77: Pedro Togni (UnB) | I77: 200.000.00 | J77: José Eustáquio dos Santos Júnior (AMPLO/UFMG), Ana Assad (Associação A.B.E.L.H.A.), Luís Gustavo Perugini (UEM) | K77: NG1 | L77: Todos os NGs | M77: Projeto Pró-Espécies está elaborando um programa neste sentido e a ação poderia ser incluida | Q77: x | W77: Falta de recusos financeiros, Falta de tempo para me dedicar, Falta de colaboradores, Falta de entendimento do PAN (Pedro T.) | X77: Petro Togni | AG77: Aline Andrade, Mariana (Projeto Serviços Ecossitêmicos RJ), Cristiano Menezes, Marcia Maués, Katia Braga
B78: 8.2 | C78: Implementar uma Rede de Colaboradores para alerta da introdução de espécies exóticas de polinizadores, no Programa Nacional de Detecção Precoce e Resposta Rápida, em desenvolvimento pelo Ministério do Meio Ambiente | D78: Lista de instituições e especialistas integrantes da Rede de Colaboradores | E78: Espécies exóticas de polinizadoras precocemente detectadas e identificadas, alertas de ocorrências emitidos, e respostas rápidas implementadas para evitar o estabelecimento e a invasão das espécies | F78: 45536 | G78: 46722 | H78: Tainah Guimarães (CBC/ICMBio) | I78: 0 | J78: Ivan Teixeira (COBIO/IBAMA), José Renato Lagracie (DESP/MMA), José Eustáquio dos Santos Júnior (AMPLO/UFMG), Guilherme Casoni da Rocha (FF-SP), Ana Assad (Associação A.B.E.L.H.A.) | K78: Em todo país | L78: Todos os NGs | M78: A rede deverá ser constantemente atualizada; Considerar as espécies Bombus terrestris e Megachille rotundata | O78: x | X78: Tainah Guimarães | Y78: O José Renato Lagracie (DESP/MMA) não trabalha mais no MMA. Ainda não foi possível identificar quem do MMA está tocando a agenda. Uma vez que a ação é ampla, contempla ações dentro e fora de UC, é essencial que haja participação efetiva do MMA e IBAMA (de fato, pessoas dessas instituições que deveriam ser articuladoras). Gostaria de ter o e-mail de contato do José Eustáquio (AMPLO/UFMG) e Ana Assad (Associação ABELHA), pois são colaboradores da ação, e não os conheço
B79: 8.3 | C79: Contribuir com a elaboração e publicação das listas estaduais oficiais para as Espécies Exóticas Invasoras (EEI) | D79: Listas de EEI elaboradas; Propostas de publicação de listas estaduais oficiais para as EEI encaminhadas | E79: Listas de EEI publicadas | F79: 44927 | G79: 45444 | H79: Josy Zarur de Matos (SEMA-RS) | I79: 0 | J79: Tainah Guimarães (CBC/ICMBio), Rosana Moreno Senna (SEMA-RS) | K79: NG7 (RS) | L79: Todos os NGs | R79: x | U79: 1) Estamos no processo de elaboração da lista de EEI do RS (Josy) 2) Em Pernambuco foi publicada em dez de 2022 a lista de espécies exóticas invasoras e espécies exóticas potencialmente invasoras, com ocorrência registrada no Estado de Pernambuco (PORTARIA CONJUNTA SEMAS/CPRH Nº 02/2022 DE 29 DE DEZEMBRO DE 2022). Os grupos taxonômicos deste PAN foram avaliados. A abelha africana consta como EEI (Patricia Tavares) | X79: Josy Matos; Patricia Tavares
B80: 8.4 | C80: Divulgar lista de espécies de plantas exóticas tóxicas aos insetos polinizadores e estimular a sua substituição por plantas nativas amigáveis aos polinizadores | D80: Cartilha elaborada, mostrando as espécies de plantas tóxicas aos polinizadores e com proposta de espécies para a sua substituição | E80: Redução do impactos promovido pela presença de espécies tóxicas e exóticas | F80: 45292 | G80: 45809 | H80: Josy Zarur de Matos (SEMA-RS) | I80: 90.000.00 | J80: Ana Luiza Bovoy (LERF-USP), Rosana Moreno Senna (SEMA-RS), Ana Assad (Associação A.B.E.L.H.A.) | K80: Áreas estratégicas para a conservação das espécies-alvo do PAN | L80: Todos os NGs | Q80: x | U80: Fiz uma conversa com colegas para iniciarmos o levantamento das possíveis espécies exóticas venenosas para as abelhas. Ainda não tenho resultados. | W80: Talvez falte organizar reunião dos colaboradores | X80: Josy Matos | AG80: Roberta Nocelli | AJ80: Marlúcia tem lista do Pará para compartilhar; Prof. Dejair Message - fitotoxicidade e problemas para abelhas
B81: 8.5 | C81: Estimular projetos para controle populacional das abelhas exóticas em áreas estratégicas para conservação das espécies alvo do PAN | D81: Relatórios de ocorrência de espécies exóticas e seu potencial de ameaça para as espécies nativas em áreas selecionadas; Proposta de planos de manejo para controle de espécies exóticas em áreas selecionadas | E81: Redução da ocupação de cavidades com potencial sobreposição de nicho reprodutivo entre espécies exóticas e nativas, especialmente para as espécies nativas contempladas no PAN | F81: 45108 | G81: 46600 | H81: Aline Andrade (CEMAFAUNA/UNIVASF) | I81: 300.000.00 | J81: Marcelo Gama (SOS Resgate de Abelhas), Natalício Antônio (Ascamp-Associação dos Apicultores), Rejane Noronha (INEMA), Victor Flores (AMMA-PE), Sizenando José de Andrade (IFBA-Juazeiro), Dionísio José (IFBA Senhor do Bonfim), Erbs Cintra (IF Sertão-PE) | K81: NG2; Juazeiro/BA, Sobradinho/BA, Curacá/BA e Petrolina/PE | L81: Todos os NGs | M81: Análises apontando a situação das cavidades ocupadas por espécies exóticas e que poderiam ser ocupadas por meliponídeos. Sugestão: promover parcerias com setores produtivos como empresas de silvicultura de eucaliptus para a alocação de áreas para estabelecimento de apiários para a recepção de colméias translocadas de áreas estratégicas para conservação das espécies alvo do PAN, em parceria com associações de apicultores | R81: x | U81: Foram desenvolvidas atividades que envolveram uma oficina no Cemafauna - Universidade Federal do Vale do São Francisco, Petrolina - PE, para apresentação das ações que serão implementadas regionalmente. A oficina contou com a participação de pesquisadores nas áreas de abrangência dos estados da Bahia e Pernambuco, membros da academia científica das seguintes instituições: UNIVASF, UPE, UFRPE, UFBA e UNEB, produtores agrícolas das grandes empresas exportadoras de frutas, criadores de abelhas, gestores de unidades de conservação, analistas do ICMBio e integrantes de órgãos governamentais estaduais voltados a Fiscalização e Planos de Trabalho de Conservação. A oficina contou com a presença do coordenador do PAN Insetos Polinizadores, Dr. Onildo Marini do ICMBio. Discutidas as Unidades de Conservação que seriam contempladas e quais metodologias seriam utilizadas para o monitoramento das abelhas nestas áreas, iniciou-se a montagem do cronograma já previsto nos planos de trabalho para as ações 2.4 que versa sobre "Identificar e mapear áreas estratégicas e monitorar a perda e alteração da qualidade de habitats para promoção da conectividade visando à manutenção de populações de insetos polinizadores" e 8.5 "Estimular projetos para controle populacional das abelhas exóticas em áreas estratégicas para conservação das espécies alvo do PAN"; em que estou como articuladora regional. Entre as estratégias para execução dos trabalhos, foram solicitadas e acatadas duas bolsas de alunos PIBIC e quatro alunos como estagiários voluntários. A atividade começou a ser desenvolvida em novembro de 2023, com a presença dos alunos nas atividades realizadas em laboratório. Tais atividades envolveram a organização da coleção das abelhas do Museu de Fauna da Caatinga, tombamento do material, estudos de chaves taxonômicas, discussão de artigos sobre a Ecologia, Comportamento Animal, Efeitos da fragmentação de habitat, Morfologia e Morfofisiologia das abelhas. Neste mês vindouro, entre os dias 18 e 22 de dezembro/2023 estaremos realizando a nossa primeira expedição de campo que irá se estender até novembro de 2024. Para esta atividade contaremos com a presença de um dos integrantes do GAT e taxonomista de Abelhas, o Dr. José Eustáquio. | V81: Relatório (Aline) | X81: Aline Andrade
A85: PLANEJAMENTO DE NOVAS AÇÕES
A87: NOVAS AÇÕES: | C87: =COUNTA(C91:C99,C103:C111,C115:C123,C127:C135) -> 0
A89: OBJETIVO ESPECÍFICO | B89: Nº | C89: Ação | D89: Produto | E89: Resultados esperados | F89: Período | H89: Articulador | I89: Custo estimado (R$) | J89: Colaboradores | K89: Localização | M89: Observações | N89: Linha Temática
F90: Início | G90: Fim | K90: Localidades | L90: Área de relevância
A101: OBJETIVO ESPECÍFICO | B101: Nº | C101: Ação | D101: Produto | E101: Resultados esperados | F101: Período | H101: Articulador | I101: Custo estimado (R$) | J101: Colaboradores | K101: Localização | M101: Observações | N101: Linha Temática
F102: Início | G102: Fim | K102: Localidades | L102: Área de relevância
A113: OBJETIVO ESPECÍFICO | B113: Nº | C113: Ação | D113: Produto | E113: Resultados esperados | F113: Período | H113: Articulador | I113: Custo estimado (R$) | J113: Colaboradores | K113: Localização | M113: Observações | N113: Linha Temática
F114: Início | G114: Fim | K114: Localidades | L114: Área de relevância
A125: OBJETIVO ESPECÍFICO | B125: Nº | C125: Ação | D125: Produto | E125: Resultados esperados | F125: Período | H125: Articulador | I125: Custo estimado (R$) | J125: Colaboradores | K125: Localização | M125: Observações | N125: Linha Temática
F126: Início | G126: Fim | K126: Localidades | L126: Área de relevância

Sheet Painel de Gestão - 1
B1: PLANO DE AÇÃO NACIONAL DE CONSERVAÇÃO DE ESPÉCIES AMEAÇADAS DE EXTINÇÃO - PAN
B3: ='Monitoria Anual - 1'!A2 -> Plano de Ação Nacional para a Conservação dos Insetos Polinizadores Ameaçados de Extinção - PAN Insetos Polinizadores
B5: Objetivo Geral do PAN | D5: ='Monitoria Anual - 1'!B4 -> Reduzir o risco de extinção dos insetos polinizadores, com ações integradas da sociedade civil e instituições governamentais, promovendo a conservação de seus habitats e a manutenção das funções e serviços ecossistêmicos de polinização
B7: Data da monitoria | D7: ='Monitoria Anual - 1'!B6 -> 04/03/2024 - 12/03/2024 (virtual)
B9: PAINEL DE GESTÃO DO PAN
B11: RESUMO DA SITUAÇÃO DAS AÇÕES DO PAN
C13: SITUAÇÃO ATUAL DAS AÇÕES - 1ª MONITORIA
C14: SITUAÇÃO DAS AÇÕES | D14: MONITORIA | E14: % | F14: PÓS MONITORIA | G14: %
C15: Excluída ou Agrupada - Pós-monitoria | F15: =COUNTA('Monitoria Anual - 1'!T11:T921) -> 3 | G15: =F15/$F$22 -> 0.044117647
C16: Início planejado é posterior ao período monitorado | D16: =COUNTA('Monitoria Anual - 1'!O11:O921) -> 9 | E16: =D16/$D$22 -> 0.12676056 | F16: =D16-AB16 -> 8 | G16: =F16/$F$22 -> 0.11764706 | Z16: =COUNTIFS('Monitoria Anual - 1'!O:O,"x",'Monitoria Anual - 1'!T:T,"Excluída") -> 1 | AA16: =COUNTIFS('Monitoria Anual - 1'!O:O,"x",'Monitoria Anual - 1'!T:T,"Agrupada") -> 0 | AB16: =Z16+AA16 -> 1
C17: Não iniciada ou não concluída | D17: =COUNTA('Monitoria Anual - 1'!P11:P921) -> 14 | E17: =D17/$D$22 -> 0.1971831 | F17: =D17-AB17 -> 13 | G17: =F17/$F$22 -> 0.19117647 | Z17: {=COUNTIFS('Monitoria Anual - 1'!P:P,"x",'Monitoria Anual - 1'!T:T,"Excluída")} -> 1 | AA17: {=COUNTIFS('Monitoria Anual - 1'!P:P,"x",'Monitoria Anual - 1'!T:T,"Agrupada")} -> 0 | AB17: =Z17+AA17 -> 1
C18: Em andamento com problemas de realização | D18: =COUNTA('Monitoria Anual - 1'!Q11:Q921) -> 18 | E18: =D18/$D$22 -> 0.25352113 | F18: =D18-AB18 -> 17 | G18: =F18/$F$22 -> 0.25 | Z18: {=COUNTIFS('Monitoria Anual - 1'!Q:Q,"x",'Monitoria Anual - 1'!T:T,"Excluída")} -> 0 | AA18: {=COUNTIFS('Monitoria Anual - 1'!Q:Q,"x",'Monitoria Anual - 1'!T:T,"Agrupada")} -> 1 | AB18: =Z18+AA18 -> 1
C19: Em andamento no período previsto | D19: =COUNTA('Monitoria Anual - 1'!R11:R921) -> 28 | E19: =D19/$D$22 -> 0.3943662 | F19: =D19-AB19 -> 28 | G19: =F19/$F$22 -> 0.41176471 | Z19: {=COUNTIFS('Monitoria Anual - 1'!R:R,"x",'Monitoria Anual - 1'!T:T,"Excluída")} -> 0 | AA19: {=COUNTIFS('Monitoria Anual - 1'!R:R,"x",'Monitoria Anual - 1'!T:T,"Agrupada")} -> 0 | AB19: =Z19+AA19 -> 0
C20: Concluída | D20: =COUNTA('Monitoria Anual - 1'!S11:S921) -> 2 | E20: =D20/$D$22 -> 0.028169014 | F20: =D20-AB20 -> 2 | G20: =F20/$F$22 -> 0.029411765 | Z20: {=COUNTIFS('Monitoria Anual - 1'!S:S,"x",'Monitoria Anual - 1'!T:T,"Excluída")} -> 0 | AA20: {=COUNTIFS('Monitoria Anual - 1'!S:S,"x",'Monitoria Anual - 1'!T:T,"Agrupada")} -> 0 | AB20: =Z20+AA20 -> 0
C21: Ações Novas - Pós-monitoria | F21: ='Monitoria Anual - 1'!C87 -> 0 | G21: =F21/$F$22 -> 0
C22: TOTAL DE AÇÕES DO PAN | D22: =SUM(D16:D20) -> 71 | E22: =SUM(E15:E21) -> 1 | F22: =SUM(F16:F21) -> 68 | G22: =SUM(G16:G21) -> 1
C23: Ações Agrupadas na Monitoria | D23: =COUNTIF('Monitoria Anual - 1'!T11:T921,"Agrupada") -> 1
C24: Ações Excluídas na Monitoria | D24: =COUNTIF('Monitoria Anual - 1'!T11:T82,"Excluída") -> 2
B27: PAINEL DE OBJETIVOS ESPECÍFICOS DO PAN
C29: Número de Objetivos Específicos | D29: =COUNTA('Monitoria Anual - 1'!A11:A81) -> 8
C31: Objetivos Específicos | D31: Ações
C32: OBJETIVO 1 | D32: =SUM(F32:J32) -> 11 | E32: =COUNTA('Monitoria Anual - 1'!T11:T21) -> 0 | F32: =COUNTA('Monitoria Anual - 1'!O11:O21) -> 0 | G32: =COUNTA('Monitoria Anual - 1'!P11:P21) -> 3 | H32: =COUNTA('Monitoria Anual - 1'!Q11:Q21) -> 4 | I32: =COUNTA('Monitoria Anual - 1'!R11:R21) -> 4 | J32: =COUNTA('Monitoria Anual - 1'!S11:S21) -> 0
C33: OBJETIVO 2 | D33: =SUM(F33:J33) -> 26 | E33: =COUNTA('Monitoria Anual - 1'!T22:T47) -> 2 | F33: =COUNTA('Monitoria Anual - 1'!O22:O47) -> 4 | G33: =COUNTA('Monitoria Anual - 1'!P22:P47) -> 4 | H33: =COUNTA('Monitoria Anual - 1'!Q22:Q47) -> 6 | I33: =COUNTA('Monitoria Anual - 1'!R22:R47) -> 10 | J33: =COUNTA('Monitoria Anual - 1'!S22:S47) -> 2
C34: OBJETIVO 3 | D34: =SUM(F34:J34) -> 3 | E34: =COUNTA('Monitoria Anual - 1'!T48:T50) -> 0 | F34: =COUNTA('Monitoria Anual - 1'!O48:O50) -> 0 | G34: =COUNTA('Monitoria Anual - 1'!P48:P50) -> 2 | H34: =COUNTA('Monitoria Anual - 1'!Q48:Q50) -> 1 | I34: =COUNTA('Monitoria Anual - 1'!R48:R50) -> 0 | J34: =COUNTA('Monitoria Anual - 1'!S48:S50) -> 0
C35: OBJETIVO 4 | D35: =SUM(F35:J35) -> 4 | E35: =COUNTA('Monitoria Anual - 1'!T51:T54) -> 0 | F35: =COUNTA('Monitoria Anual - 1'!O51:O54) -> 0 | G35: =COUNTA('Monitoria Anual - 1'!P51:P54) -> 0 | H35: =COUNTA('Monitoria Anual - 1'!Q51:Q54) -> 2 | I35: =COUNTA('Monitoria Anual - 1'!R51:R54) -> 2 | J35: =COUNTA('Monitoria Anual - 1'!S51:S54) -> 0
C36: OBJETIVO 5 | D36: =SUM(F36:J36) -> 6 | E36: =COUNTA('Monitoria Anual - 1'!T55:T60) -> 0 | F36: =COUNTA('Monitoria Anual - 1'!O55:O60) -> 0 | G36: =COUNTA('Monitoria Anual - 1'!P55:P60) -> 3 | H36: =COUNTA('Monitoria Anual - 1'!Q55:Q60) -> 1 | I36: =COUNTA('Monitoria Anual - 1'!R55:R60) -> 2 | J36: =COUNTA('Monitoria Anual - 1'!S55:S60) -> 0
C37: OBJETIVO 6 | D37: =SUM(F37:J37) -> 8 | E37: =COUNTA('Monitoria Anual - 1'!T61:T68) -> 0 | F37: =COUNTA('Monitoria Anual - 1'!O61:O68) -> 0 | G37: =COUNTA('Monitoria Anual - 1'!P61:P68) -> 1 | H37: =COUNTA('Monitoria Anual - 1'!Q61:Q68) -> 1 | I37: =COUNTA('Monitoria Anual - 1'!R61:R68) -> 6 | J37: =COUNTA('Monitoria Anual - 1'!S61:S68) -> 0
C38: OBJETIVO 7 | D38: =SUM(F38:J38) -> 8 | E38: =COUNTA('Monitoria Anual - 1'!T69:T76) -> 1 | F38: =COUNTA('Monitoria Anual - 1'!O69:O76) -> 4 | G38: =COUNTA('Monitoria Anual - 1'!P69:P76) -> 1 | H38: =COUNTA('Monitoria Anual - 1'!Q69:Q76) -> 1 | I38: =COUNTA('Monitoria Anual - 1'!R69:R76) -> 2 | J38: =COUNTA('Monitoria Anual - 1'!S69:S76) -> 0
C39: OBJETIVO 8 | D39: =SUM(F39:J39) -> 5 | E39: =COUNTA('Monitoria Anual - 1'!T77:T81) -> 0 | F39: =COUNTA('Monitoria Anual - 1'!O77:O81) -> 1 | G39: =COUNTA('Monitoria Anual - 1'!P77:P81) -> 0 | H39: =COUNTA('Monitoria Anual - 1'!Q77:Q81) -> 2 | I39: =COUNTA('Monitoria Anual - 1'!R77:R81) -> 2 | J39: =COUNTA('Monitoria Anual - 1'!S77:S81) -> 0

Sheet Monitoria Anual - 2
A1: PLANO DE AÇÃO NACIONAL DE CONSERVAÇÃO DE ESPÉCIES AMEAÇADAS DE EXTINÇÃO - PAN
A2: ='Monitoria Anual - 1'!A2 -> Plano de Ação Nacional para a Conservação dos Insetos Polinizadores Ameaçados de Extinção - PAN Insetos Polinizadores
A4: Objetivo geral do PAN | B4: ='Monitoria Anual - 1'!B4 -> Reduzir o risco de extinção dos insetos polinizadores, com ações integradas da sociedade civil e instituições governamentais, promovendo a conservação de seus habitats e a manutenção das funções e serviços ecossistêmicos de polinização
A6: Data da monitoria | B6: 03/04/2025 - 11/04/2025 (virtual) | AQ6: Agrupada
AQ7: Excluída
A8: PLANEJAMENTO DO PAN | O8: SITUAÇÃO ATUAL | Z8: REPROGRAMAÇÃO DO PAN
A9: OBJETIVOS ESPECÍFICOS | B9: Nº | C9: Ação | D9: Produto | E9: Resultados esperados | F9: Período | H9: Articulador | I9: Custo estimado (R$) | J9: Colaboradores | K9: Localização | M9: Observações | N9: Linha Temática | O9: Ação cujo início planejado é posterior ao período monitorado | P9: Ação não iniciada ou não concluída no prazo previsto | Q9: Ação em andamento com problemas de realização | R9: Ação em andamento no período previsto | S9: Ação concluída | T9: Ação excluída ou agrupada | U9: Descrição do andamento da ação | V9: Produto obtido | W9: Problemas enfrentados que justificam a não execução, a execução parcial da ação, a exclusão ou o agrupamento | X9: Responsável pela informação sobre o andamento da ação | Y9: Recomendações ou Observações | Z9: Revisão do texto da ação | AA9: Revisão do produto da ação | AB9: Revisão do resultado esperado | AC9: Revisão da data de início | AD9: Revisão da data de término | AE9: Revisão do articulador da ação | AF9: Revisão do custo estimado | AG9: Revisão dos colaboradores | AH9: Revisão das localidades | AI9: Revisão Área de Relevância | AJ9: Revisão das observações | AK9: Revisão da Linha Temática
F10: Início | G10: Fim | K10: Localidades | L10: Área de Relevância
A11: 1. Redução do uso e dos efeitos nocivos, diretos e indiretos, de agrotóxicos e de outras substâncias tóxicas sobre os insetos polinizadores e suas plantas associadas | B11: 1.1 | C11: Propor a inserção curricular de temas relacionados à proteção e manejo de insetos polinizadores, sua importância, melhores práticas agroambientais e uso sustentável nos cursos técnicos e superiores relacionados às ciências agrárias, da natureza, ambientais, medicina veterinária e de formação de professores | D11: Proposta encaminhada aos órgãos competentes | E11: As instituições incorporarem as temáticas relacionadas aos insetos polinizadores nos cursos técnicos e superiores | F11: 45292 | G11: 45809 | H11: André Rech (UFVJM) | I11: 0 | J11: Ponto focal NG4-Paula Calaça (FUNED); Maria Cristina Lorenzon (UFRRJ), Yasmine Antonini (UFOP) | K11: Em todo país | L11: Todos os NGs | P11: x | U11: Não iniciada | W11: Falta de recusos financeiros, Falta de tempo para me dedicar | X11: Andre Rodrigo Rech | Y11: Documento para encaminhar ao MEC com recomendação (Roberta), a inserção no currículo é difícil. A recomendação pode trazer materiais disponíveis para formação; Recomendação para as Universidades, IFs e conselhos de classe para inclusão da disciplina de ecologia da polinização para graduação e pós que tem mais flexibilidade para inclusão (André) | AD11: 45992
B12: 1.2 | C12: Produzir e divulgar materiais sobre o papel dos polinizadores silvestres na agricultura e sobre a importância da diversificação de cultivos e da transição agroecológica para a conservação de polinizadores e para a manutenção do serviço de polinização nos agroecossistemas | D12: Manual de boas práticas agroecológicas e produção orgânica associadas a conservação de polinizadores; Materiais educativos, metodologias e conhecimentos disponibilizados para as instituições e órgãos de ATER | E12: Maior disponibilização de informações que propiciem a conservação de polinizadores e o serviço de polinização na agricultura | F12: 44927 | G12: 45689 | H12: Kátia Braga (Embrapa Meio Ambiente) | I12: 70.000.00 | J12: Ana Luiza Bovoy (LERF-USP), Maria Cristina Lorenzon (UFRRJ), Mariella Uzêda (Embrapa Agrobiologia); Roberta Nocelli (UFSCar) | K12: Áreas estratégicas para a conservação das espécies-alvo do PAN; SP, MG, RJ | L12: Todos os NGs | M12: Levantar junto aos órgãos de Assistência Técnica e Extensão Rural (ATER) as demandas de metodologia, conhecimento e materiais para subsidiar ações de sensibilização e capacitação junto aos agricultores; Focar nas áreas prioritárias para conservação dos polinizadores (Priscilla); Auxilia a ação 1.3; incluir ação na execução do Planapo - Plano Nacional de Agroecologia e Produção Orgânica (Planapo), conhecido como Brasil Agroecológico | R12: x | U12: André - em andamento no período previsto | V12: Kátia - relatório sobre o levantamento das percepções e demandas de conhecimento de agricultores familiares sobre Polinizadores e sobre a Oficina realizada dando retorno quanto as percepções e aos conhecimento demandados | W12: Kátia - burocracia no uso dos recursos, comunicação e conhecimento ruim por parte do ICMBio sobre os processos para uso dos recursos | X12: Kátia Sampaio Malagoli Braga | Y12: Kátia - alterar a descrição do produto (tipo de produto) e ajustar o texto da própria ação pois está confuso; melhorar a comunicação com os articuladores e promover, de modo mais eficiente, a comunicação entre colaboradores e articulares, informando o que permanece no Plano e o que não. Recebi muitas informações erradas de membro do ICMBio e não fui informada com clareza dos processos envolvidos nos trâmites burocráticos para uso dos recursos do programa Pró-espécies! Isso acarretou grande estresse e problemas na execução das atividades programadas dentro da Ação 1.2, dentre outros desgastes com o público-alvo | AD12: 46082
B13: 1.3 | C13: Apoiar a assistência técnica para capacitar os agricultores para manutenção do serviço de polinização e diminuição do uso de agrotóxicos incluindo: manejo integrado de pragas e doenças, diversificação de cultivos e a transição agroecológica | D13: Projetos de qualificação, sensibilização e capacitação de agentes de ATER; Curso de capacitação para pequenos produtores; Divulgação sobre a adoção de técnicas alternativas ao uso de agrotóxicos nos empreendimentos produtivos de larga escala, especialmente naqueles dependentes de polinizadores | E13: Diminuição do uso de agrotóxicos e utilização de práticas amigáveis aos polinizadores | F13: 45139 | G13: 46539 | H13: José Luis (Emater/MG) | I13: 150.000.00 | J13: Ponto focal NG5-Silvia Pizzol; Osmar Mosca (CATI/APAER-SP), Carolina Matos (CATI-CDRS/SAA-SP), Ana Assad (Associação A.B.E.L.H.A.), Carlos Morais (EMATER-DF), Mariella Uzêda (Embrapa Agrobiologia) | K13: MG | L13: Todos os NGs | M13: Ver ação 1.2. Visar o aumento da rentabilidade; Colaborar com a elaboração da Política Nacional de Uso e Conservação dos Serviços de Polinização e dos Polinizadores; Capacitar também os técnicos das empresas de agrotóxicos, pois muitas vezes eles são os responsáveis pela assistência técnica aos chamados "produtores parceiros". APAER (Associação Paulista de Extensão Rural), faz parte da FASER (Federação Nacional dos Trabalhadores da Assistência Técnica, Extensão Rural e da Pesquisa do Setor Público Agrícola do Brasil) | Q13: x | U13: Carol - 600 agricultores em SP fazendo transição agroecológica com agentes de ATER; Política Estadual de Transição Agroecológica de SP é uma boa referência e pode ser ampliada; Linkar o material no documento do PAN | Y13: Converge com a ação 3.2 | AG13: Retirar Ana Assad
B14: 1.4 | C14: Incentivar estudos para proposição de zonas livres de agrotóxicos em áreas de ocorrência de insetos polinizadores ameaçados | D14: Projeto de pesquisas para definição de zonas de exclusão de agrotóxico; Editais e Chamadas para Pesquisa de zonas de exclusão de agrotóxico | E14: Redução dos impactos causados pelos agrotóxicos | F14: 45078 | G14: 45658 | H14: Onildo Marini (CBC/ICMBio) | I14: 90.000.00 | J14: Roberta Nocelli (UFSCar) | K14: Áreas estratégicas para a conservação das espécies-alvo do PAN; Mosaicos de Unidades de Conservação da Serra do Cipó, do Quadrilátero Ferrífero e do Alto Jequitinhonha - Serra do Cabral | L14: Todos os NGs | M14: Incluir no texto da PL 6670/2016 que institui a Política Nacional de Redução de Agrotóxicos (PNARA) (prevê a criação de zonas de uso restrito e zonas livres de agrotóxicos, sobretudo perto de moradias, escolas, recursos hídricos e áreas ambientalmente protegidas), as áreas de ocorrência de insetos polinizadores ameaçados ou buscar formas para que as áreas de ocorrência de insetos polinizadores ameaçados fossem incluídas na(s) legislação(ões) pertinentes, como áreas ambientalmente protegidas; focar esforços nas classes de agrotóxicos comprovadamente danosas aos insetos polinizadores, como neonicotinóides (imidaclopride, thiametoxan, clotianidina e pirazóis (fipronil) | Q14: x | U14: Dificuldades para obter dados e definir um método; Projeto aprovado para contratação de consultoria para subsidiar ações 1.7, 1.8 e 1.11; O produto dessas ações pode fornecer bases para mostrar que a ação 1.4 é necessária; Reunião com empresa GEOAPIS, segunda-feira (07/04) (verificar a aplicação para meliponicultores); Precisa haver um cuidado para não associar o PAN a algo que vá contra o escopo e objetivos do projeto (Leandro e Roberta); Ação política para incentivar o andamento | Y14: Detalhar quais são os problemas relacionados à ação; trocar ‘livre’ por ‘restrição’; documento que indique as áreas estratégicas que deveriam ser livres de agrotóxicos e os motivos | Z14: Incentivar estudos para proposição de zonas de uso restrito de agrotóxicos restrita em áreas de ocorrência de insetos polinizadores ameaçados | AA14: Projeto de pesquisas para definição de zonas de uso restrito de agrotóxico; Editais e Chamadas para Pesquisa de zonas de uso restrito de agrotóxicos | AD14: 46082
B15: 1.5 | C15: Propor e colaborar com a construção da Política Nacional de Uso e Conservação dos Serviços de Polinização e dos Polinizadores | D15: Proposta de projeto de lei com os dispositivos que foram feitos neste PAN; Workshop para discussão de PSA de polinização; Iniciativas oficiais direcionadas ao uso e conservação dos polinizadores (relatórios) | E15: Legislação de proteção aos polinizadores implementada | F15: 45292 | G15: 45809 | H15: Kayna Agostini (REBIPP; UFSCAR) | I15: 0 | J15: Ponto focal NG4-André Rech (UFVJM); Marcella Teixeira (MAPA), Carolina Matos (SAA-SP), Leandro Freitas (JBRJ), Ana Assad (Associação A.B.E.L.H.A.), José Eustáquio dos Santos Júnior (AMPLO/UFMG), Tereza Cristina Giannini (Instituto Tecnológico Vale), Ana Luiza Bovoy (LERF-USP), Juliana Hipólito (UFBA), Mariella Uzêda (Embrapa Agrobiologia); Silvana Back (SIMA-SP) | K15: Em todo país | L15: Todos os NGs | M15: Ação transversal; a proposta de criação de política pública também existe no âmbito da REBIPP | R15: x | U15: André - em andamento com dificuldade. | V15: Juliana - redação do decreto de proteção aos polinizados (aguardando encaminhamentos), ações de polinização no projeto polilac e estudos de populações a serem iniciados esse ano; Leandro - Minuta de política preparada e revisada pela REBIPP e enviada ao MMA. Necessidade de articulação MMA com MAPA para seguimento - cobrar do coordenador geral e Eliot uma articulação entre MMA e MAPA; Produto 2: contato com a Kayna (Workshop – aproveitar encontro do INPOL); Produto 3: precisamos de alguém para fazer o mapeamento das iniciativas nas outras esferas – levantamento finalizado pela Tati Rosa e vai dar início as análises (meliponinis) | W15: Falta de recusos financeiros, Falta de tempo para me dedicar, Dificuldades políticas | X15: Juliana Hipólito, Leandro Freitas | Y15: Juliana - estava aguardando a minha efetivação no INMA, agora que já estou fixa na instituição, posso colaborar em mais ações efetivamente | AA15: Proposta de projeto de lei com os dispositivos que foram feitos neste PAN; Workshop para discussão de PSA de polinização; Legislações e normativas direcionadas ao uso e conservação dos polinizadores (relatórios) | AD15: 46082 | AG15: Retirar Ana Assad
B16: 1.6 | C16: Incentivar estudos para proposição de parâmetros de toxicidade de metais pesados para polinizadores | D16: Relatórios com parâmetros de toxicidade de metais pesados para polinizadores definidos e encaminhados aos órgãos competentes | E16: Redução de substâncias tóxicas sobre os polinizadores | F16: 45139 | G16: 45474 | H16: Yasmine Antonini (UFOP) | I16: 0 | J16: José Eustáquio dos Santos Júnior (AMPLO/UFMG) | K16: Em todo país | L16: Todos os NGs | M16: https://br.boell.org/sites/default/files/agrotoxicos-no-brasil-mobile.pdf | P16: x | U16: Contato com Yasmini; refazer convite ao IBAMA para integrarem o PAN | AD16: 46082
B17: 1.7 | C17: Propor aos órgãos competentes um programa de monitoramento de resíduos de agrotóxicos em diferentes matrizes (solo, água, plantas) nas áreas de ocorrência das espécies focais do PAN | D17: Levantamento de laboratórios para análise nos estados; elaboração de método simples de análise em campo nos estados | E17: Programa de monitoramento implementado | F17: 44927 | G17: 45627 | H17: Roberta Nocelli (UFSCar) | I17: 0 | J17: José Eustáquio dos Santos Júnior (AMPLO/UFMG), Ana Assad (Associação A.B.E.L.H.A.), Andrigo Monroe Pereira (Eurofins), Roberto Araujo (CROPLIFE Brasil) | K17: Áreas estratégicas para a conservação das espécies-alvo do PAN | L17: Todos os NGs | M17: Colaborar com a elaboração da Política Nacional de Uso e Conservação dos Serviços de Polinização e dos Polinizadores | R17: x | U17: A ação está em andamento, mas atrasada em relação ao prazo proposto. Atuamente, está em elaboração um relatório com o levantamento de todos os laboratórios no Brasil que realizam análises de resíduos em diferentes matrizes iportantes para abelhas, suas localizações e viabilidade de execução. | W17: Falta de recusos financeiros, Falta de tempo para me dedicar | X17: Roberta Cornélio Ferreira Nocelli | Y17: Contratação de Pessoa Física aprovada pela DIBIO (ações 1.7, 1.8 e 1.11) | AD17: 45992 | AG17: Retirar Ana Assad
B18: 1.8 | C18: Articular com órgãos e instituições de fomento o estímulo a editais/fontes para pesquisas científicas no campo de avaliação de impacto dos agrotóxicos e outras substâncias tóxicas sobre as populações de insetos polinizadores alvos do PAN e os recursos por eles explorados | D18: Levantamento e divulgação de editais abertos para proteção de insetos polinizadores; Portifólio de produtos de controles biológicos e produtos menos tóxicos para controle da praga em questão | E18: Redução do impacto de agrotóxico sobre os insetos polinizadores | F18: 44958 | G18: 46539 | H18: Roberta Nocelli (UFSCar) | I18: 0 | J18: Pontos focais: NG3-Favízia Freitas de Oliveira (UFBA), NG4-André Rech (UFVJM), NG5-Leandro Freitas (JBRJ); Patricia Tavares (CPRH-PE), Ana Assad (Associação A.B.E.L.H.A.) | K18: Todos os NGs | L18: Todos os NGs | M18: Possíveis estudos a serem desenvolvidos: Lista dos produtos químicos mais agressivos para os insetos polinizadores para propor restrições nas áreas de ocorrência das espécies do PAN; Indicação das áreas de maior uso de agrotóxicos para propor restrições nas áreas de ocorrência das espécies do PAN; Articular o fomento a pesquisas para mapeamento da dinâmica da paisagem e do uso de agrotóxicos nas áreas de ocorrência dos insetos polinizadores alvo do PAN | R18: x | U18: Roberta - Em andamento no período previsto. Temos realizado reuniões com órgãos como IBAMA, alguns MPs que nos procuram para discurir casos de mortalidade, com a Secretaria de Agricultura e Abstecimento do Estado de São Paulo, discutindo e propondo formas de monitorar e minimizar os impactos dos agrotóxicos sobre os polinizadores; André - em andamento no período previsto. Patrícia - Foi reforçando e-mail para a FACEPE, órgão de fomento à pesquisa no Estado, mas não tive retorno. Incluímos a temática também em um convênio exclusivo com a FACEPE e a CPRH, mas ainda nos trâmites para a celebração. | W18: Falta de recusos financeiros, Falta de tempo para me dedicar | X18: Roberta Cornélio Ferreira Nocelli, Patricia Ferreira Tavares | Y18: Contratação de Pessoa Física aprovada pela DIBIO (ações 1.7, 1.8 e 1.11) | AG18: Retirar Ana Assad
B19: 1.9 | C19: Sistematizar as evidências de mortalidade de abelhas por agrotóxicos visando a proposição de ações de conservação | D19: Relatório com os efeitos dos agrotóxicos sobre os polinizadores | E19: Redução do uso de agrotóxicos | F19: 44927 | G19: 46054 | H19: Roberta Nocelli (UFSCar) | I19: 100.000.00 | J19: Ponto focal NG2-Favízia Freitas de Oliveira (UFBA); José Eustáquio dos Santos Júnior (AMPLO/UFMG), Alexandre Krob (Instituto Curicaca), Betina Blochtein (PUC-RS), Andrigo Monroe Pereira (Eurofins), Roberto Araujo (CROPLIFE Brasil), Carlos Morais (EMATER-DF) | K19: Em todo país | L19: Todos os NGs | M19: Produtos podem subsidiar a Política Nacional de Uso e Conservação dos Serviços de Polinização e dos Polinizadores; Compilação dos conhecimentos sobre o uso de medidas mitigadoras como o barreiramento efetivo para redução da deriva aérea de agrotóxicos (ver a lei estadual José Maria do Tomé - nº 16.820/19); Focar esforços nas classes de agrotóxicos comprovadamente danosas aos insetos polinizadores, como neonicotinóides (imidaclopride, thiametoxan, clotianidina e pirazóis (fipronil); Auxilia a ação 1.11; Subsídios para elaboração de normas para mitigação dos efeitos, a proibição ou a restrição da pulverização com agrotóxicos em áreas de interesse para a conservação e outras normas de restrição para produtos comprovados como danosos aos insetos polinizadores | R19: x | U19: Em andamento no período previsto. Atualmente, a plataforma Observatório das abelhas, sediada na EMBRAPA Meio Ambiente em Jagariúna e coordanda por Cristiano Menezes, iniciou as atividades de coleta de dados. | W19: Falta de recusos financeiros, Falta de tempo para me dedicar | X19: Roberta Cornélio Ferreira Nocelli | AG19: Incluir o Dr. Cristiano Menezes como articulador ou colaborador da ação 1.9
B20: 1.10 | C20: Avaliar as políticas atualmente existentes sobre polinizadores, serviço ecossistêmico de polinização e agrotóxicos | D20: Relatórios sobre a avaliação de eficácia das políticas existentes | F20: 44958 | G20: 45292 | H20: Ana Assad (Associação A.B.E.L.H.A.) | I20: 45.000.00 | J20: Roberta Nocelli (UFSCar) | K20: Em todo país | L20: Todos os NGs | M20: Análise de impacto regulatório ex post (OCDE); análise posterior; Manual da Casa Civil | Q20: x | Y20: Revisar o texto da ação e separar os serviços ecossistêmicos; Roberta pode levantar qual é a política de registro de agrotóxico por estado e se tem alguma diretriz para abelhas; Falta a parte de serviços ecossistêmicos e polinização - Encaminhar para Kayna e Carlos Joly (https://posbv.ib.unicamp.br/perfil-docentes/carlos+alfredo+joly/); https://www.ba.gov.br/meioambiente/587/pagamento-por-servicos-ambientais-psa#:~:text=O%20PSA%20%C3%A9%20um%20instrumento,Federal%20n%C2%B0%2014.119/2021 (Favízia) | AD20: 46082 | AE20: Retirar Ana Assad e colocar Onildo Marini provisoriamente
B21: 1.11 | C21: Subsidiar os órgãos competentes com informações obtidas a partir das ações de pesquisa que contribuam na delimitação das áreas prioritárias e produtos para fiscalização do uso de agrotóxicos | D21: Relatórios elaborados e encaminhados aos órgãos competentes | E21: Maior proteção aos insetos polinizadores | F21: 45352 | G21: 45689 | H21: Roberta Nocelli (UFSCar) | I21: 60.000.00 | J21: Pontos focais: NG3-Favízia Freitas de Oliveira (UFBA), NG5-Leandro Freitas (JBRJ); Maria Cristina Lorenzon (UFRRJ), Ana Assad (Associação A.B.E.L.H.A.), Priscilla Barbosa (CBC/ICMBio) | K21: Áreas estratégicas para a conservação das espécies-alvo do PAN | L21: Todos os NGs | M21: Articular com ação 1.4. Ver Ação 1.9; Observar que sejam atendidas as especificidades dos produtos conforme rótulo dos produtos, especialmente aquelas relacionadas ao tipo de lavoura, tipo de praga, período de aplicação (de preferência fora do período de floração da cultura), quantidade, horário e formas de aplicação | Q21: x | U21: Em andamento, com atraso. Estamos realizando um levantamento das aevidências científicas sobre os efeitos dos agrotóxicos sobre os polinizadores, principalmente sobre as espécies ameaçãdas de extinção e nas áreas prioritárias do PAN. Além disso, todos os artigos publicados pelo grupo de pesquisas ASAs e LECA tem sido encaminhados aos órgãos reguladores e tem subsidiado as reavaliações do IBAMA. | V21: Fábia - Análise, parecer e contribuição com PL 4592/2023 que dispões sobre a proibição de aplicação foliar do princípio ativo fipronil em todo território nacional do Deputado Federal Padre João; | W21: Falta de recusos financeiros, Falta de tempo para me dedicar | X21: Roberta Cornélio Ferreira Nocelli | Y21: Contratação de Pessoa Física aprovada pela DIBIO (ações 1.7, 1.8 e 1.11); A ação 1.11 vai se beneficiar dos produtos obtidos nas ações 1.7 e 1.8 | AD21: 45992 | AG21: Retirar Ana Assad
A22: 2. Promoção da conectividade, melhoria da qualidade e restauração dos habitats, visando o aumento de populações de polinizadores e sua diversidade genética | B22: 2.1 | C22: Promover ações de educação ambiental sobre a importância da conservação dos insetos polinizadores, destacando sua função social, ambiental e econômica | D22: Relatório de Atividades de sensibilização desenvolvidas pelas Instituições proponentes da atividade; Vídeos educomunicativos; Catálogo de Conscientização sobre a importância dos polinizadores e indicação de atividades individuais, do setor produtivo e dos agentes de estado; Atividades educativas realizadas em escolas e com agentes do setor produtivo, e à distância; Documento elaborado e divulgado a respeito dos efeitos dos agrotóxicos sobre os polinizadores para quem utiliza, comercializa, prescreve e para agentes de órgãos regulatórios, fiscalizadores e conselhos profissionais; Cartilha e outros materiais técnicos pedagógicos elaborado em conjunto com as Instituições de cada Bioma de cada estado | E22: População sensibilizada sobre a importância da conservação dos insetos polinizadores | F22: 44927 | G22: 46722 | H22: Alessandra Azevedo (SEMAS-PA) | I22: 230.000.00 | J22: Pontos focais: NG1-Marlúcia Martins (MPEG), NG4-Alexsander Azevedo (Instituto Biotrópicos), NG5-Cynira da Silva Gabriel (Consultora Independente), NG6-Kleber Del Claro (UFU); Gilson Miranda (Associação Caatinga), Aline Andrade (CEMAFAUNA/UNIVASF), Maria Cristina Vieira (Associação de RPPNs), Bruno Martins (IAT-PR), Nivia Pereira (IDEFLOR-Bio), Gustavo Feliciano (FF-SP), Carolina Matos (CATI-CDRS/SAA-SP), Alistair Campbell (Embrapa), Andressa Lima (JBRJ), Marianna Pinho (INEMA-BA), Augusto Ventura (FJPO-Campinas), Alexandre Krob (Instituto Curicaca), Amabílio Camargo (Embrapa Cerrados), Ana Claudia Silva (MPEG), Ana Luiza Bovoy (LERF-USP), Maíra Figueiredo Goulart (UFVJM), Ana Assad (Associação A.B.E.L.H.A.), Laura Braga (INMA), Eliana Fontes (Embrapa), Carlos Morais (EMATER-DF), Felipe Saldanha (ABPEducom), Amabílio Camargo (Embrapa Cerrados), Helena Maura Torezan Silingardi (UFU), Márcia Ribeiro (Embrapa Semiárido), Karina Schmidt Furieri (UFES), Cristiano Krepsky (FJPO), Maristela Zamoner (ICTBIO/Museu Botânico Municipal de Curitiba), Carmem Pires (Embrapa); Maria Cristina Gaglianone (UENF); Fabiana Oliveira da Silva (UFS) | K22: Áreas estratégicas para a conservação das espécies-alvo do PAN; PA; MG (municípios do planalto de Diamantina), Mosaico de Áreas Protegidas do Espinhaço: Alto Jequitinhonha-Serra do Cabral | L22: Todos os NGs | M22: Iniciativa Educação Ambiental; Campanhas por rádio (podcast) e redes sociais; Público alvo: produtores rurais e populações locais; considerar os PRADs e projetos de adequação ambiental das propriedades rurais; Trabalhar mídias gráficas com desenhos que facilitem a transmissão da mensagem; Catálogos digitais; campanhas no Dia mundial das abelhas; Projeto "Polinizadores do Brasil" produziu muitas informações, verificar o que pode ser divulgado; Considerar a necessidade de manter áreas livres de contaminantes nas áreas de ocorrência das espécies-alvo do PAN; Indicar o papel dos polinizadores e esclacecer sobre os estressores associados ao processo de ameaça às espécies; Discutir um canal de divulgação das leis num formato acessível e técnicas gerais, denúncias; Campanha de divulgação e integração de informações sobre práticas agroecológicas, enfatizando os benefícios da agricultura orgânica e de boas práticas agrícolas; Curso de educação ambiental, abordando a importância dos insetos polinizadores para a conservação ambiental e produção de alimentos; Campanha de reconhecimento do valor intrínseco dos polinizadores e da proteção dos serviços de polinização como um componente permanente do processo de produção agrícola; Divulgação de pesquisas sobre ganho de rendimento de culturas por insetos polinizadores na agricultura orgânica, de forma a viabilizar a produção e o consumo de seus produtos; Elaborar campanhas de informação sobre a fragilidade de restingas e manguezais e a importância desses ambientes para a qualidade de vida em cidades (NG3); Divulgação sobre a importância e o valor dos serviços ambientais associados aos insetos polinizadores e boas práticas de conservação (NG6); | R22: x | U22: Laura - Execução do projeto Alfabetização Ecológica nas Escolas Municipais de Ouro Preto, MG- Fundo Municipal de Meio Ambiente - divulgação científica a respeito da importância ecológica das borboletas e mariposas e corredores ecológicos. Divulgação científica sobre polinizadores em ações de popularização da ciência do INMA e nas escolas de Santa Teresa, ES; Livro Jardim para Polinizadores (Colocar no site do PAN); Listagem das publicações; Contato com a Yasmini; Reativar e reenviar Formulário Google para compilar iniciativas desenvolvidas de forma independente pelos colaboradores - incluir espaço para inserir o link da publicação | W22: Falta de tempo para me dedicar; verificar de que forma somar com as atividades de educação ambiental que estão sendo desenvolvidas em outras ações | X22: Alessandra de Azevedo Rodrigues da Silva, Laura Braga | AG22: Retirar Ana Assad e Amabílio Camargo; Alessanda - Inserir mais uma pessoa da SEMAS no PAN. Ela trabalha com criação de abelhas e entrou recentemente no setor de educação ambiental.
B23: 2.2 | C23: Realizar levantamentos da ocorrência das espécies-alvo nas áreas de distribuição potencial visando sanar lacunas geográficas (identificação de novas populações) e identificar seus habitats e plantas associadas | D23: Expedições de busca de populações remanescentes de espécies ameaçadas; Relatórios sobre as expedições; Incorporação de dados obtidos pelo PAN à rede SpLink e à base de dados do PAN; Modelagem de habitat das espécies alvo do PAN | E23: Projetos de pesquisa em desenvolvimento; catálogos com mapas de distribuição das espécies | F23: 44927 | G23: 45992 | H23: Onildo Marini (CBC/ICMBio) | I23: 1.000.000.00 | J23: Pontos focais: NG1-Marlúcia Martins (MPEG), NG4-Alexsander Azevedo (Instituto Biotrópicos), NG5-Cynira da Silva Gabriel (Consultora Independente), NG6-Kleber Del Claro (UFU); Gilson Miranda (Associação Caatinga), Aline Andrade (CEMAFAUNA/UNIVASF), Maria Cristina Vieira (Associação de RPPNs), Bruno Martins (IAT-PR), Nivia Pereira (IDEFLOR-Bio), Gustavo Feliciano (FF-SP), Carolina Matos (CATI-CDRS/SAA-SP), Alistair Campbell (Embrapa), Andressa Lima (JBRJ), Marianna Pinho (INEMA-BA), Augusto Ventura (FJPO-Campinas), Alexandre Krob (Instituto Curicaca), Amabílio Camargo (Embrapa Cerrados), Ana Claudia Silva (MPEG), Ana Luiza Bovoy (LERF-USP), Maíra Figueiredo Goulart (UFVJM), Ana Assad (Associação A.B.E.L.H.A.), Laura Braga (INMA), Eliana Fontes (Embrapa), Carlos Morais (EMATER-DF), Felipe Saldanha (ABPEducom), Amabílio Camargo (Embrapa Cerrados), Helena Maura Torezan Silingardi (UFU), Márcia Ribeiro (Embrapa Semiárido), Karina Schmidt Furieri (UFES), Cristiano Krepsky (FJPO), Maristela Zamoner (ICTBIO/Museu Botânico Municipal de Curitiba), Carmem Pires (Embrapa); Yasmine Antonini (UFOP), Cintia Lepesqueur (ICMBio/COPAN); Neuza Silva (ICMBio/CGCON) | K23: Áreas estratégicas para a conservação das espécies-alvo do PAN | L23: Todos os NGs | M23: Incorporação de dados obtidos pelo PAN à rede speciesLink (verificar interface API, https://api.splink.org.br) | R23: x | U23: Leandro - reunião com a REBIPP (produto 3); Patricia Tavares – ZEE de Pernambuco conta com camada de espécies ameaçadas (dados do Salve) | AD23: 46722 | AG23: Retirar Ana Assad e Amabílio Camargo
B24: 2.3 | C24: Estudar a dinâmica populacional, tamanho efetivo e genética de populações de espécies alvo do PAN visando a sua conservação | D24: Estudos de ecologia de populações de polinizadores nativos; Relatórios; Artigos | E24: Conhecimento das populações de polinizadores ameaçados | F24: 44927 | G24: 46539 | H24: José Eustáquio dos Santos Júnior (AMPLO/UFMG) | I24: 500.000.00 | J24: Fernando Dias (UEL), Aline Andrade (CEMAFAUNA/UNIVASF), Bruno Martins (IAT-PR), Andressa Lima (JBRJ) | K24: Áreas estratégicas para a conservação das espécies-alvo do PAN | L24: Todos os NGs | M24: Considerar UCs; incentivar estudos de história natural de lepidópteros para registros florais | R24: x | U24: Gilberto - expedições para Parides ascanius; Heldes - expedições para Melipona capixaba; Débora - expedições para Melipona rufiventris | V24: Expedição na Serra da Canastra para coleta de material genético da espécie Parides burchellanus | X24: Priscilla Barbosa
B25: 2.4 | C25: Identificar e mapear áreas estratégicas e monitorar a perda e alteração da qualidade de habitats para promoção da conectividade visando a manutenção de populações de insetos polinizadores | D25: Mapa com as áreas estratégicas para a conservação das espécies-alvo do PAN; Localização de áreas estratégicas para restauração ecológica objetivando a conservação das espécies alvo do PAN; Detalhamento dos mapeamentos existentes de áreas degradadas para priorização da restauração de habitats importantes para o aumento da conectividade da paisagem para as espécies de polinizadores; Relatório com as áreas importantes para monitoramento da perda e alteração da qualidade de habitats | E25: Incorporação das áreas priorizadas em políticas públicas para conservação das espécies do PAN | F25: 44927 | G25: 45261 | H25: Onildo Marini (CBC/ICMBio) | I25: 52.800.00 | J25: Aline Andrade (CEMAFAUNA/UNIVASF), Alexandre Krob (Instituto Curicaca), Kleber Del Claro (UFU), Milton Cesar Ribeiro (UNESP/Rio Claro), Fabiano Farah (Viveiro Bioflora), Marlúcia Martins (Aliança pela Restauração na Amazônia), Leandro Freitas (JBRJ;REBIPP;SPIN), Alexandre Sampaio (CBC/ICMBio), Rachel Prado (Embrapa), Julia Shimbo e Magaly Oliveira (MapBiomas) | K25: Áreas estratégicas para a conservação das espécies-alvo do PAN; região noroeste do RS; PA; PE; MG; SP | L25: Todos os NGs | M25: O mapa de áreas estratégicas deve ser revisado com alguma frequência (bianual), a fim de incorporar novos dados disponíveis no Salve ou nas bases de dados utilizadas nos modelos e refinar os resultados obtidos (Priscilla). Considerar levantamentos florísticos de espécies melitófilas e que sejam usadas para nidificação de polinizadores nativos; Verificar MapBiomas - uso da terra e MapBiomas - Alerta | R25: x | U25: Patricia - No aguardo de sinalização do articulador para encaminhamentos internos. Aline - revisão das áreas estratégicas para inclusão de Remanescentes de Caatinga; Inserção no Conecta Caatinga | W25: Falta de tempo para me dedicar | X25: Patricia Ferreira Tavares | Y25: Relatório: cruzar dados do mapa de áreas estratégicas com os dados do MapBiomas de perda e alteração de habitat | AD25: 46082
B26: 2.5 | C26: Propor a incorporação de estratégias para manutenção da conectividade de remanescentes de vegetação nativa nas paisagens agrícolas e urbanas no processo de licenciamento ambiental | D26: Proposta encaminhada aos órgãos competentes (CAR) | E26: Maior conectividade | F26: 45505 | G26: 45809 | H26: Onildo Marini (CBC/ICMBio) | I26: 0 | J26: Patrik de Oliveira Aprigio (FJPO), Marlúcia Martins (Aliança pela Restauração na Amazônia) | K26: Áreas estratégicas para a conservação das espécies-alvo do PAN; PA; SP | L26: Todos os NGs | P26: x | U26: Reforçar a importância da ação para o GT da ABEMA, a ação não andou mas vamos fazer um ofício para encaminhar a ação - podemos tratar na Oficina com a ABEMA | AD26: 45992
B27: 2.6 | C27: Propor aos órgãos competentes a adoção de medidas que possibilitem maior conectividade e diversidade de habitats para os polinizadores e a conservação de habitats nativos no licenciamento de novos empreendimentos agrícolas e na elaboração dos Zoneamentos Ecológicos Econômicos. | D27: Relatório com as áreas importantes para a manutenção da diversidade de habitats para os polinizadores alvo do PAN; Ofício encaminhado aos órgãos competentes | E27: Maior conectividade e qualidade de habitat | F27: 45352 | G27: 45627 | H27: Onildo Marini (CBC/ICMBio) | I27: 0 | J27: Marlúcia Martins (Aliança pela Restauração na Amazônia; MPEG), Mariella Uzêda (Embrapa Agrobiologia), Priscilla Barbosa (CBC/ICMBio) | K27: Áreas estratégicas para a conservação das espécies-alvo do PAN; PA; MA | L27: Todos os NGs | M27: Transversal; Essa ação depende dos produtos da 2.4; Produtos: Elaborar, articular e divulgar diretrizes para orientar o ZEE visando aumentar a conectividade entre áreas importantes para a conservação das espécies alvo; 1) Guia de Boas Práticas para planejamento territorial (orientações técnicas para o planejamento territoral; 2) Reuniões, adesões ao guia. Agrupar os produtos das ações 2.6, 2.14 e 3.3 e enviar ofício aos órgãos competentes. | R27: x | Y27: Oficina para trabalhar um documento contendo exigências, recomendações e medidas que possibilitem a maior conectividade de habitat que complemente a análise técnica (relatório previsto na ação 2.4 com recorde estadual para utilização nos ZEE) - Formulário para elencar essas colaborações Patricia Tavares - indicação de representantes de OEMAs (ABEMA) para compor a oficina e trabalhar nos documentos | AD27: 46082
B28: 2.7 | C28: Elaborar um programa de monitoramento populacional para espécies-alvo do PAN | D28: Programa de monitoramento elaborado (e.g. Nyceryx mielkei) | E28: Definição dos parâmetros populacionais das espécies alvo do PAN: distribuição, abundância, variação espaço/temporal nas áreas sugeridas para execução desta ação | F28: 44927 | G28: 46539 | H28: Onildo Marini (CBC/ICMBio) | I28: 1.200.000.00 | J28: Ponto focal NG2-Aline Andrade (CEMAFAUNA/UNIVASF); Fernando Dias (UEL), Fabiano Farah (Bioflora), Marlúcia Martins (MPEG) | K28: Áreas estratégicas para a conservação das espécies-alvo do PAN; NG2; Cerrado: sul do MA e sudoeste de MT. UCs: PN da Chapada das Mesas (MA), PN Iguaçú (PR), ESEC da Serra das Araras (MT); PA; PE; BA; PB; CE (Regiões do submédio São Francisco) | L28: Todos os NGs | M28: A questão da implementação deve ser reavaliada na primeira monitoria do PAN e sua forma (centralizada, descentralizada); Posteriormente, o monitoramento poderia ser realizado em áreas regeneradas | R28: x | U28: Proposta aprovada pela DIBIO para a realização de expedições a campo para ANSF, Parides burchellanus e Parides ascanius. As expedições tem como objetivo definir e testar um programa de monitoramento para as espécies-alvo | Y28: Articula com a ação 7.4
B29: 2.8 | C29: Desenvolver estudos para avaliar a necessidade de reintrodução nas áreas de ocupação de insetos polinizadores ameaçados | D29: Estudos realizados; Relatórios; Artigos publicados | F29: 45292 | G29: 45992 | H29: José Eustáquio dos Santos Júnior (AMPLO;UFMG) | I29: 100.000.00 | J29: Aline Andrade (CEMAFAUNA/UNIVASF) | K29: Áreas estratégicas para a conservação das espécies-alvo do PAN | L29: Todos os NGs | M29: IN. 05/2021/ - GABIN/ICMBio: Programas de Manejo Populacional de Espécies Ameaçadas da Fauna Brasileira; Melipona fuliginosa teve redução de extensão de ocorrência, com extinções locais em SP e MG, tornando-a uma potencial candidata a reintrodução nestes estados; | R29: x | U29: Helder Canto – estudo com a melípona capixaba (reintrodução), voltado para questões de manejo; Parides ascanius – projeto no RJ em andamento; Parides burchellanus IEF-MG/vale/ área brumadinho – sem possibilidade nem necessidade | Y29: Revisão do texto da ação? Seria reforço populacional | Z29: Desenvolver estudos para avaliar a necessidade de reforço populacional nas áreas de ocupação de insetos polinizadores ameaçados
B30: 2.9 | C30: Articular o fomento para restauração de habitats das espécies alvo e beneficiadas do PAN nas áreas identificadas como importantes para sua conservação | D30: Proposta de fomento para restauração encaminhada | E30: Mais recursos disponíveis para a conservação das espécies do PAN | F30: 45292 | G30: 46478 | H30: Ana Assad (Associação A.B.E.L.H.A.) | I30: 0 | J30: Maria Cristina Vieira (Associação de RPPNs), Cynira da Silva Gabriel (Consultora Independente), Carolina Matos (CATI-CDRS/SAA-SP), Desireé Silva e Alexandre Sampaio (CBC/ICMBio), Marlúcia Martins (Aliança pela Restauração na Amazônia; MPEG), Angela Podolsky e José Eduardo Testa (APAVIVA), SAA/DSMM, Patrícia Tavares (CPRH-PE) | K30: Áreas estratégicas para a conservação das espécies-alvo do PAN; PA; SP; MG; | L30: Todos os NGs | M30: Associar ao processo de licenciamento/ compensação ambiental; ver ações 2.25 e 2.26; Utilizar na restauração espécies que forneçam recursos para os polinizadores | R30: x | U30: O mapa das áreas estratégicas foi incluído como um dos critérios para proposição de mapa de áreas estratégicas para reflorestamento no estado, trabalho em elaboração pela SEMAS/PE em colaboração a CPRH, a partir da meta estadual de aumento de plantio no território. O documento está em fase de finalização. Patrícia - Todos os mapas das áreas estratégicas de todos os PANs com incidência em PE estão fazendo parte de uma camada em desenvolvimento para inclusão na Plataforma Ecológico-Econômica de Pernambuco, primeira versão lançada em 17/12/24, na qual consta uma gama de informações ambientais (incluindo a espacialização de espécies ameaçadas) que norteam principalmente o licenciamento, fiscalização, monitoramento ambiental e gestão de Unidades de Conservação. O aprimoramento do módulo espécies, com os dados da avaliação nacional e estadual e a inclusão da camada dos PANs estão em fase de finalização. link da plataforma: https://plataformaecope.cprh.pe.gov.br/ | V30: Inserido no Programa de Conversão de Multas Ambientais do ICMBio e do IBAMA e no banco de projetos do Fundo de Compensação Ambiental | W30: Falta de tempo para me dedicar | X30: Patricia Ferreira Tavares | Y30: Troca de articulador | AE30: Retirar Ana Assad e colocar Onildo Marini provisoriamente | AJ30: Como todos que participam desempenham também suas atividades nas suas respectivas funções laborais, com urgências diárias, ajudaria se tivemos uma rotina de acompanhamento com maior frequência, não ficando apenas para o momento das monitorias. Exemplo: uma rodada no Meet a cada três meses. Percebo isso em todos os PANs que faço parte. Estou à disposição para ajudar.
B31: 2.10 | C31: Adequar os protocolos de recuperação de ambientes visando a conservação das espécies alvo do PAN | D31: Recomendações aos protocolos de restauração considerando os insetos polinizadores | E31: Melhoria da qualidade dos fragmentos de vegetação existentes | F31: 44927 | G31: 45261 | H31: Desireé Silva (CBC/ICMBio) | I31: 20.000.00 | J31: Maria Cristina Vieira (Associação de RPPNs), Cynira da Silva Gabriel (Consultora Independente), Carolina Matos (CATI-CDRS/SAA-SP), Ana Luiza Bovoy (LERF-USP), Patrik de Oliveira Aprigio (FJPO), Onildo Marini (CBC/ICMBio), Hannah Farinasso (CBC/ICMBio), Alexandre Sampaio (CBC/ICMBio), Alline Figueira de Paula (JBRJ), Antonio José Camillo de Aguiar (UnB), Bruna Braz Braga (CBC/ICMBio), Daniel Luis Mascia Vieira (Embrapa Cenargen), Felipe Wanderley de Amorim (UNESP Botucatu), Helder Nagai Consolaro (UFCat), Helena Maura Torezan Silingardi (UFU), José Eustáquio dos Santos Júnior (UFMG/AMPLO), Juliana Baldan Costa Neves Araújo (GIZ/Embrapa), Katia Torres Ribeiro (CBC/ICMBio), Marcelo Kuhlmann Peres (GIZ/Embrapa Cerrados), Yasmin Barboza Ferreira (CBC/ICMBio) | K31: Áreas estratégicas para a conservação das espécies-alvo do PAN | L31: Todos os NGs | M31: Enriquecimento com espécies melitófilas/polinizadores e manejo do solo; ver Ação 2.12; Verificar diretrizes e o grupo que deve ser chamado; Avaliação da necessidade de manejo de habitat para a conservação adequada de solos, protegendo locais de nidificação de abelhas e plantas melitófilas | S31: x | U31: Ação concluída na Monitoria 1 | V31: 1) Calendário de floração <https://www.gov.br/icmbio/pt-br/assuntos/biodiversidade/pan/pan-insetos-polinizadores/1-ciclo/produtos/20240327-pan-insetos-polinizadores-acao-2-10-calendario-de-floracao-cbc.pdf> 2) Cartilha de Recomendações para Conservação dos Insetos Polinizadores na Restauração do Cerrado <https://www.gov.br/icmbio/pt-br/assuntos/biodiversidade/pan/pan-insetos-polinizadores/1-ciclo/produtos/20240327-pan-insetos-polinizadores-acao-2-10-recomendacoes-conservacao-insetos-polinizadores-na-restauracao-do-cerrado.pdf>
B32: 2.11 | C32: Articular a restauração de áreas degradadas propiciando o aumento da conectividade ambiental em áreas estratégicas para conservação das espécies alvo do PAN, considerando os cenários climáticos atuais e futuros | D32: Oficina para articulação de ações de restauração ecológica com órgãos financiadores, setor produtivo atuante na conservação, pontos focais dos Estados/Municípios identificados, ONGs, Sociedade Civil; Ações de restauração promovidas nas áreas estratégicas para a conservação das espécies-alvo do PAN | E32: Ações de restauração implementadas | F32: 44927 | G32: 46539 | H32: Aline Andrade (CEMAFAUNA/UNIVASF) | I32: 8.000.000.00 | J32: Pontos focais: NG5 e NG6-Carolina Matos (SAA-SP), NG1-Marlúcia Martins (Aliança para Restauração); Josy Zarur Matos (SEMA-RS), Alexandre Krob (Instituto Curicaca), Guilherme Faganello (Embira Ambiental), Eduarda Menezes (BOMA/UFRJ), Laís Santos de Assis (FJPO), Rosana Singer (JB-SEMA/RS), Ana Luiza Bovoy (LERF-USP), Luiz Fernando Duarte de Moraes (Embrapa Agrobiologia), Gudryan Barônio (UFVJM), Leonardo Vieira (IEF-MG), Ana Rovedder (UFSM), Ana Assad (Associação A.B.E.L.H.A.), Desireé Silva, Alexandre Sampaio (CBC/ICMBio) | K32: Áreas estratégicas para a conservação das espécies-alvo do PAN; PA; PE; BA; PB; CE (Regiões do submédio São Francisco); RJ; SP; MG; RS | L32: Todos os NGs | M32: Depende da ação 7.3; Ver Ações 2.4, 2.10, 2.12 e 3.3; Priorizar a utilização das espécies de flora nativa utilizadas pelos polinizadores; Colaborar com a elaboração da Política Nacional de Uso e Conservação dos Serviços de Polinização e dos Polinizadores; Incentivar práticas de restauração de ecossistemas que auxiliem na mitigação dos impactos causados pelas mudanças climáticas nos polinizadores e serviços ecossistêmicos associados (NG1, NG6); Considerar o PRA e os PRADAS ao longo do processo de adequação ambiental e o uso de espécies benéficas aos polinizadores | Q32: x | U32: PCMA do IBAMA para atuar nas áreas de conectividade – dados do Conecta Caatinga e ARCA (Aline); SP tem o Programa Nascentes (conversão de multas ambientais), usam lista de espécies benéficas para polinizadores nas ações de restauração (Carol Matos) (reunião com Juliana Ortega para inserção das AE do PAN) | Y32: Retirar “Cenários climáticos atuais e futuros” | Z32: Articular a restauração de áreas degradadas propiciando o aumento da conectividade ambiental em áreas estratégicas para conservação das espécies alvo do PAN | AG32: Retirar Ana Assad
B33: 2.12 | C33: Divulgar listas com as espécies nativas da flora associadas aos polinizadores e incentivar a produção destas espécies em viveiros, assim como a rede de coleta de sementes, para plantio nos projetos de restauração ecológica, formação de corredores ecológicos e uso em Sistemas Agroflorestais biodiversos | D33: Listas de espécies nativa da flora regionais recomendadas encaminhadas; Relatórios; Manuais digitais | E33: Melhoria da qualidade e restauração dos habitats; Viveiros produzindo espécies nativas; Espécies nativas sendo utilizadas em projeto de restauração ecológica, formação de corredores ecológicos e uso em sistemas agroflorestais biodiversos; | F33: 44927 | G33: 45717 | H33: Cynira da Silva Gabriel (Consultora Independente) | I33: 42.000.00 | J33: Thais de Faria e Sousa (IEF-MG), Rosana Singer (SEMA-RS), Kátia Braga (Embrapa Meio Ambiente), Laís Santos de Assis (FJPO), Fabiano Farah (Viveiro Bioflora), APAVIVA (Angela Podolsky e José Eduardo Testa), Ana Luiza Bovoy (LERF-USP), Marlúcia Martins (Aliança pela Restauração na Amazônia; MPEG), Carolina Matos (CATI-CDRS/SAA-SP) | K33: Áreas estratégicas para a conservação das espécies-alvo do PAN; NG5, NG6 | L33: Todos os NGs | M33: Ver Ação 2.10; Ver exemplo da listas de espécies regionais de SP, que permite filtros para seleção do mix de espécies mais adequado para a região; APAVIVA possui sistema de coleta de sementes a partir da matriz de FES Mata Ribeirão Cahoeira /Campinas/SP; Sistemas Agroflorestais biodiversos podem ser utilizados na Reserva Legal e na APP e que também são adotados em áreas comuns por agricultores familiares e que tem enorme potencial para manter a diversidade de polinizadores pela oferta diversificada de recursos ao longo do tempo; o plantio de muvuca de sementes também deve ser estimulado. | R33: x | U33: Lista de espécies nativas da flora associadas aos polinizadores da APA do Ibirapuitã está sendo elaborada no âmbito do projeto de conversão de multas - ação 2.25 (link com o Programa Nascentes de SP – Carol); Há boas ferramentas (web ambiente), porém limitadas (Onildo) – estamos tentando incluir na Compensação Ambiental; Projeto Reabitar nas Ucs da Ararinha Azul (Aline); André – artigos de todas as espécies de polinizadores ameaçados e as interações com a flora (vão retomar o trabalho); Fazer o repasse as OEMAs (Patrícia) | AD33: 46722
B34: 2.13 | C34: Ação excluída na Monitoria Anual 1. | T34: Excluída | U34: Ação excluída na Monitoria 1
B35: 2.14 | C35: Identificar áreas para aumento da conectividade em uma escala regional nas áreas de ocorrência de espécies ameaçadas para implementação de agregados de reservas legais | D35: Ofício encaminhado aos órgãos competentes com áreas identificadas | E35: Identificar áreas para aumentar conectividade de habitats | F35: 45352 | G35: 45689 | H35: Onildo Marini (CBC/ICMBio) | I35: 52.800.00 | J35: Maria Cristina Vieira (Associação de RPPNs), Cynira da Silva Gabriel (Consultora Independente), Alexandre Krob (Instituto Curicaca), Marlúcia Martins (Aliança pela Restauração na Amazônia; MPEG), Angela Podolsky e José Eduardo Testa (APAVIVA), Bárbara Barros (Fundação Biodiversitas), Julia Shimbo e Magaly Oliveira (MapBiomas), Priscilla Barbosa (CBC/ICMBio) | K35: Áreas estratégicas para a conservação das espécies-alvo do PAN; Região noroeste do RS; PA; MG; SP | L35: Todos os NGs | M35: Pode ser adotada por todos os NGs; relacionada a ação 2.4. Agrupar os produtos das ações 2.6, 2.14 e 3.3 e enviar ofício aos órgãos competentes. | P35: x | U35: Reforçar a importância da ação para o GT da ABEMA, a ação não andou mas vamos fazer um ofício para encaminhar a ação – podemos tratar na Oficina com a ABEMA | Y35: Trabalhar junto com a ação 2.5 na Oficina com a ABEMA | AD35: 45992
B36: 2.15 | C36: Articular para que no processo de validação dos cadastros ambientais rurais, seus passivos sejam implementados visando a recomposição da vegetação e aumento da conectividade de fragmentos através de APPs nas áreas estratégicas para a conservação das espécies-alvo do PAN | D36: Relatórios de reuniões, Atas | F36: 45352 | G36: 45689 | H36: Onildo Marini (CBC/ICMBio) | I36: 0 | J36: Pontos focais: NG1-Alessandra de Azevedo (SEMAS-PA), NG4-Thais de Faria e Sousa (IEF-MG), NG5-Carolina Matos (SAA-SP); Cynira Gabriel (Consultora Independente), Alexandre Krob (Instituto Curicaca), Marlúcia Martins (Aliança pela Restauração na Amazônia; MPEG) | K36: Áreas estratégicas para a conservação das espécies-alvo do PAN; Região noroeste do RS (fronteira com SC e Argentina); PA; MG; SP | L36: Todos os NGs | M36: Ver ações 2.4 e 2.14 ; Articular o cadastramento de Reserva Legal no CAR/PRA ou cadastros estaduais equivalentes; Ação semelhante sendo articulada no PAN Lagoas do Sul. | P36: x | U36: Reforçar a importância da ação para o GT da ABEMA, a ação não andou mas vamos fazer um ofício para encaminhar a ação – podemos tratar na Oficina com a ABEMA | Y36: Trabalhar junto com a ação 2.5 na Oficina com a ABEMA | AD36: 45992
B37: 2.16 | C37: Subsidiar a criação ou ampliação de UCs em áreas estratégicas para a manutenção de habitats naturais dos insetos polinizadores ameaçados de extinção | D37: Propostas de criação ou ampliação de UCs elaboradas e encaminhadas aos órgãos competentes | E37: UCs criadas ou ampliadas | F37: 45078 | G37: 46508 | H37: Onildo Marini (CBC/ICMBio) | I37: 200.000.00 | J37: Maria Cristina Vieira (Associação de RPPNs), Alexandre Krob (Instituto Curicaca), Rosinalva da Cunha dos Santos (IEF-MG), Marlúcia Martins (MPEG) | K37: Áreas estratégicas para a conservação das espécies-alvo do PAN; Cerrado: sul do MA e sudoeste de MT; PA; MG; Campos Sulinos | L37: Todos os NGs | M37: O produto da ação 2.4 é um subsídio importante para melhor definição e acurácia das ações de criação de UC; Foram apontadas UCs como prioridade para conclusão até 2026 e outras até 2030, portanto o resultado da ação pode passar o tempo previsto na matriz; Proposta para criação/ampliação de áreas protegidas utilizando como base a meta 11 de Aichi para os Campos Sulinos. | S37: x | U37: Ação concluída na Monitoria 1 | V37: Propostas de criação de Ucs apresentadas a COCUC e relatório
B38: 2.17 | C38: Estimular a criação ou ampliação de RPPNs para incluir os fragmentos onde ocorrem as populações de espécies-alvo protegendo áreas insubstituíveis ou integradas aos corredores ecológicos | D38: Propostas de criação e/ou ampliação de RPPNs elaboradas e encaminhadas aos órgãos competentes | E38: RPPNs criadas e/ou ampliadas | F38: 45078 | G38: 46508 | H38: Maria Cristina Vieira (Associação de RPPNs) | I38: 100.000.00 | J38: Marlúcia Martins (MPEG) | K38: Áreas estratégicas para a conservação das espécies-alvo do PAN; PA; MG | L38: Todos os NGs | P38: x | U38: Contato com Maria Cristina e Cynira
B39: 2.18 | C39: Identificar ações prioritárias do PAN e compor um cardápio para auxiliar as UCs na elaboração e revisão de Planos de Manejo, a fim de incluir medidas para conservação das espécies alvo do PAN. | D39: Cardápio de ações prioritárias do PAN distribuído para as UCs | E39: Planos de manejo implementados | F39: 44927 | G39: 45717 | H39: Rosinalva da Cunha dos Santos (IEF-MG) | I39: 0 | J39: Maria Cristina Vieira (Associação de RPPNs), APAVIVA (Angela Podolsky e José Eduardo Testa) | K39: Áreas estratégicas para a conservação das espécies-alvo do PAN; NG4 | L39: Todos os NGs | R39: x | U39: Triagem das ações do PAN que são importantes para a elaboração/revisão dos Planos de Manejo. | V39: Rosinalva - Memorando IEF/GCMUC - PESQUISA.nº 18/2024 | Y39: Conferir o produto, ajustar, encaminhar para as UCs e marcar como concluída. | AD39: 45809
B40: 2.19 | C40: Propor incentivos fiscais para empresas, propriedades rurais, produtores, associações e afins que executem ações de conservação de insetos polinizadores | D40: Proposta elaborada e encaminhada às instituições competentes | E40: Aumento no número de produtores que adotam ações de conservação de insetos polinizadores; conservação de ambiente favorável à manutenção dos insetos polinizadores; e maior contribuição dos insetos polinizadores nos serviços de polinização, melhorando a produtividade de lavouras | F40: 45717 | G40: 46357 | H40: Onildo Marini (CBC/ICMBio) | I40: 0 | J40: Ana Assad (Associação A.B.E.L.H.A.), Felipe Deodato da Silva e Silva (IFMT) | K40: União, Estados e Municípios | L40: Todos os NGs | M40: Relacionar à ação 4.4. Previsão de manter áreas de vegetação nativa; Posteriormente poderia englobar outros mecanismos de incentivo, como linhas de crédito especiais, etc, e também incluir ações de proteção; Exemplo: redução de ITR (Imposto sobre a Propriedade Territorial Rural)?; Posteriormente, propor a criação do mecanismo de benefícios fiscais (caso o legislativo se interesse, o PAN poderá colaborá com a criação); Apoiar elaboração de projetos de lei (estaduais e municipais) para implantação de política estadual ou municipal que gere benefícios fiscais para agroecologia e produção orgânica | P40: x | T40: Excluída | U40: Ação excluída por ser considerada fora da alçada dos articuladores, colaboradores e parceiros
B41: 2.20 | C41: Criar um selo de reconhecimento da adoção de práticas de proteção aos insetos polinizadores nativos | D41: Proposta elaborada e encaminhada às instituições competentes | E41: Agregar valor aos agricultores, empreendimentos e instituições, bem como aos seus produtos e serviços, pelo reconhecimento da adoção de práticas de proteção aos insetos polinizadores, demonstrando alinhamento institucional ao princípio da sustentabilidade | F41: 45717 | G41: 46357 | H41: Onildo Marini (CBC/ICMBio) | I41: 0 | J41: Ana Assad (Associação A.B.E.L.H.A.), Carolina Matos (CATI-CDRS/SAA-SP) | K41: Em todo o território nacional | L41: Todos os NGs | M41: Relacionar à ação 4.4. Colaborar com a elaboração da Política Nacional de Uso e Conservação dos Serviços de Polinização e dos Polinizadores; Incluir concessionárias/órgãos que gerenciam áreas urbanas, rodovias e ferrovias; Articular com o DNIT; Incluir capina química; | P41: x | Y41: Articular com a ação 4.4 - municípios amigos dos polinizadores | AG41: Retirar Ana Assad
B42: 2.21 | C42: Ação agrupada com a ação 4.3 na Monitoria Anual 1. | T42: Agrupada | U42: Ação agrupada com a ação 4.3 na Monitoria Anual 1
B43: 2.22 | C43: Articular junto ao MP e órgãos licenciadores a adoção de medidas para mitigação, prevenção e redução dos impactos dos empreendimentos nas áreas estratégicas para a conservação das espécies-alvo do PAN | D43: Banco de projetos de medidas para mitigação; Documento com orientações técnicas encaminhadas aos órgãos licenciadores; Relatório de articulação; ​Elaborar uma proposta nacional relacionada a ação 2.23 para apresentar ao CONAMA | F43: 45078 | G43: 46539 | H43: Marianna Pinho (INEMA-BA) | I43: 0 | J43: Patricia Tavares (CPRH-PE), Márcia Ribeiro (Embrapa Semiárido), Marina Beirão (UFMG) | K43: Áreas estratégicas para a conservação das espécies-alvo do PAN | L43: Todos os NGs | M43: Elaborar uma proposta nacional relacionada a ação 2.23 para apresentar ao CONAMA. Subsidiar com informações técnicas os órgãos licenciadores e gestores das unidades de conservação visando o estabelecimento de condicionantes, medidas mitigatórias e compensação ambiental que visem a proteção das espécies contempladas no PAN e seus habita; Considerar também os municípios e os órgãos licenciadores municipais; Obrigatoriedade de inventário e resgate de borboletas e abelhas nos processos de Licenciamento, criação de áreas de compensação para habitat de polinizadores no caso de grandes empreendimentos; https://quercus.pt/images/GuiaCidadesAmigasPolinizadores.pdf | R43: x | Y43: Ação 2.22 pode estar vinculada ao produto pensado na ação 2.6 - a ser trabalhado na oficina
